Workbook
Name diasuteis: #REF!
Name diasuteis: #REF!
Name Ferias: #REF!
Name Ferias: #REF!
Name RD: OFFSET(#REF!,(MATCH(SMALL(#REF!,ROW()-10),#REF!,0)-1),0)
Name RD: OFFSET(#REF!,(MATCH(SMALL(#REF!,ROW()-10),#REF!,0)-1),0)

Sheet REITORIA_SEMS
A1: PE 0637/2026 SRP - (SGPE DE ORIGEM: 41139.2025) | D1: OBJETO: Aquisição de Divisórias, Vidros, Cortinas e Similares para o CAMPUS I, CERES, CESFI, CEAVI da Universidade do Estado de Santa Catarina (UDESC) | K1: VIGÊNCIA DA ATA: 28/04/2026 a 28/04/2027 | U1: OS nº 891/2026 (Quantidade) | V1: OS nº 892/2026 (Quantidade) | W1: AF nº 1003/2026 (Quantidade) | X1: OS nº 1303/2026 (Quantidade) | Y1: AF/OS nº 1555/2026 (Quantidade) | Z1: AF nº 1982/2026 (Quantidade) | AA1: AF/OS nº xxxx/2026 (Quantidade) | AB1: AF/OS nº xxxx/2026 (Quantidade) | AC1: AF/OS nº xxxx/2026 (Quantidade) | AD1: AF/OS nº xxxx/2026 (Quantidade) | AE1: AF/OS nº xxxx/2026 (Quantidade) | AF1: AF/OS nº xxxx/2026 (Quantidade) | AG1: AF/OS nº xxxx/2026 (Quantidade) | AH1: AF/OS nº xxxx/2026 (Quantidade) | AI1: AF/OS nº xxxx/2026 (Quantidade) | AJ1: AF/OS nº xxxx/2026 (Quantidade) | AK1: AF/OS nº xxxx/2026 (Quantidade) | AL1: AF/OS nº xxxx/2026 (Quantidade)
A2: CENTRO PARTICIPANTE: REITORIA-SEMS | U2: GABRIEL | V2: DELDUQUE | W2: BELA CASA | X2: DELDUQUE | Y2: =B4 -> GABRIEL FAGUNDES ZAMPIRON LTDA, CNPJ: 25.136.411/0001-30 | Z2: =B4 -> GABRIEL FAGUNDES ZAMPIRON LTDA, CNPJ: 25.136.411/0001-30 | AA2: [EMPRESA] | AB2: [EMPRESA] | AC2: [EMPRESA] | AD2: [EMPRESA] | AE2: [EMPRESA] | AF2: [EMPRESA] | AG2: [EMPRESA] | AH2: [EMPRESA] | AI2: [EMPRESA] | AJ2: [EMPRESA] | AK2: [EMPRESA] | AL2: [EMPRESA]
A3: Lote | B3: Empresa | C3: Item | D3: Descrição | E3: Marca/Modelo | F3: Grupo-Classe | G3: Código NUC | H3: Unidade | I3: Detalhamento | J3: Preço UNITÁRIO | K3: Qtde Registrada | L3: Quantidade UTILIZADA da Ata | M3: Quantidade UTILIZADA TOTAL | N3: Quantidade Recebida/ Cedida | O3: QUANTIDADE DISPONÍVEL PARA ADITIVAR | P3: Quantidade Aditivada Própria | Q3: Quantidade Aditivos Recebidos | R3: Quantidade Aditivos Cedidos | S3: Saldo / Automático | T3: ALERTA | U3: 46174 | V3: 46174 | W3: 46196 | X3: 46232 | Y3: 46259 | Z3: 46297 | AA3: ...../...../2026 | AB3: ...../...../2026 | AC3: ...../...../2026 | AD3: ...../...../2026 | AE3: ...../...../2026 | AF3: ...../...../2026 | AG3: ...../...../2026 | AH3: ...../...../2026 | AI3: ...../...../2026 | AJ3: ...../...../2026 | AK3: ...../...../2026 | AL3: ...../...../2026
A4: 1 | B4: GABRIEL FAGUNDES ZAMPIRON LTDA, CNPJ: 25.136.411/0001-30 | C4: 1 | D4: Espelho cristal 4mm. Instalado. Com moldura em alumínio e compensado 6mm plastificado colado. Considerar retirada do vidro existente se houver. | E4: Cebrace | F4: 45-03 | G4: 03027-9-065 | H4: m² | I4: 339030.24 | J4: 150 | K4: 24 | L4: =IF(SUM(U4:AL4)>K4+N4,K4+N4,SUM(U4:AL4)) -> 2.33 | M4: =SUM(U4:AL4) -> 2.33 | N4: =0+0-0 -> 0 | O4: =ROUND(IF(K4*0.25-0.5<0,0,K4*0.25-0.5),0)-P4-R4 -> 6 | S4: =K4-(SUM(U4:AL4))+N4 -> 21.67 | T4: =IF(S4<0,"ATENÇÃO","OK") -> OK | Z4: 2.33
C5: 2 | D5: Vidro mini-boreal incolor, 3mm. Instalado. | E5: Cebrace | F5: 45-03 | G5: 03027-9-027 | H5: m² | I5: 339030.24 | J5: 70 | K5: 6 | L5: =IF(SUM(U5:AL5)>K5+N5,K5+N5,SUM(U5:AL5)) -> 6 | M5: =SUM(U5:AL5) -> 6 | N5: =0+0-0 -> 0 | O5: =ROUND(IF(K5*0.25-0.5<0,0,K5*0.25-0.5),0)-P5-R5 -> 1 | S5: =K5-(SUM(U5:AL5))+N5 -> 0 | T5: =IF(S5<0,"ATENÇÃO","OK") -> OK | Y5: 6
C6: 3 | D6: Fornecimento e instalação de vidro liso 3mm, incolor, incluindo massa/filete de espuma em ambas as faces, acabamento e retirada do vidro e massa anterior se houver. | E6: Cebrace | F6: 45-03 | G6: 03027-9-027 | H6: m² | I6: 339030.24 | J6: 90 | K6: 6 | L6: =IF(SUM(U6:AL6)>K6+N6,K6+N6,SUM(U6:AL6)) -> 0 | M6: =SUM(U6:AL6) -> 0 | N6: =0+0-0 -> 0 | O6: =ROUND(IF(K6*0.25-0.5<0,0,K6*0.25-0.5),0)-P6-R6 -> 1 | S6: =K6-(SUM(U6:AL6))+N6 -> 6 | T6: =IF(S6<0,"ATENÇÃO","OK") -> OK
C7: 4 | D7: Fornecimento e instalação de vidro liso 4mm, incolor, incluindo massa/filete de espuma em ambas as faces, acabamento e retirada do vidro e massa anterior se houver. | E7: Cebrace | F7: 45-03 | G7: 03027-9-065 | H7: m² | I7: 339030.24 | J7: 125 | K7: 120 | L7: =IF(SUM(U7:AL7)>K7+N7,K7+N7,SUM(U7:AL7)) -> 38 | M7: =SUM(U7:AL7) -> 38 | N7: =0+0-0 -> 0 | O7: =ROUND(IF(K7*0.25-0.5<0,0,K7*0.25-0.5),0)-P7-R7 -> 30 | S7: =K7-(SUM(U7:AL7))+N7 -> 82 | T7: =IF(S7<0,"ATENÇÃO","OK") -> OK | U7: 4.5 | Y7: 33.5
C8: 5 | D8: Fornecimento e instalação de vidro liso 5mm, incolor, incluindo massa/filete de espuma em ambas as faces, acabamento e retirada do vidro e massa anterior se houver. | E8: Cebrace | F8: 45-03 | G8: 03027-9-028 | H8: m² | I8: 339030.24 | J8: 100 | K8: 120 | L8: =IF(SUM(U8:AL8)>K8+N8,K8+N8,SUM(U8:AL8)) -> 28 | M8: =SUM(U8:AL8) -> 28 | N8: =0+0-0 -> 0 | O8: =ROUND(IF(K8*0.25-0.5<0,0,K8*0.25-0.5),0)-P8-R8 -> 30 | S8: =K8-(SUM(U8:AL8))+N8 -> 92 | T8: =IF(S8<0,"ATENÇÃO","OK") -> OK | U8: 28
A9: 2 | B9: DELDUQUE COMERCIO E SERVIÇOS LTDA ME, CNPJ: 07.082.650/0001-72 | C9: 6 | D9: Fornecimento de divisórias em painéis com espessura de 35mm, com miolo em colméia em kraft de alta gramatura e estrutura em aço galvanizado com pintura em epóxi-poliester pó. Colocação programada e cor do painel a escolher. Instalada. | E9: Eucatex | F9: 45-08 | G9: 03960-8-012 | H9: m² | I9: 339030.24 | J9: 93.99 | K9: 600 | L9: =IF(SUM(U9:AL9)>K9+N9,K9+N9,SUM(U9:AL9)) -> 266.9 | M9: =SUM(U9:AL9) -> 266.9 | N9: =0+0-0 -> 0 | O9: =ROUND(IF(K9*0.25-0.5<0,0,K9*0.25-0.5),0)-P9-R9 -> 150 | S9: =K9-(SUM(U9:AL9))+N9 -> 333.1 | T9: =IF(S9<0,"ATENÇÃO","OK") -> OK | V9: 67 | X9: 199.9
C10: 7 | D10: Fornecimento de divisórias em painéis com espessura de 35mm, com miolo em colméia em kraft de alta gramatura e estrutura em aço galvanizado com pintura em epóxi-poliester pó. Estrutura com Módulo de vidro de espessura mínima de 4mm (vidro incluido na cotação). Painel de divisórias e bandeira em vidro com altura a ser definido na AF, fazendo a estrutura ficar com "painel, vidro e painel" ou "painel e vidro". Colocação programada e cor a escolher. Instalado. | E10: Eucatex | F10: 45-08 | G10: 03960-8-012 | H10: m² | I10: 339030.24 | J10: 115 | K10: 360 | L10: =IF(SUM(U10:AL10)>K10+N10,K10+N10,SUM(U10:AL10)) -> 23.8 | M10: =SUM(U10:AL10) -> 23.8 | N10: =0+0-0 -> 0 | O10: =ROUND(IF(K10*0.25-0.5<0,0,K10*0.25-0.5),0)-P10-R10 -> 90 | S10: =K10-(SUM(U10:AL10))+N10 -> 336.2 | T10: =IF(S10<0,"ATENÇÃO","OK") -> OK | X10: 23.8
C11: 8 | D11: Porta de abrir eixo vertical, 90X210cm em painéis divisórias, cor a definir. Com miolo em colméia e estrutura em aço com pintura em epóxi na cor preta, bege ou branca, completa (com maçaneta tipo alavanca, chave e dobradiças). Compatíveis com as divisórias existentes. Instalada. | E11: Eucatex | F11: 45-08 | G11: 07626-0-001 | H11: peça | I11: 339030.24 | J11: 260 | K11: 24 | L11: =IF(SUM(U11:AL11)>K11+N11,K11+N11,SUM(U11:AL11)) -> 9 | M11: =SUM(U11:AL11) -> 9 | N11: =0+0-0 -> 0 | O11: =ROUND(IF(K11*0.25-0.5<0,0,K11*0.25-0.5),0)-P11-R11 -> 6 | S11: =K11-(SUM(U11:AL11))+N11 -> 15 | T11: =IF(S11<0,"ATENÇÃO","OK") -> OK | V11: 3 | X11: 6
C12: 9 | D12: Porta para divisórias em painéis de espessura 35mm, com miolo tipo colméia em kraft de alta gramatura, estrutura em aço galvanizado, com pintura epóxi-poliester pó. Colocação programada e cor a definir. Medidas da porta: 0,80x2,10m. Instalada. | E12: Eucatex | F12: 45-08 | G12: 07626-0-001 | H12: peça | I12: 339030.24 | J12: 250 | K12: 12 | L12: =IF(SUM(U12:AL12)>K12+N12,K12+N12,SUM(U12:AL12)) -> 3 | M12: =SUM(U12:AL12) -> 3 | N12: =0+0-0 -> 0 | O12: =ROUND(IF(K12*0.25-0.5<0,0,K12*0.25-0.5),0)-P12-R12 -> 3 | S12: =K12-(SUM(U12:AL12))+N12 -> 9 | T12: =IF(S12<0,"ATENÇÃO","OK") -> OK | V12: 3
C13: 10 | D13: Serviço de desmontagem de divisórias em painéis com espessura de 35mm, miolo em colméia, estrutura em aço ou alumínio. | E13: Própria | F13: 02-30 | G13: 50056-0-015 | H13: m² | I13: 339039.16 | J13: 8 | K13: 360 | L13: =IF(SUM(U13:AL13)>K13+N13,K13+N13,SUM(U13:AL13)) -> 118.1 | M13: =SUM(U13:AL13) -> 118.1 | N13: =0+0-0 -> 0 | O13: =ROUND(IF(K13*0.25-0.5<0,0,K13*0.25-0.5),0)-P13-R13 -> 90 | S13: =K13-(SUM(U13:AL13))+N13 -> 241.9 | T13: =IF(S13<0,"ATENÇÃO","OK") -> OK | V13: 9 | X13: 109.1
C14: 11 | D14: Serviço de montagem de divisórias em painéis com espessura de 35mm, miolo em colméia, estrutura em aço ou alumínio. | E14: Própria | F14: 02-30 | G14: 50056-0-016 | H14: m² | I14: 339039.16 | J14: 7 | K14: 360 | L14: =IF(SUM(U14:AL14)>K14+N14,K14+N14,SUM(U14:AL14)) -> 42.4 | M14: =SUM(U14:AL14) -> 42.4 | N14: =0+0-0 -> 0 | O14: =ROUND(IF(K14*0.25-0.5<0,0,K14*0.25-0.5),0)-P14-R14 -> 90 | S14: =K14-(SUM(U14:AL14))+N14 -> 317.6 | T14: =IF(S14<0,"ATENÇÃO","OK") -> OK | X14: 42.4
A15: 3 | B15: GEVAERD SERVICOS LTDA, CNPJ: 50.030.566/0001-34 | C15: 12 | D15: Película profissional refletiva para redução de temperatura e de incidência dos raios UV. Instalada. | E15: Própria | F15: 04-36 | G15: 50240-0-001 | H15: por serviço | I15: 449051.95 339030.24 | J15: 48.78 | K15: 1200 | L15: =IF(SUM(U15:AL15)>K15+N15,K15+N15,SUM(U15:AL15)) -> 0 | M15: =SUM(U15:AL15) -> 0 | N15: =0+0-0 -> 0 | O15: =ROUND(IF(K15*0.25-0.5<0,0,K15*0.25-0.5),0)-P15-R15 -> 300 | S15: =K15-(SUM(U15:AL15))+N15 -> 1200 | T15: =IF(S15<0,"ATENÇÃO","OK") -> OK
A16: 4 | B16: LOFTY FLEX PERSIANAS / (M. GIROLDO DECORA LTDA) - ME, CNPJ: 18.900.026/0001-51 | C16: 13 | D16: Persiana em rolo. Acionamento manual, com opção de montagem bilateral.; tipo tela solar, produzida em fibra de vidro e PVC antichama; atóxica; translúcida; fator de abertura de 5%; espessura mínima 0,5mm; largura máxima 2,0m; bloqueio mínimo de 90% de raios UV; lavável; com estabilidade dimensional (não estica ou deforma com as variações de temperatura). Com tubo enrolador e perfil inferior em alumínio; acionamento por corrente tipo standard com cordão de poliéster; enrolamento padrão (tecido recolhido por trás do tubo enrolador); cores preferenciais branca ou bege/off-white, ou cinza claro. O produto deverá ser instalado pelo fornecedor, sendo admitidos vãos (frestas) de até 4cm entre cortinas instaladas lado a lado. Garantia mínima 1 ano da cortina, sobre defeitos de fabricação ou vicio oculto. | E16: Própria | F16: 16-02 | G16: 12254-8-005 | H16: m² | I16: 339030.24 | J16: 102.5 | K16: 0 | L16: =IF(SUM(U16:AL16)>K16+N16,K16+N16,SUM(U16:AL16)) -> 0 | M16: =SUM(U16:AL16) -> 0 | N16: =0+0-0 -> 0 | O16: =ROUND(IF(K16*0.25-0.5<0,0,K16*0.25-0.5),0)-P16-R16 -> 0 | S16: =K16-(SUM(U16:AL16))+N16 -> 0 | T16: =IF(S16<0,"ATENÇÃO","OK") -> OK
C17: 14 | D17: Cortina ROLO BlackOut, tecido vinílico, pode ser enrolada ou desenrolada num tubo superior e desta forma pode ser recolhida totalmente. Dimensões aproximadas em 2m (L) x 1,60m (A). Instalação contratada por metro quadrado. O valor da confecção compreende o valor global do metro quadrado, incluindo mão de obra de instalação e os acessórios necessários. | E17: Própria | F17: 16-02 | G17: 12337-4-003 | H17: m² | I17: 339030.24 | J17: 102.5 | K17: 0 | L17: =IF(SUM(U17:AL17)>K17+N17,K17+N17,SUM(U17:AL17)) -> 0 | M17: =SUM(U17:AL17) -> 0 | N17: =0+0-0 -> 0 | O17: =ROUND(IF(K17*0.25-0.5<0,0,K17*0.25-0.5),0)-P17-R17 -> 0 | S17: =K17-(SUM(U17:AL17))+N17 -> 0 | T17: =IF(S17<0,"ATENÇÃO","OK") -> OK
A18: 5 | B18: BELA CASA CORTINAS LTDA, CNPJ: 10.140.785/0001-51 | C18: 15 | D18: Persiana vertical em tecido resinado RAMI natural com blackout em faixas de no mínimo 9cm, guias para abrir e fechar e mudança de posição (controle de entrada de luz) cor a definir, instalada. (para cálculos da cotação utilizar altura média de 1,60m). | E18: Franper | F18: 16-02 | G18: 12254-8-009 | H18: m² | I18: 339030.24 | J18: 105 | K18: 240 | L18: =IF(SUM(U18:AL18)>K18+N18,K18+N18,SUM(U18:AL18)) -> 72.9 | M18: =SUM(U18:AL18) -> 72.9 | N18: =0+0-0 -> 0 | O18: =ROUND(IF(K18*0.25-0.5<0,0,K18*0.25-0.5),0)-P18-R18 -> 60 | S18: =K18-(SUM(U18:AL18))+N18 -> 167.1 | T18: =IF(S18<0,"ATENÇÃO","OK") -> OK | W18: 72.9
C19: 16 | D19: Persiana vertical em tecido resinado RAMI natural - em faixas de no mín. 9 cm, guias para abrir e fechar e mudança de posição (controle a entrada de luz). Cor a definir. Instalada. (para cálculos da cotação utilizar altura média de 1,60m). | E19: Franper | F19: 16-02 | G19: 12254-8-004 | H19: m² | I19: 339030.24 | J19: 80 | K19: 240 | L19: =IF(SUM(U19:AL19)>K19+N19,K19+N19,SUM(U19:AL19)) -> 0 | M19: =SUM(U19:AL19) -> 0 | N19: =0+0-0 -> 0 | O19: =ROUND(IF(K19*0.25-0.5<0,0,K19*0.25-0.5),0)-P19-R19 -> 60 | S19: =K19-(SUM(U19:AL19))+N19 -> 240 | T19: =IF(S19<0,"ATENÇÃO","OK") -> OK
C20: 17 | D20: Persiana horizontal de alumínio com lâminas de 50mm, não-perfurada, que permita ser utilizada por meio de um cordão e haste. Completa, inclui todos os acessórios necessários para a sua instalação e funcionamento. Modelo de referência: Haste e Cordão/Luxaflex. instalada. | E20: Franper | F20: 16-02 | G20: 12254-8-004 | H20: m² | I20: 339030.24 | J20: 185 | K20: 120 | L20: =IF(SUM(U20:AL20)>K20+N20,K20+N20,SUM(U20:AL20)) -> 0 | M20: =SUM(U20:AL20) -> 0 | N20: =0+0-0 -> 0 | O20: =ROUND(IF(K20*0.25-0.5<0,0,K20*0.25-0.5),0)-P20-R20 -> 30 | S20: =K20-(SUM(U20:AL20))+N20 -> 120 | T20: =IF(S20<0,"ATENÇÃO","OK") -> OK
C21: 18 | D21: Persiana horizontal de alumínio com lâminas de 50mm, modelo blackout, sem furos, que permita ser utilizada por meio de um cordão e haste. Completa, inclui todos os acessórios necessários para a sua instalação e funcionamento. Modelo de referência: Haste e Cordão/Luxaflex. instalada. | E21: Franper | F21: 16-02 | G21: 12254-8-004 | H21: m² | I21: 339030.24 | J21: 185 | K21: 120 | L21: =IF(SUM(U21:AL21)>K21+N21,K21+N21,SUM(U21:AL21)) -> 0 | M21: =SUM(U21:AL21) -> 0 | N21: =0+0-0 -> 0 | O21: =ROUND(IF(K21*0.25-0.5<0,0,K21*0.25-0.5),0)-P21-R21 -> 30 | S21: =K21-(SUM(U21:AL21))+N21 -> 120 | T21: =IF(S21<0,"ATENÇÃO","OK") -> OK
A22: 6 | B22: TOK DE GLAMOUR COSMÉTICOS LTDA, CNPJ: 23.318.560/0001-94 | C22: 19 | D22: Cortina manual em tecido blackout 100%, lavável, com cor a definir, fornecimento e fixação de varão trilho suíço deslizante na parede ou teto, rodízios deslizantes instalados, contendo franzimento de 2 vezes a metragem. (Para medida do m² será considerado a área a ser coberta e não a metragem de tecido utilizada, para cálculos da cotação utilizar altura média de 1,80m). Instaladas | E22: Própria | F22: 16-02 | G22: 12337-4-012 | H22: m² | I22: 339030.24 | J22: 64.65 | K22: 0 | L22: =IF(SUM(U22:AL22)>K22+N22,K22+N22,SUM(U22:AL22)) -> 0 | M22: =SUM(U22:AL22) -> 0 | N22: =0+0-0 -> 0 | O22: =ROUND(IF(K22*0.25-0.5<0,0,K22*0.25-0.5),0)-P22-R22 -> 0 | S22: =K22-(SUM(U22:AL22))+N22 -> 0 | T22: =IF(S22<0,"ATENÇÃO","OK") -> OK
C23: 20 | D23: Cortina em tecido poliéster corta luz/blackout, ilhós, com 01 varão, instalada, em dimensões aproximadas em 2m(L) x 1,60m (A). Instalação contratada por metro quadrado com mão-de-obra. O valor da confecção compreende o valor global do metro quadrado, incluindo mão de obra de instalação e os acessórios/peças necessários. | E23: Própria | F23: 16-02 | G23: 12337-4-007 | H23: m² | I23: 339030.24 | J23: 64.65 | K23: 0 | L23: =IF(SUM(U23:AL23)>K23+N23,K23+N23,SUM(U23:AL23)) -> 0 | M23: =SUM(U23:AL23) -> 0 | N23: =0+0-0 -> 0 | O23: =ROUND(IF(K23*0.25-0.5<0,0,K23*0.25-0.5),0)-P23-R23 -> 0 | S23: =K23-(SUM(U23:AL23))+N23 -> 0 | T23: =IF(S23<0,"ATENÇÃO","OK") -> OK
C24: 21 | D24: Cortina com tecido Corta Luz/ Blackout liso, composição 100% poliéster lavável. Sistema “trilho suíço branco uma via”, ou superior. Cor a ser definida, com possibilidade de troca de cor, em comum acordo das partes – desde que não altere o valor do metro proposto. Dimensões aproximadas em 2m (L) x 1,60m (A). Instalação contratada por metro quadrado. O valor da confecção compreende o valor global do metro quadrado, incluindo mão de obra de instalação e os acessórios necessários (tecidos, trilhos necessários, fixadores, deslizantes, terminal, entre outros). | E24: Própria | F24: 16-02 | G24: 12337-4-007 | H24: m² | I24: 339030.24 | J24: 64.65 | K24: 0 | L24: =IF(SUM(U24:AL24)>K24+N24,K24+N24,SUM(U24:AL24)) -> 0 | M24: =SUM(U24:AL24) -> 0 | N24: =0+0-0 -> 0 | O24: =ROUND(IF(K24*0.25-0.5<0,0,K24*0.25-0.5),0)-P24-R24 -> 0 | S24: =K24-(SUM(U24:AL24))+N24 -> 0 | T24: =IF(S24<0,"ATENÇÃO","OK") -> OK
A25: 7 | B25: ESTRUTURAL OBRAS E SERVICOS LTDA, CNPJ: 64.170.650/0001-68 | C25: 22 | D25: Toldo em chapa de policarbonato, curvo, para fixar em parede, cor cristal, em dimensões aproximadas de 70 cm x 120 cm, com no mínimo 4mm de espessura. Material de fixação em alumínio e plástico de engenharia. Composto por suportes e o toldo. Entrega em Florianópolis/SC, não necessita instalação. | E25: Própria | F25: 48-05 | G25: 3184-4-011 | H25: peça | I25: 449052.42 | J25: 526.31 | K25: 0 | L25: =IF(SUM(U25:AL25)>K25+N25,K25+N25,SUM(U25:AL25)) -> 0 | M25: =SUM(U25:AL25) -> 0 | N25: =0+0-0 -> 0 | O25: =ROUND(IF(K25*0.25-0.5<0,0,K25*0.25-0.5),0)-P25-R25 -> 0 | S25: =K25-(SUM(U25:AL25))+N25 -> 0 | T25: =IF(S25<0,"ATENÇÃO","OK") -> OK
A26: 8 | B26: ELFORT IMPORTAÇÃO E DISTRIBUICAO DE PRODUTOS LTDA EPP, CNPJ: 09.213.849/0001-18 | C26: 23 | D26: Piso laminado vinílico, placas decorativas com estampagem digital de madeira com capa de uso de 0,5mm (modelo a definir); placas de aproximadamente 228x1830mm; espessura de 3mm a 5mm; resistente a abrasão e químicos classe T; resistente a uso interno e a cadeiras com rodízio; alta durabilidade; certificado da norma brasileira NBR 8660-classe2A; garantia mínima de 15 anos; com acessórios e serviço de instalação; regularização de contrapiso e acabamento inclusos; densidade ótica de fumaça (toxidade em caso de incêndio) menor que 450dm (norma ASTME 662); absorção de som ao impacto norma ASTME 989-06 = 10 decibéis; identação residual igual ou menor a 0,1mm; estabilidade dimensional EN 434 igual ou menor que 0,13mm. INSTALADO. cor a escolher | E26: Eucaflor | F26: 45-04 | G26: 33367002 | H26: m² | I26: 3336733 | J26: 166.67 | K26: 0 | L26: =IF(SUM(U26:AL26)>K26+N26,K26+N26,SUM(U26:AL26)) -> 0 | M26: =SUM(U26:AL26) -> 0 | N26: =0+0-0 -> 0 | O26: =ROUND(IF(K26*0.25-0.5<0,0,K26*0.25-0.5),0)-P26-R26 -> 0 | S26: =K26-(SUM(U26:AL26))+N26 -> 0 | T26: =IF(S26<0,"ATENÇÃO","OK") -> OK
C27: 24 | D27: Rodapé De Poliestireno 10cm De Altura Liso, instalado cor a escolher | E27: Eucaflor | F27: 45-04 | G27: 50422-3-390 | H27: m² | I27: 339030.24 | J27: 19.83 | K27: 0 | L27: =IF(SUM(U27:AL27)>K27+N27,K27+N27,SUM(U27:AL27)) -> 0 | M27: =SUM(U27:AL27) -> 0 | N27: =0+0-0 -> 0 | O27: =ROUND(IF(K27*0.25-0.5<0,0,K27*0.25-0.5),0)-P27-R27 -> 0 | S27: =K27-(SUM(U27:AL27))+N27 -> 0 | T27: =IF(S27<0,"ATENÇÃO","OK") -> OK
A28: 9 | B28: GEVAERD SERVICOS LTDA, CNPJ: 50.030.566/0001-34 | C28: 25 | D28: Kit de porta de madeira para pintura, semi-oca (leve ou média), padrão popular, 90x210cm, espessura de 3,5cm, itens inclusos: dobradiças, montagem e instalação do batente, fechadura com execução do furo - fornecimento e instalação | E28: Própria | F28: 02-48 | G28: 50073-0-006 | H28: unidade | I28: 339036.21 | J28: 1150 | K28: 0 | L28: =IF(SUM(U28:AL28)>K28+N28,K28+N28,SUM(U28:AL28)) -> 0 | M28: =SUM(U28:AL28) -> 0 | N28: =0+0-0 -> 0 | O28: =ROUND(IF(K28*0.25-0.5<0,0,K28*0.25-0.5),0)-P28-R28 -> 0 | S28: =K28-(SUM(U28:AL28))+N28 -> 0 | T28: =IF(S28<0,"ATENÇÃO","OK") -> OK
A29: 10 | B29: ESTRUTURAL OBRAS E SERVICOS LTDA, CNPJ: 64.170.650/0001-68 | C29: 26 | D29: Porta em alumínio de abrir tipo veneziana com guarnição, fixação com parafusos fornecimento e instalação. | E29: Própria | F29: 02-48 | G29: 10684-4-003 | H29: m² | I29: 339030.24 | J29: 550 | K29: 0 | L29: =IF(SUM(U29:AL29)>K29+N29,K29+N29,SUM(U29:AL29)) -> 0 | M29: =SUM(U29:AL29) -> 0 | N29: =0+0-0 -> 0 | O29: =ROUND(IF(K29*0.25-0.5<0,0,K29*0.25-0.5),0)-P29-R29 -> 0 | S29: =K29-(SUM(U29:AL29))+N29 -> 0 | T29: =IF(S29<0,"ATENÇÃO","OK") -> OK
C30: 27 | D30: Janela em alumínio, cor N/P/B, tipo moldura-vidro, de correr, exclusive vidro. Instalado | E30: Própria | F30: 45-06 | G30: 00320-4-025 | H30: m² | I30: 339030.24 | J30: 376.66 | K30: 0 | L30: =IF(SUM(U30:AL30)>K30+N30,K30+N30,SUM(U30:AL30)) -> 0 | M30: =SUM(U30:AL30) -> 0 | N30: =0+0-0 -> 0 | O30: =ROUND(IF(K30*0.25-0.5<0,0,K30*0.25-0.5),0)-P30-R30 -> 0 | S30: =K30-(SUM(U30:AL30))+N30 -> 0 | T30: =IF(S30<0,"ATENÇÃO","OK") -> OK
C31: 28 | D31: Janela em alumínio, cor N/P/B, tipo moldura-vidro, max-ar, exclusive vidro. Instalado | E31: Própria | F31: 45-06 | G31: 00320-4-025 | H31: m² | I31: 339030.24 | J31: 320 | K31: 0 | L31: =IF(SUM(U31:AL31)>K31+N31,K31+N31,SUM(U31:AL31)) -> 0 | M31: =SUM(U31:AL31) -> 0 | N31: =0+0-0 -> 0 | O31: =ROUND(IF(K31*0.25-0.5<0,0,K31*0.25-0.5),0)-P31-R31 -> 0 | S31: =K31-(SUM(U31:AL31))+N31 -> 0 | T31: =IF(S31<0,"ATENÇÃO","OK") -> OK
A32: 11 | B32: SLOW COFFEE BRASIL E PFD LTDA, CNPJ: 08.639.849/0001-11 | C32: 29 | D32: Linóleo para uso no solo de apresentações artísticas. Espessura mínima de 1mm e largura mínima de 1,40m | E32: LINÓLEO ECOLÓGICO | F32: 45-04 | G32: 03336-7-061 | H32: metro linear | I32: 339030.24 | J32: 37.51 | K32: 0 | L32: =IF(SUM(U32:AL32)>K32+N32,K32+N32,SUM(U32:AL32)) -> 0 | M32: =SUM(U32:AL32) -> 0 | N32: =0+0-0 -> 0 | O32: =ROUND(IF(K32*0.25-0.5<0,0,K32*0.25-0.5),0)-P32-R32 -> 0 | S32: =K32-(SUM(U32:AL32))+N32 -> 0 | T32: =IF(S32<0,"ATENÇÃO","OK") -> OK
C33: 30 | D33: Fita para aplicação de Linóleo, PVC aderência e resistência, não deixa resíduo de cola na superfície. 50mm largura X 30 Mt. | E33: LINÓLEO ECOLÓGICO | F33: 45-04 | G33: 03336-7-061 | H33: peça | I33: 339030.24 | J33: 17.67 | K33: 0 | L33: =IF(SUM(U33:AL33)>K33+N33,K33+N33,SUM(U33:AL33)) -> 0 | M33: =SUM(U33:AL33) -> 0 | N33: =0+0-0 -> 0 | O33: =ROUND(IF(K33*0.25-0.5<0,0,K33*0.25-0.5),0)-P33-R33 -> 0 | S33: =K33-(SUM(U33:AL33))+N33 -> 0 | T33: =IF(S33<0,"ATENÇÃO","OK") -> OK
A34: 12 | B34: TROPICAL MOVEIS E FERRAGENS LTDA, CNPJ: 40.898.065/0001-10 | C34: 31 | D34: Tábua para deck em pinus tratado (autoclave) com nó de 3 X 9 X 300cm. Tratamento pelos métodos de Preservação determinados pela Norma NBR 7190, da ABNT, com classe de risco CR4, sob vácuo e pressão em Autoclave. | E34: Zenóbio | F34: 45-02 | G34: 03746-0-004 | H34: peça | I34: 339030.24 | J34: 25.9 | K34: 0 | L34: =IF(SUM(U34:AL34)>K34+N34,K34+N34,SUM(U34:AL34)) -> 0 | M34: =SUM(U34:AL34) -> 0 | N34: =0+0-0 -> 0 | O34: =ROUND(IF(K34*0.25-0.5<0,0,K34*0.25-0.5),0)-P34-R34 -> 0 | S34: =K34-(SUM(U34:AL34))+N34 -> 0 | T34: =IF(S34<0,"ATENÇÃO","OK") -> OK
A35: 13 | B35: DELDUQUE COMERCIO E SERVIÇOS LTDA ME, CNPJ: 07.082.650/0001-72 | C35: 32 | D35: Divisória acústica com paredes de gesso acartonado, drywall, em estrutura metálica e revestida internamente com fibra de lã de rocha para isolamento acústico, com rodapé e rodateto em perfil de alumínio revestido nas faces com vedante de espuma de PVC autocolante. Faces duplas de chapas ST de 12,5mm, estrutura dupla e montantes a cada 60cm. Espessura total da parede ente 100mm e 180mm (conforme necessidade). Remover a anterior e instalar a nova. Incluir todos os acessórios necessários a sua instalação e pintura. Marca de referência: Placocenter. Instalada. | E35: Knaulf | F35: 45-08 | G35: 03960-8-047 | H35: m² | I35: 339030.24 | J35: 127.5 | K35: 0 | L35: =IF(SUM(U35:AL35)>K35+N35,K35+N35,SUM(U35:AL35)) -> 0 | M35: =SUM(U35:AL35) -> 0 | N35: =0+0-0 -> 0 | O35: =ROUND(IF(K35*0.25-0.5<0,0,K35*0.25-0.5),0)-P35-R35 -> 0 | S35: =K35-(SUM(U35:AL35))+N35 -> 0 | T35: =IF(S35<0,"ATENÇÃO","OK") -> OK
C36: 33 | D36: Divisória acústica com paredes de gesso acartonado, drywall, em estrutura metálica e revestida internamente com fibra de lã de rocha para isolamento acústico, com rodapé e rodateto em perfil de alumínio revestido nas faces com vedante de espuma de PVC autocolante. Faces duplas de chapas ST de 12,5mm, estrutura dupla e montantes a cada 60cm. Espessura total da parede ente 100mm e 180mm (conforme necessidade). Com vidros duplos de 6mm, temperados, com estrutura periférica em alumínio que permita a montagem de persianas em seu interior. Os vidros deverão ser apoiados em batentes de PVC para evitar vibrações. Incluir todos os acessórios necessários a sua instalação e pintura. Marca de referência: Placocenter. Instalada. | E36: Knaulf | F36: 45-08 | G36: 03960-8-047 | H36: m² | I36: 339030.24 | J36: 131 | K36: 0 | L36: =IF(SUM(U36:AL36)>K36+N36,K36+N36,SUM(U36:AL36)) -> 0 | M36: =SUM(U36:AL36) -> 0 | N36: =0+0-0 -> 0 | O36: =ROUND(IF(K36*0.25-0.5<0,0,K36*0.25-0.5),0)-P36-R36 -> 0 | S36: =K36-(SUM(U36:AL36))+N36 -> 0 | T36: =IF(S36<0,"ATENÇÃO","OK") -> OK
C37: 34 | D37: Porta acústica em madeira 0,90 x 2,10, espessura 80mm com visor em vidro duplo de 25 x25 cm. Para parede drywall, instalada. | E37: JB | F37: 45-08 | G37: 00319-0-024 | H37: Peça | I37: 339030.24 | J37: 3800 | K37: 0 | L37: =IF(SUM(U37:AL37)>K37+N37,K37+N37,SUM(U37:AL37)) -> 0 | M37: =SUM(U37:AL37) -> 0 | N37: =0+0-0 -> 0 | O37: =ROUND(IF(K37*0.25-0.5<0,0,K37*0.25-0.5),0)-P37-R37 -> 0 | S37: =K37-(SUM(U37:AL37))+N37 -> 0 | T37: =IF(S37<0,"ATENÇÃO","OK") -> OK
C38: 35 | D38: Porta de madeira angelim tipo pedra, semi-oca, lisa, para ser instalada em divisória acústica drywall e alvenaria. Porta com revestimento interno em lã de rocha. Tamanho 90cm X 2,10m, espessura da porta de no mínimo 3,5cm. Inclui forra, maçaneta, duas chaves e todos os acessórios necessários para a sua instalação. Cor natural, pronta para pintura. Instalada. | E38: JB | F38: 45-08 | G38: 00319-0-024 | H38: peça | I38: 339030.24 | J38: 650 | K38: 0 | L38: =IF(SUM(U38:AL38)>K38+N38,K38+N38,SUM(U38:AL38)) -> 0 | M38: =SUM(U38:AL38) -> 0 | N38: =0+0-0 -> 0 | O38: =ROUND(IF(K38*0.25-0.5<0,0,K38*0.25-0.5),0)-P38-R38 -> 0 | S38: =K38-(SUM(U38:AL38))+N38 -> 0 | T38: =IF(S38<0,"ATENÇÃO","OK") -> OK
A39: 14 | B39: GEVAERD SERVICOS LTDA, CNPJ: 50.030.566/0001-34 | C39: 36 | D39: Forro modular de fibra mineral AMF micro perfurado, medindo 625x625x15mm, com borda tegolar (rebaixada), instalado em estrutura com perfis de aço galvanizado em "T" invertido, pintado com tinta epóxi na cor branca ou cinza, com pendurais de arame galvanizado BWG 18. Remover o forro anterior e instalar o novo. Inclui todos os acessórios necessários para a sua instalação. Modelo de referência: Forrovid Boreal Isover. Instalado. | E39: Própria | F39: 45-02 | G39: 03541-6-008 | H39: metro | I39: 339030.24 | J39: 131.42 | K39: 0 | L39: =IF(SUM(U39:AL39)>K39+N39,K39+N39,SUM(U39:AL39)) -> 0 | M39: =SUM(U39:AL39) -> 0 | N39: =0+0-0 -> 0 | O39: =ROUND(IF(K39*0.25-0.5<0,0,K39*0.25-0.5),0)-P39-R39 -> 0 | S39: =K39-(SUM(U39:AL39))+N39 -> 0 | T39: =IF(S39<0,"ATENÇÃO","OK") -> OK
C40: 37 | D40: Remoção de forro, com destinação final dos resíduos. | E40: Própria | F40: 44-36 | G40: 50163-0-011 | H40: m² | I40: 339030.16 | J40: 7.68 | K40: 0 | L40: =IF(SUM(U40:AL40)>K40+N40,K40+N40,SUM(U40:AL40)) -> 0 | M40: =SUM(U40:AL40) -> 0 | N40: =0+0-0 -> 0 | O40: =ROUND(IF(K40*0.25-0.5<0,0,K40*0.25-0.5),0)-P40-R40 -> 0 | S40: =K40-(SUM(U40:AL40))+N40 -> 0 | T40: =IF(S40<0,"ATENÇÃO","OK") -> OK
A41: 15 | B41: GABRIEL FAGUNDES ZAMPIRON LTDA, CNPJ: 25.136.411/0001-30 | C41: 38 | D41: Divisória de vidro 10mm, junta seca. | E41: Cebrace | F41: 45-03 | G41: 03027-9-067 | H41: m² | I41: 339030.24 | J41: 220 | K41: 0 | L41: =IF(SUM(U41:AL41)>K41+N41,K41+N41,SUM(U41:AL41)) -> 0 | M41: =SUM(U41:AL41) -> 0 | N41: =0+0-0 -> 0 | O41: =ROUND(IF(K41*0.25-0.5<0,0,K41*0.25-0.5),0)-P41-R41 -> 0 | S41: =K41-(SUM(U41:AL41))+N41 -> 0 | T41: =IF(S41<0,"ATENÇÃO","OK") -> OK
C42: 39 | D42: Porta de vidro temperado incolor com espessura de 10mm, completa. porta pivotante. deverá ser entregue devidamente instalada, incluindo acessórios necessários: dobradiças, fechadura, cantoneira, maçaneta, ferragem superior e inferior, parafusos. | E42: Cebrace | F42: 45-02 | G42: 2803-7-020 | H42: m² | I42: 339030.24 | J42: 530 | K42: 0 | L42: =IF(SUM(U42:AL42)>K42+N42,K42+N42,SUM(U42:AL42)) -> 0 | M42: =SUM(U42:AL42) -> 0 | N42: =0+0-0 -> 0 | O42: =ROUND(IF(K42*0.25-0.5<0,0,K42*0.25-0.5),0)-P42-R42 -> 0 | S42: =K42-(SUM(U42:AL42))+N42 -> 0 | T42: =IF(S42<0,"ATENÇÃO","OK") -> OK
C43: 40 | D43: Porta de vidro temperado incolor com espessura de 10mm, completa, com uma ou duas folhas de correr. deverá ser entregue devidamente instalada, incluindo acessórios necessários: roldana, trilho superior e inferior, fechadura, capa, limitador, batente central e perfil central em alumínio, parafusos. | E43: Cebrace | F43: 45-02 | G43: 02803-7-017 | H43: peça | I43: 339030.24 | J43: 530 | K43: 0 | L43: =IF(SUM(U43:AL43)>K43+N43,K43+N43,SUM(U43:AL43)) -> 0 | M43: =SUM(U43:AL43) -> 0 | N43: =0+0-0 -> 0 | O43: =ROUND(IF(K43*0.25-0.5<0,0,K43*0.25-0.5),0)-P43-R43 -> 0 | S43: =K43-(SUM(U43:AL43))+N43 -> 0 | T43: =IF(S43<0,"ATENÇÃO","OK") -> OK
C44: 41 | D44: Mola hidráulica de piso para porta de vidro temperado. Instalada. | E44: Cebrace | F44: 45-06 | G44: 02804-5-006 | H44: peça | I44: 339030.24 | J44: 700 | K44: 0 | L44: =IF(SUM(U44:AL44)>K44+N44,K44+N44,SUM(U44:AL44)) -> 0 | M44: =SUM(U44:AL44) -> 0 | N44: =0+0-0 -> 0 | O44: =ROUND(IF(K44*0.25-0.5<0,0,K44*0.25-0.5),0)-P44-R44 -> 0 | S44: =K44-(SUM(U44:AL44))+N44 -> 0 | T44: =IF(S44<0,"ATENÇÃO","OK") -> OK
C45: 42 | D45: Mola hidraulica aérea para porta de vidro, instalada. | E45: Cebrace | F45: 45-06 | G45: 02804-5-006 | H45: peça | I45: 339030.24 | J45: 200 | K45: 0 | L45: =IF(SUM(U45:AL45)>K45+N45,K45+N45,SUM(U45:AL45)) -> 0 | M45: =SUM(U45:AL45) -> 0 | N45: =0+0-0 -> 0 | O45: =ROUND(IF(K45*0.25-0.5<0,0,K45*0.25-0.5),0)-P45-R45 -> 0 | S45: =K45-(SUM(U45:AL45))+N45 -> 0 | T45: =IF(S45<0,"ATENÇÃO","OK") -> OK
A46: 16 | B46: GEVAERD SERVICOS LTDA, CNPJ: 50.030.566/0001-34 | C46: 43 | D46: Parede Drywall 120/90/600 -1ST12,5/1ST12,5: Com 120mm de espessura é composta 1 placa ST12,5mm de cada lado, parafusadas em perfilados aço zincadas 90mm espaçados – acabamento com fita e massa - INSTALADO | E46: Própria | F46: 45-08 | G46: 3960-8-060 | H46: m² | I46: 339030.24 | J46: 121.83 | K46: 0 | L46: =IF(SUM(U46:AL46)>K46+N46,K46+N46,SUM(U46:AL46)) -> 0 | M46: =SUM(U46:AL46) -> 0 | N46: =0+0-0 -> 0 | O46: =ROUND(IF(K46*0.25-0.5<0,0,K46*0.25-0.5),0)-P46-R46 -> 0 | S46: =K46-(SUM(U46:AL46))+N46 -> 0 | T46: =IF(S46<0,"ATENÇÃO","OK") -> OK
C47: 44 | D47: Porta para parede DRYWALL 0,80x2,10 - COR A DEFINIR - INSTALADO | E47: Própria | F47: 45-06 | G47: 12093-6-021 | H47: peça | I47: 339030.24 | J47: 590 | K47: 0 | L47: =IF(SUM(U47:AL47)>K47+N47,K47+N47,SUM(U47:AL47)) -> 0 | M47: =SUM(U47:AL47) -> 0 | N47: =0+0-0 -> 0 | O47: =ROUND(IF(K47*0.25-0.5<0,0,K47*0.25-0.5),0)-P47-R47 -> 0 | S47: =K47-(SUM(U47:AL47))+N47 -> 0 | T47: =IF(S47<0,"ATENÇÃO","OK") -> OK
A48: 17 | B48: GBS VIDRAÇARIA E INSTALAÇÕES LTDA, CNPJ: 27.035.730/0001-84 | C48: 45 | D48: Chapa de Policarbonato Alveolar. Cor: Fumê - Espessura: 6 mm - Largura: 1050 mm - Comprimento: 6000 mm | E48: Própria | F48: 52-02 | G48: 00475-8-004 | H48: m² | I48: 339030.33 | J48: 321 | K48: 0 | L48: =IF(SUM(U48:AL48)>K48+N48,K48+N48,SUM(U48:AL48)) -> 0 | M48: =SUM(U48:AL48) -> 0 | N48: =0+0-0 -> 0 | O48: =ROUND(IF(K48*0.25-0.5<0,0,K48*0.25-0.5),0)-P48-R48 -> 0 | S48: =K48-(SUM(U48:AL48))+N48 -> 0 | T48: =IF(S48<0,"ATENÇÃO","OK") -> OK
A49: 18 | B49: GABRIEL FAGUNDES ZAMPIRON LTDA, CNPJ: 25.136.411/0001-30 | C49: 46 | D49: Pintura para interiores, sobre paredes, com lixamento, aplicação de 01 demão de líquido selador acrílico, 02 demãos de massa acrílica e 02 demãos de tinta acrílica convencional - Rev 01 | E49: Própria | F49: 44-36 | G49: 50164-0-010 | H49: unidade serviço | I49: 339030.16 339039.16 ou [MEI] 339039.07 | J49: 52.5 | K49: 0 | L49: =IF(SUM(U49:AL49)>K49+N49,K49+N49,SUM(U49:AL49)) -> 14 | M49: =SUM(U49:AL49) -> 14 | N49: =14 -> 14 | O49: =ROUND(IF(K49*0.25-0.5<0,0,K49*0.25-0.5),0)-P49-R49 -> 0 | S49: =K49-(SUM(U49:AL49))+N49 -> 0 | T49: =IF(S49<0,"ATENÇÃO","OK") -> OK | U49: 14
A50: 19 | B50: GEVAERD SERVICOS LTDA, CNPJ: 50.030.566/0001-34 | C50: 47 | D50: Fornecimento e instalação de placas de forro de fibra mineral, espessura de 15 mm, nas modulações 600x1200 mm e 600x600 mm, ref. hunter douglas, armstrong ou equivalente técnico | E50: Própria | F50: 45-01 | G50: 50422-3-389 | H50: m² | I50: 339030.24 | J50: 153.33 | K50: 0 | L50: =IF(SUM(U50:AL50)>K50+N50,K50+N50,SUM(U50:AL50)) -> 0 | M50: =SUM(U50:AL50) -> 0 | N50: =0+0-0 -> 0 | O50: =ROUND(IF(K50*0.25-0.5<0,0,K50*0.25-0.5),0)-P50-R50 -> 0 | S50: =K50-(SUM(U50:AL50))+N50 -> 0 | T50: =IF(S50<0,"ATENÇÃO","OK") -> OK
A51: 20 | B51: ESTRUTURAL OBRAS E SERVICOS LTDA, CNPJ: 64.170.650/0001-68 | C51: 48 | D51: Divisórias Piso-teto com 85mm de espessura sendo composta por painéis VIDRO ÚNICO. Vidros laminado de segurança 6mm cada face (3mm+PVB+3mm). Estrutura em alumínio PERFIL ANODIZADO COM PINTURA EPOXI GRAFITE. Guarnições de borracha para melhor atenuação acústica nas portas, painéis de vidros e perfis estrututais. Espaço interno de 50mm para instalação de cabeamentos. Painéis de saque frontal. Porta de giro, folha única, VIDRO DUPLO, com montantes em alumínio. Fechaduras e dobradiças em aço inox escovado. Instalado. | E51: Própria | F51: 45-08 | G51: 50422-3-180 | H51: m² | I51: 339030.24 | J51: 953.86 | K51: 0 | L51: =IF(SUM(U51:AL51)>K51+N51,K51+N51,SUM(U51:AL51)) -> 0 | M51: =SUM(U51:AL51) -> 0 | N51: =0+0-0 -> 0 | O51: =ROUND(IF(K51*0.25-0.5<0,0,K51*0.25-0.5),0)-P51-R51 -> 0 | S51: =K51-(SUM(U51:AL51))+N51 -> 0 | T51: =IF(S51<0,"ATENÇÃO","OK") -> OK
C52: 49 | D52: Divisórias Piso-teto com 85mm de espessura sendo composta por painéis VIDRO DUPLO. Vidros laminado de segurança 6mm cada face (3mm+PVB+3mm). Estrutura em alumínio PERFIL ANODIZADO COM PINTURA EPOXI GRAFITE. Guarnições de borracha para melhor atenuação acústica nas portas, painéis de vidros e perfis estrututais. Espaço interno de 50mm para instalação de cabeamentos. Painéis de saque frontal. Porta de giro, folha única, VIDRO DUPLO, com montantes em alumínio. Fechaduras e dobradiças em aço inox escovado. Instalado | E52: Própria | F52: 45-08 | G52: 50422-3-181 | H52: m² | I52: 33.90.30.24 | J52: 1290.84 | K52: 0 | L52: =IF(SUM(U52:AL52)>K52+N52,K52+N52,SUM(U52:AL52)) -> 0 | M52: =SUM(U52:AL52) -> 0 | N52: =0+0-0 -> 0 | O52: =ROUND(IF(K52*0.25-0.5<0,0,K52*0.25-0.5),0)-P52-R52 -> 0 | S52: =K52-(SUM(U52:AL52))+N52 -> 0 | T52: =IF(S52<0,"ATENÇÃO","OK") -> OK
K53: =SUM(K4:K52) -> 3912 | L53: =SUM(L4:L52) -> 624.43 | M53: =SUM(M4:M52) -> 624.43 | N53: =SUM(N4:N52) -> 14 | O53: =SUM(O4:O52) -> 977 | P53: =SUM(P4:P52) -> 0 | Q53: =SUM(Q4:Q52) -> 0 | R53: =SUM(R4:R52) -> 0 | S53: =SUM(S4:S52) -> 3301.57 | U53: =SUMPRODUCT($J$4:$J$52,U4:U52) -> 4097.5 | V53: =SUMPRODUCT($J$4:$J$52,V4:V52) -> 7899.33 | W53: =SUMPRODUCT($J$4:$J$52,W4:W52) -> 7654.5 | X53: =SUMPRODUCT($J$4:$J$52,X4:X52) -> 24255.201 | Y53: =SUMPRODUCT($J$4:$J$52,Y4:Y52) -> 4607.5 | Z53: =SUMPRODUCT($J$4:$J$52,Z4:Z52) -> 349.5 | AA53: =SUMPRODUCT($J$4:$J$52,AA4:AA52) -> 0 | AB53: =SUMPRODUCT($J$4:$J$52,AB4:AB52) -> 0 | ... AL53: =SUMPRODUCT($J$4:$J$52,AL4:AL52) -> 0
K54: =SUMPRODUCT($J$4:$J$52,K4:K52) -> 291330 | L54: =SUMPRODUCT($J$4:$J$52,L4:L52) -> 48863.531 | M54: =SUMPRODUCT($J$4:$J$52,M4:M52) -> 48863.531 | N54: =SUMPRODUCT($J$4:$J$52,N4:N52) -> 735 | O54: =SUMPRODUCT($J$4:$J$52,O4:O52) -> 72752.5 | P54: =SUMPRODUCT($J$4:$J$52,P4:P52) -> 0 | Q54: =SUMPRODUCT($J$4:$J$52,Q4:Q52) -> 0 | R54: =SUMPRODUCT($J$4:$J$52,R4:R52) -> 0
D55: OBS:
D56: Prazo de Entrega: 10 dias
D57: Prazo de Pagamento: 30 dias

Sheet REITORIA_BU
A1: PE 0637/2026 SRP - (SGPE DE ORIGEM: 41139.2025) | D1: OBJETO: Aquisição de Divisórias, Vidros, Cortinas e Similares para o CAMPUS I, CERES, CESFI, CEAVI da Universidade do Estado de Santa Catarina (UDESC) | K1: VIGÊNCIA DA ATA: 28/04/2026 a 28/04/2027 | U1: AF/OS nº 754/2026 (Quantidade) | V1: AF nº 769/2026 (Quantidade) | W1: OS nº 1331/2026 (Quantidade) | X1: OS nº 1332/2026 (Quantidade) | Y1: AF nº 1711/2026 (Quantidade) | Z1: AF/OS nº xxxx/2026 (Quantidade) | AA1: AF/OS nº xxxx/2026 (Quantidade) | AB1: AF/OS nº xxxx/2026 (Quantidade) | AC1: AF/OS nº xxxx/2026 (Quantidade) | AD1: AF/OS nº xxxx/2026 (Quantidade) | AE1: AF/OS nº xxxx/2026 (Quantidade) | AF1: AF/OS nº xxxx/2026 (Quantidade) | AG1: AF/OS nº xxxx/2026 (Quantidade) | AH1: AF/OS nº xxxx/2026 (Quantidade) | AI1: AF/OS nº xxxx/2026 (Quantidade) | AJ1: AF/OS nº xxxx/2026 (Quantidade) | AK1: AF/OS nº xxxx/2026 (Quantidade) | AL1: AF/OS nº xxxx/2026 (Quantidade)
A2: CENTRO PARTICIPANTE: REITORIA-BU | U2: BELA CASA | V2: DELDUQUE | W2: GABRIEL | X2: GEVAERD | Y2: =B18 -> BELA CASA CORTINAS LTDA, CNPJ: 10.140.785/0001-51 | Z2: [EMPRESA] | AA2: [EMPRESA] | AB2: [EMPRESA] | AC2: [EMPRESA] | AD2: [EMPRESA] | AE2: [EMPRESA] | AF2: [EMPRESA] | AG2: [EMPRESA] | AH2: [EMPRESA] | AI2: [EMPRESA] | AJ2: [EMPRESA] | AK2: [EMPRESA] | AL2: [EMPRESA]
A3: Lote | B3: Empresa | C3: Item | D3: Descrição | E3: Marca/Modelo | F3: Grupo-Classe | G3: Código NUC | H3: Unidade | I3: Detalhamento | J3: Preço UNITÁRIO | K3: Qtde Registrada | L3: Quantidade UTILIZADA da Ata | M3: Quantidade UTILIZADA TOTAL | N3: Quantidade Recebida/ Cedida | O3: QUANTIDADE DISPONÍVEL PARA ADITIVAR | P3: Quantidade Aditivada Própria | Q3: Quantidade Aditivos Recebidos | R3: Quantidade Aditivos Cedidos | S3: Saldo / Automático | T3: ALERTA | U3: 46155 | V3: 46157 | W3: 46238 | X3: 46238 | Y3: 46274 | Z3: ...../...../2031 | AA3: ...../...../2032 | AB3: ...../...../2033 | AC3: ...../...../2034 | AD3: ...../...../2035 | AE3: ...../...../2036 | AF3: ...../...../2037 | AG3: ...../...../2038 | AH3: ...../...../2039 | AI3: ...../...../2040 | AJ3: ...../...../2041 | AK3: ...../...../2042 | AL3: ...../...../2043
A4: 1 | B4: GABRIEL FAGUNDES ZAMPIRON LTDA, CNPJ: 25.136.411/0001-30 | C4: 1 | D4: Espelho cristal 4mm. Instalado. Com moldura em alumínio e compensado 6mm plastificado colado. Considerar retirada do vidro existente se houver. | E4: Cebrace | F4: 45-03 | G4: 03027-9-065 | H4: m² | I4: 339030.24 | J4: 150 | K4: 0 | L4: =IF(SUM(U4:AL4)>K4+N4,K4+N4,SUM(U4:AL4)) -> 0 | M4: =SUM(U4:AL4) -> 0 | N4: =0+0-0 -> 0 | O4: =ROUND(IF(K4*0.25-0.5<0,0,K4*0.25-0.5),0)-P4-R4 -> 0 | S4: =K4-(SUM(U4:AL4))+N4 -> 0 | T4: =IF(S4<0,"ATENÇÃO","OK") -> OK
C5: 2 | D5: Vidro mini-boreal incolor, 3mm. Instalado. | E5: Cebrace | F5: 45-03 | G5: 03027-9-027 | H5: m² | I5: 339030.24 | J5: 70 | K5: 0 | L5: =IF(SUM(U5:AL5)>K5+N5,K5+N5,SUM(U5:AL5)) -> 0 | M5: =SUM(U5:AL5) -> 0 | N5: =0+0-0 -> 0 | O5: =ROUND(IF(K5*0.25-0.5<0,0,K5*0.25-0.5),0)-P5-R5 -> 0 | S5: =K5-(SUM(U5:AL5))+N5 -> 0 | T5: =IF(S5<0,"ATENÇÃO","OK") -> OK
C6: 3 | D6: Fornecimento e instalação de vidro liso 3mm, incolor, incluindo massa/filete de espuma em ambas as faces, acabamento e retirada do vidro e massa anterior se houver. | E6: Cebrace | F6: 45-03 | G6: 03027-9-027 | H6: m² | I6: 339030.24 | J6: 90 | K6: 0 | L6: =IF(SUM(U6:AL6)>K6+N6,K6+N6,SUM(U6:AL6)) -> 0 | M6: =SUM(U6:AL6) -> 0 | N6: =0+0-0 -> 0 | O6: =ROUND(IF(K6*0.25-0.5<0,0,K6*0.25-0.5),0)-P6-R6 -> 0 | S6: =K6-(SUM(U6:AL6))+N6 -> 0 | T6: =IF(S6<0,"ATENÇÃO","OK") -> OK
C7: 4 | D7: Fornecimento e instalação de vidro liso 4mm, incolor, incluindo massa/filete de espuma em ambas as faces, acabamento e retirada do vidro e massa anterior se houver. | E7: Cebrace | F7: 45-03 | G7: 03027-9-065 | H7: m² | I7: 339030.24 | J7: 125 | K7: 0 | L7: =IF(SUM(U7:AL7)>K7+N7,K7+N7,SUM(U7:AL7)) -> 0 | M7: =SUM(U7:AL7) -> 0 | N7: =0+0-0 -> 0 | O7: =ROUND(IF(K7*0.25-0.5<0,0,K7*0.25-0.5),0)-P7-R7 -> 0 | S7: =K7-(SUM(U7:AL7))+N7 -> 0 | T7: =IF(S7<0,"ATENÇÃO","OK") -> OK
C8: 5 | D8: Fornecimento e instalação de vidro liso 5mm, incolor, incluindo massa/filete de espuma em ambas as faces, acabamento e retirada do vidro e massa anterior se houver. | E8: Cebrace | F8: 45-03 | G8: 03027-9-028 | H8: m² | I8: 339030.24 | J8: 100 | K8: 50 | L8: =IF(SUM(U8:AL8)>K8+N8,K8+N8,SUM(U8:AL8)) -> 50 | M8: =SUM(U8:AL8) -> 50 | N8: =0+0-0 -> 0 | O8: =ROUND(IF(K8*0.25-0.5<0,0,K8*0.25-0.5),0)-P8-R8 -> 12 | S8: =K8-(SUM(U8:AL8))+N8 -> 0 | T8: =IF(S8<0,"ATENÇÃO","OK") -> OK | W8: 50
A9: 2 | B9: DELDUQUE COMERCIO E SERVIÇOS LTDA ME, CNPJ: 07.082.650/0001-72 | C9: 6 | D9: Fornecimento de divisórias em painéis com espessura de 35mm, com miolo em colméia em kraft de alta gramatura e estrutura em aço galvanizado com pintura em epóxi-poliester pó. Colocação programada e cor do painel a escolher. Instalada. | E9: Eucatex | F9: 45-08 | G9: 03960-8-012 | H9: m² | I9: 339030.24 | J9: 93.99 | K9: 0 | L9: =IF(SUM(U9:AL9)>K9+N9,K9+N9,SUM(U9:AL9)) -> 0 | M9: =SUM(U9:AL9) -> 0 | N9: =0+0-0 -> 0 | O9: =ROUND(IF(K9*0.25-0.5<0,0,K9*0.25-0.5),0)-P9-R9 -> 0 | S9: =K9-(SUM(U9:AL9))+N9 -> 0 | T9: =IF(S9<0,"ATENÇÃO","OK") -> OK
C10: 7 | D10: Fornecimento de divisórias em painéis com espessura de 35mm, com miolo em colméia em kraft de alta gramatura e estrutura em aço galvanizado com pintura em epóxi-poliester pó. Estrutura com Módulo de vidro de espessura mínima de 4mm (vidro incluido na cotação). Painel de divisórias e bandeira em vidro com altura a ser definido na AF, fazendo a estrutura ficar com "painel, vidro e painel" ou "painel e vidro". Colocação programada e cor a escolher. Instalado. | E10: Eucatex | F10: 45-08 | G10: 03960-8-012 | H10: m² | I10: 339030.24 | J10: 115 | K10: 0 | L10: =IF(SUM(U10:AL10)>K10+N10,K10+N10,SUM(U10:AL10)) -> 0 | M10: =SUM(U10:AL10) -> 0 | N10: =0+0-0 -> 0 | O10: =ROUND(IF(K10*0.25-0.5<0,0,K10*0.25-0.5),0)-P10-R10 -> 0 | S10: =K10-(SUM(U10:AL10))+N10 -> 0 | T10: =IF(S10<0,"ATENÇÃO","OK") -> OK
C11: 8 | D11: Porta de abrir eixo vertical, 90X210cm em painéis divisórias, cor a definir. Com miolo em colméia e estrutura em aço com pintura em epóxi na cor preta, bege ou branca, completa (com maçaneta tipo alavanca, chave e dobradiças). Compatíveis com as divisórias existentes. Instalada. | E11: Eucatex | F11: 45-08 | G11: 07626-0-001 | H11: peça | I11: 339030.24 | J11: 260 | K11: 0 | L11: =IF(SUM(U11:AL11)>K11+N11,K11+N11,SUM(U11:AL11)) -> 0 | M11: =SUM(U11:AL11) -> 0 | N11: =0+0-0 -> 0 | O11: =ROUND(IF(K11*0.25-0.5<0,0,K11*0.25-0.5),0)-P11-R11 -> 0 | S11: =K11-(SUM(U11:AL11))+N11 -> 0 | T11: =IF(S11<0,"ATENÇÃO","OK") -> OK
C12: 9 | D12: Porta para divisórias em painéis de espessura 35mm, com miolo tipo colméia em kraft de alta gramatura, estrutura em aço galvanizado, com pintura epóxi-poliester pó. Colocação programada e cor a definir. Medidas da porta: 0,80x2,10m. Instalada. | E12: Eucatex | F12: 45-08 | G12: 07626-0-001 | H12: peça | I12: 339030.24 | J12: 250 | K12: 0 | L12: =IF(SUM(U12:AL12)>K12+N12,K12+N12,SUM(U12:AL12)) -> 0 | M12: =SUM(U12:AL12) -> 0 | N12: =0+0-0 -> 0 | O12: =ROUND(IF(K12*0.25-0.5<0,0,K12*0.25-0.5),0)-P12-R12 -> 0 | S12: =K12-(SUM(U12:AL12))+N12 -> 0 | T12: =IF(S12<0,"ATENÇÃO","OK") -> OK
C13: 10 | D13: Serviço de desmontagem de divisórias em painéis com espessura de 35mm, miolo em colméia, estrutura em aço ou alumínio. | E13: Própria | F13: 02-30 | G13: 50056-0-015 | H13: m² | I13: 339039.16 | J13: 8 | K13: 260 | L13: =IF(SUM(U13:AL13)>K13+N13,K13+N13,SUM(U13:AL13)) -> 260 | M13: =SUM(U13:AL13) -> 260 | N13: =0+0-0 -> 0 | O13: =ROUND(IF(K13*0.25-0.5<0,0,K13*0.25-0.5),0)-P13-R13 -> 65 | S13: =K13-(SUM(U13:AL13))+N13 -> 0 | T13: =IF(S13<0,"ATENÇÃO","OK") -> OK | V13: 260
C14: 11 | D14: Serviço de montagem de divisórias em painéis com espessura de 35mm, miolo em colméia, estrutura em aço ou alumínio. | E14: Própria | F14: 02-30 | G14: 50056-0-016 | H14: m² | I14: 339039.16 | J14: 7 | K14: 0 | L14: =IF(SUM(U14:AL14)>K14+N14,K14+N14,SUM(U14:AL14)) -> 0 | M14: =SUM(U14:AL14) -> 0 | N14: =0+0-0 -> 0 | O14: =ROUND(IF(K14*0.25-0.5<0,0,K14*0.25-0.5),0)-P14-R14 -> 0 | S14: =K14-(SUM(U14:AL14))+N14 -> 0 | T14: =IF(S14<0,"ATENÇÃO","OK") -> OK
A15: 3 | B15: GEVAERD SERVIÇOS LTDA, CNPJ: 50.030.566/0001-34 | C15: 12 | D15: Película profissional refletiva para redução de temperatura e de incidência dos raios UV. Instalada. | E15: Própria | F15: 04-36 | G15: 50240-0-001 | H15: por serviço | I15: 449051.95 339030.24 | J15: 48.78 | K15: 150 | L15: =IF(SUM(U15:AL15)>K15+N15,K15+N15,SUM(U15:AL15)) -> 150 | M15: =SUM(U15:AL15) -> 150 | N15: =0+0-0 -> 0 | O15: =ROUND(IF(K15*0.25-0.5<0,0,K15*0.25-0.5),0)-P15-R15 -> 37 | S15: =K15-(SUM(U15:AL15))+N15 -> 0 | T15: =IF(S15<0,"ATENÇÃO","OK") -> OK | X15: 150
A16: 4 | B16: LOFTY FLEX PERSIANAS / (M. GIROLDO DECORA LTDA) - ME, CNPJ: 18.900.026/0001-51 | C16: 13 | D16: Persiana em rolo. Acionamento manual, com opção de montagem bilateral.; tipo tela solar, produzida em fibra de vidro e PVC antichama; atóxica; translúcida; fator de abertura de 5%; espessura mínima 0,5mm; largura máxima 2,0m; bloqueio mínimo de 90% de raios UV; lavável; com estabilidade dimensional (não estica ou deforma com as variações de temperatura). Com tubo enrolador e perfil inferior em alumínio; acionamento por corrente tipo standard com cordão de poliéster; enrolamento padrão (tecido recolhido por trás do tubo enrolador); cores preferenciais branca ou bege/off-white, ou cinza claro. O produto deverá ser instalado pelo fornecedor, sendo admitidos vãos (frestas) de até 4cm entre cortinas instaladas lado a lado. Garantia mínima 1 ano da cortina, sobre defeitos de fabricação ou vicio oculto. | E16: Própria | F16: 16-02 | G16: 12254-8-005 | H16: m² | I16: 339030.24 | J16: 102.5 | K16: 0 | L16: =IF(SUM(U16:AL16)>K16+N16,K16+N16,SUM(U16:AL16)) -> 0 | M16: =SUM(U16:AL16) -> 0 | N16: =0+0-0 -> 0 | O16: =ROUND(IF(K16*0.25-0.5<0,0,K16*0.25-0.5),0)-P16-R16 -> 0 | S16: =K16-(SUM(U16:AL16))+N16 -> 0 | T16: =IF(S16<0,"ATENÇÃO","OK") -> OK
C17: 14 | D17: Cortina ROLO BlackOut, tecido vinílico, pode ser enrolada ou desenrolada num tubo superior e desta forma pode ser recolhida totalmente. Dimensões aproximadas em 2m (L) x 1,60m (A). Instalação contratada por metro quadrado. O valor da confecção compreende o valor global do metro quadrado, incluindo mão de obra de instalação e os acessórios necessários. | E17: Própria | F17: 16-02 | G17: 12337-4-003 | H17: m² | I17: 339030.24 | J17: 102.5 | K17: 0 | L17: =IF(SUM(U17:AL17)>K17+N17,K17+N17,SUM(U17:AL17)) -> 0 | M17: =SUM(U17:AL17) -> 0 | N17: =0+0-0 -> 0 | O17: =ROUND(IF(K17*0.25-0.5<0,0,K17*0.25-0.5),0)-P17-R17 -> 0 | S17: =K17-(SUM(U17:AL17))+N17 -> 0 | T17: =IF(S17<0,"ATENÇÃO","OK") -> OK
A18: 5 | B18: BELA CASA CORTINAS LTDA, CNPJ: 10.140.785/0001-51 | C18: 15 | D18: Persiana vertical em tecido resinado RAMI natural com blackout em faixas de no mínimo 9cm, guias para abrir e fechar e mudança de posição (controle de entrada de luz) cor a definir, instalada. (para cálculos da cotação utilizar altura média de 1,60m). | E18: Franper | F18: 16-02 | G18: 12254-8-009 | H18: m² | I18: 339030.24 | J18: 105 | K18: 110 | L18: =IF(SUM(U18:AL18)>K18+N18,K18+N18,SUM(U18:AL18)) -> 110 | M18: =SUM(U18:AL18) -> 110 | N18: =0+0-0 -> 0 | O18: =ROUND(IF(K18*0.25-0.5<0,0,K18*0.25-0.5),0)-P18-R18 -> 27 | S18: =K18-(SUM(U18:AL18))+N18 -> 0 | T18: =IF(S18<0,"ATENÇÃO","OK") -> OK | U18: 110
C19: 16 | D19: Persiana vertical em tecido resinado RAMI natural - em faixas de no mín. 9 cm, guias para abrir e fechar e mudança de posição (controle a entrada de luz). Cor a definir. Instalada. (para cálculos da cotação utilizar altura média de 1,60m). | E19: Franper | F19: 16-02 | G19: 12254-8-004 | H19: m² | I19: 339030.24 | J19: 80 | K19: 240 | L19: =IF(SUM(U19:AL19)>K19+N19,K19+N19,SUM(U19:AL19)) -> 330 | M19: =SUM(U19:AL19) -> 330 | N19: 90 | O19: =ROUND(IF(K19*0.25-0.5<0,0,K19*0.25-0.5),0)-P19-R19 -> 60 | S19: =K19-(SUM(U19:AL19))+N19 -> 0 | T19: =IF(S19<0,"ATENÇÃO","OK") -> OK | U19: 240 | Y19: 90
C20: 17 | D20: Persiana horizontal de alumínio com lâminas de 50mm, não-perfurada, que permita ser utilizada por meio de um cordão e haste. Completa, inclui todos os acessórios necessários para a sua instalação e funcionamento. Modelo de referência: Haste e Cordão/Luxaflex. instalada. | E20: Franper | F20: 16-02 | G20: 12254-8-004 | H20: m² | I20: 339030.24 | J20: 185 | K20: 0 | L20: =IF(SUM(U20:AL20)>K20+N20,K20+N20,SUM(U20:AL20)) -> 0 | M20: =SUM(U20:AL20) -> 0 | N20: =0+0-0 -> 0 | O20: =ROUND(IF(K20*0.25-0.5<0,0,K20*0.25-0.5),0)-P20-R20 -> 0 | S20: =K20-(SUM(U20:AL20))+N20 -> 0 | T20: =IF(S20<0,"ATENÇÃO","OK") -> OK
C21: 18 | D21: Persiana horizontal de alumínio com lâminas de 50mm, modelo blackout, sem furos, que permita ser utilizada por meio de um cordão e haste. Completa, inclui todos os acessórios necessários para a sua instalação e funcionamento. Modelo de referência: Haste e Cordão/Luxaflex. instalada. | E21: Franper | F21: 16-02 | G21: 12254-8-004 | H21: m² | I21: 339030.24 | J21: 185 | K21: 0 | L21: =IF(SUM(U21:AL21)>K21+N21,K21+N21,SUM(U21:AL21)) -> 0 | M21: =SUM(U21:AL21) -> 0 | N21: =0+0-0 -> 0 | O21: =ROUND(IF(K21*0.25-0.5<0,0,K21*0.25-0.5),0)-P21-R21 -> 0 | S21: =K21-(SUM(U21:AL21))+N21 -> 0 | T21: =IF(S21<0,"ATENÇÃO","OK") -> OK
A22: 6 | B22: TOK DE GLAMOUR COSMÉTICOS LTDA, CNPJ: 23.318.560/0001-94 | C22: 19 | D22: Cortina manual em tecido blackout 100%, lavável, com cor a definir, fornecimento e fixação de varão trilho suíço deslizante na parede ou teto, rodízios deslizantes instalados, contendo franzimento de 2 vezes a metragem. (Para medida do m² será considerado a área a ser coberta e não a metragem de tecido utilizada, para cálculos da cotação utilizar altura média de 1,80m). Instaladas | E22: Própria | F22: 16-02 | G22: 12337-4-012 | H22: m² | I22: 339030.24 | J22: 64.65 | K22: 0 | L22: =IF(SUM(U22:AL22)>K22+N22,K22+N22,SUM(U22:AL22)) -> 0 | M22: =SUM(U22:AL22) -> 0 | N22: =0+0-0 -> 0 | O22: =ROUND(IF(K22*0.25-0.5<0,0,K22*0.25-0.5),0)-P22-R22 -> 0 | S22: =K22-(SUM(U22:AL22))+N22 -> 0 | T22: =IF(S22<0,"ATENÇÃO","OK") -> OK
C23: 20 | D23: Cortina em tecido poliéster corta luz/blackout, ilhós, com 01 varão, instalada, em dimensões aproximadas em 2m(L) x 1,60m (A). Instalação contratada por metro quadrado com mão-de-obra. O valor da confecção compreende o valor global do metro quadrado, incluindo mão de obra de instalação e os acessórios/peças necessários. | E23: Própria | F23: 16-02 | G23: 12337-4-007 | H23: m² | I23: 339030.24 | J23: 64.65 | K23: 0 | L23: =IF(SUM(U23:AL23)>K23+N23,K23+N23,SUM(U23:AL23)) -> 0 | M23: =SUM(U23:AL23) -> 0 | N23: =0+0-0 -> 0 | O23: =ROUND(IF(K23*0.25-0.5<0,0,K23*0.25-0.5),0)-P23-R23 -> 0 | S23: =K23-(SUM(U23:AL23))+N23 -> 0 | T23: =IF(S23<0,"ATENÇÃO","OK") -> OK
C24: 21 | D24: Cortina com tecido Corta Luz/ Blackout liso, composição 100% poliéster lavável. Sistema “trilho suíço branco uma via”, ou superior. Cor a ser definida, com possibilidade de troca de cor, em comum acordo das partes – desde que não altere o valor do metro proposto. Dimensões aproximadas em 2m (L) x 1,60m (A). Instalação contratada por metro quadrado. O valor da confecção compreende o valor global do metro quadrado, incluindo mão de obra de instalação e os acessórios necessários (tecidos, trilhos necessários, fixadores, deslizantes, terminal, entre outros). | E24: Própria | F24: 16-02 | G24: 12337-4-007 | H24: m² | I24: 339030.24 | J24: 64.65 | K24: 0 | L24: =IF(SUM(U24:AL24)>K24+N24,K24+N24,SUM(U24:AL24)) -> 0 | M24: =SUM(U24:AL24) -> 0 | N24: =0+0-0 -> 0 | O24: =ROUND(IF(K24*0.25-0.5<0,0,K24*0.25-0.5),0)-P24-R24 -> 0 | S24: =K24-(SUM(U24:AL24))+N24 -> 0 | T24: =IF(S24<0,"ATENÇÃO","OK") -> OK
A25: 7 | B25: ESTRUTURAL OBRAS E SERVICOS LTDA, CNPJ: 64.170.650/0001-68 | C25: 22 | D25: Toldo em chapa de policarbonato, curvo, para fixar em parede, cor cristal, em dimensões aproximadas de 70 cm x 120 cm, com no mínimo 4mm de espessura. Material de fixação em alumínio e plástico de engenharia. Composto por suportes e o toldo. Entrega em Florianópolis/SC, não necessita instalação. | E25: Própria | F25: 48-05 | G25: 3184-4-011 | H25: peça | I25: 449052.42 | J25: 526.31 | K25: 0 | L25: =IF(SUM(U25:AL25)>K25+N25,K25+N25,SUM(U25:AL25)) -> 0 | M25: =SUM(U25:AL25) -> 0 | N25: =0+0-0 -> 0 | O25: =ROUND(IF(K25*0.25-0.5<0,0,K25*0.25-0.5),0)-P25-R25 -> 0 | S25: =K25-(SUM(U25:AL25))+N25 -> 0 | T25: =IF(S25<0,"ATENÇÃO","OK") -> OK
A26: 8 | B26: ELFORT IMPORTAÇÃO E DISTRIBUICAO DE PRODUTOS LTDA EPP, CNPJ: 09.213.849/0001-18 | C26: 23 | D26: Piso laminado vinílico, placas decorativas com estampagem digital de madeira com capa de uso de 0,5mm (modelo a definir); placas de aproximadamente 228x1830mm; espessura de 3mm a 5mm; resistente a abrasão e químicos classe T; resistente a uso interno e a cadeiras com rodízio; alta durabilidade; certificado da norma brasileira NBR 8660-classe2A; garantia mínima de 15 anos; com acessórios e serviço de instalação; regularização de contrapiso e acabamento inclusos; densidade ótica de fumaça (toxidade em caso de incêndio) menor que 450dm (norma ASTME 662); absorção de som ao impacto norma ASTME 989-06 = 10 decibéis; identação residual igual ou menor a 0,1mm; estabilidade dimensional EN 434 igual ou menor que 0,13mm. INSTALADO. cor a escolher | E26: Eucaflor | F26: 45-04 | G26: 33367002 | H26: m² | I26: 3336733 | J26: 166.67 | K26: 750 | L26: =IF(SUM(U26:AL26)>K26+N26,K26+N26,SUM(U26:AL26)) -> 0 | M26: =SUM(U26:AL26) -> 0 | N26: =0+0-0 -> 0 | O26: =ROUND(IF(K26*0.25-0.5<0,0,K26*0.25-0.5),0)-P26-R26 -> 187 | S26: =K26-(SUM(U26:AL26))+N26 -> 750 | T26: =IF(S26<0,"ATENÇÃO","OK") -> OK
C27: 24 | D27: Rodapé De Poliestireno 10cm De Altura Liso, instalado cor a escolher | E27: Eucaflor | F27: 45-04 | G27: 50422-3-390 | H27: m² | I27: 339030.24 | J27: 19.83 | K27: 0 | L27: =IF(SUM(U27:AL27)>K27+N27,K27+N27,SUM(U27:AL27)) -> 0 | M27: =SUM(U27:AL27) -> 0 | N27: =0+0-0 -> 0 | O27: =ROUND(IF(K27*0.25-0.5<0,0,K27*0.25-0.5),0)-P27-R27 -> 0 | S27: =K27-(SUM(U27:AL27))+N27 -> 0 | T27: =IF(S27<0,"ATENÇÃO","OK") -> OK
A28: 9 | B28: GEVAERD SERVICOS LTDA, CNPJ: 50.030.566/0001-34 | C28: 25 | D28: Kit de porta de madeira para pintura, semi-oca (leve ou média), padrão popular, 90x210cm, espessura de 3,5cm, itens inclusos: dobradiças, montagem e instalação do batente, fechadura com execução do furo - fornecimento e instalação | E28: Própria | F28: 02-48 | G28: 50073-0-006 | H28: unidade | I28: 339036.21 | J28: 1150 | K28: 0 | L28: =IF(SUM(U28:AL28)>K28+N28,K28+N28,SUM(U28:AL28)) -> 0 | M28: =SUM(U28:AL28) -> 0 | N28: =0+0-0 -> 0 | O28: =ROUND(IF(K28*0.25-0.5<0,0,K28*0.25-0.5),0)-P28-R28 -> 0 | S28: =K28-(SUM(U28:AL28))+N28 -> 0 | T28: =IF(S28<0,"ATENÇÃO","OK") -> OK
A29: 10 | B29: ESTRUTURAL OBRAS E SERVICOS LTDA, CNPJ: 64.170.650/0001-68 | C29: 26 | D29: Porta em alumínio de abrir tipo veneziana com guarnição, fixação com parafusos fornecimento e instalação. | E29: Própria | F29: 02-48 | G29: 10684-4-003 | H29: m² | I29: 339030.24 | J29: 550 | K29: 0 | L29: =IF(SUM(U29:AL29)>K29+N29,K29+N29,SUM(U29:AL29)) -> 0 | M29: =SUM(U29:AL29) -> 0 | N29: =0+0-0 -> 0 | O29: =ROUND(IF(K29*0.25-0.5<0,0,K29*0.25-0.5),0)-P29-R29 -> 0 | S29: =K29-(SUM(U29:AL29))+N29 -> 0 | T29: =IF(S29<0,"ATENÇÃO","OK") -> OK
C30: 27 | D30: Janela em alumínio, cor N/P/B, tipo moldura-vidro, de correr, exclusive vidro. Instalado | E30: Própria | F30: 45-06 | G30: 00320-4-025 | H30: m² | I30: 339030.24 | J30: 376.66 | K30: 0 | L30: =IF(SUM(U30:AL30)>K30+N30,K30+N30,SUM(U30:AL30)) -> 0 | M30: =SUM(U30:AL30) -> 0 | N30: =0+0-0 -> 0 | O30: =ROUND(IF(K30*0.25-0.5<0,0,K30*0.25-0.5),0)-P30-R30 -> 0 | S30: =K30-(SUM(U30:AL30))+N30 -> 0 | T30: =IF(S30<0,"ATENÇÃO","OK") -> OK
C31: 28 | D31: Janela em alumínio, cor N/P/B, tipo moldura-vidro, max-ar, exclusive vidro. Instalado | E31: Própria | F31: 45-06 | G31: 00320-4-025 | H31: m² | I31: 339030.24 | J31: 320 | K31: 0 | L31: =IF(SUM(U31:AL31)>K31+N31,K31+N31,SUM(U31:AL31)) -> 0 | M31: =SUM(U31:AL31) -> 0 | N31: =0+0-0 -> 0 | O31: =ROUND(IF(K31*0.25-0.5<0,0,K31*0.25-0.5),0)-P31-R31 -> 0 | S31: =K31-(SUM(U31:AL31))+N31 -> 0 | T31: =IF(S31<0,"ATENÇÃO","OK") -> OK
A32: 11 | B32: SLOW COFFEE BRASIL E PFD LTDA, CNPJ: 08.639.849/0001-11 | C32: 29 | D32: Linóleo para uso no solo de apresentações artísticas. Espessura mínima de 1mm e largura mínima de 1,40m | E32: LINÓLEO ECOLÓGICO | F32: 45-04 | G32: 03336-7-061 | H32: metro linear | I32: 339030.24 | J32: 37.51 | K32: 0 | L32: =IF(SUM(U32:AL32)>K32+N32,K32+N32,SUM(U32:AL32)) -> 0 | M32: =SUM(U32:AL32) -> 0 | N32: =0+0-0 -> 0 | O32: =ROUND(IF(K32*0.25-0.5<0,0,K32*0.25-0.5),0)-P32-R32 -> 0 | S32: =K32-(SUM(U32:AL32))+N32 -> 0 | T32: =IF(S32<0,"ATENÇÃO","OK") -> OK
C33: 30 | D33: Fita para aplicação de Linóleo, PVC aderência e resistência, não deixa resíduo de cola na superfície. 50mm largura X 30 Mt. | E33: LINÓLEO ECOLÓGICO | F33: 45-04 | G33: 03336-7-061 | H33: peça | I33: 339030.24 | J33: 17.67 | K33: 0 | L33: =IF(SUM(U33:AL33)>K33+N33,K33+N33,SUM(U33:AL33)) -> 0 | M33: =SUM(U33:AL33) -> 0 | N33: =0+0-0 -> 0 | O33: =ROUND(IF(K33*0.25-0.5<0,0,K33*0.25-0.5),0)-P33-R33 -> 0 | S33: =K33-(SUM(U33:AL33))+N33 -> 0 | T33: =IF(S33<0,"ATENÇÃO","OK") -> OK
A34: 12 | B34: TROPICAL MOVEIS E FERRAGENS LTDA, CNPJ: 40.898.065/0001-10 | C34: 31 | D34: Tábua para deck em pinus tratado (autoclave) com nó de 3 X 9 X 300cm. Tratamento pelos métodos de Preservação determinados pela Norma NBR 7190, da ABNT, com classe de risco CR4, sob vácuo e pressão em Autoclave. | E34: Zenóbio | F34: 45-02 | G34: 03746-0-004 | H34: peça | I34: 339030.24 | J34: 25.9 | K34: 0 | L34: =IF(SUM(U34:AL34)>K34+N34,K34+N34,SUM(U34:AL34)) -> 0 | M34: =SUM(U34:AL34) -> 0 | N34: =0+0-0 -> 0 | O34: =ROUND(IF(K34*0.25-0.5<0,0,K34*0.25-0.5),0)-P34-R34 -> 0 | S34: =K34-(SUM(U34:AL34))+N34 -> 0 | T34: =IF(S34<0,"ATENÇÃO","OK") -> OK
A35: 13 | B35: DELDUQUE COMERCIO E SERVIÇOS LTDA ME, CNPJ: 07.082.650/0001-72 | C35: 32 | D35: Divisória acústica com paredes de gesso acartonado, drywall, em estrutura metálica e revestida internamente com fibra de lã de rocha para isolamento acústico, com rodapé e rodateto em perfil de alumínio revestido nas faces com vedante de espuma de PVC autocolante. Faces duplas de chapas ST de 12,5mm, estrutura dupla e montantes a cada 60cm. Espessura total da parede ente 100mm e 180mm (conforme necessidade). Remover a anterior e instalar a nova. Incluir todos os acessórios necessários a sua instalação e pintura. Marca de referência: Placocenter. Instalada. | E35: Knaulf | F35: 45-08 | G35: 03960-8-047 | H35: m² | I35: 339030.24 | J35: 127.5 | K35: 100 | L35: =IF(SUM(U35:AL35)>K35+N35,K35+N35,SUM(U35:AL35)) -> 100 | M35: =SUM(U35:AL35) -> 100 | N35: =0+0-0 -> 0 | O35: =ROUND(IF(K35*0.25-0.5<0,0,K35*0.25-0.5),0)-P35-R35 -> 25 | S35: =K35-(SUM(U35:AL35))+N35 -> 0 | T35: =IF(S35<0,"ATENÇÃO","OK") -> OK | V35: 100
C36: 33 | D36: Divisória acústica com paredes de gesso acartonado, drywall, em estrutura metálica e revestida internamente com fibra de lã de rocha para isolamento acústico, com rodapé e rodateto em perfil de alumínio revestido nas faces com vedante de espuma de PVC autocolante. Faces duplas de chapas ST de 12,5mm, estrutura dupla e montantes a cada 60cm. Espessura total da parede ente 100mm e 180mm (conforme necessidade). Com vidros duplos de 6mm, temperados, com estrutura periférica em alumínio que permita a montagem de persianas em seu interior. Os vidros deverão ser apoiados em batentes de PVC para evitar vibrações. Incluir todos os acessórios necessários a sua instalação e pintura. Marca de referência: Placocenter. Instalada. | E36: Knaulf | F36: 45-08 | G36: 03960-8-047 | H36: m² | I36: 339030.24 | J36: 131 | K36: 200 | L36: =IF(SUM(U36:AL36)>K36+N36,K36+N36,SUM(U36:AL36)) -> 200 | M36: =SUM(U36:AL36) -> 200 | N36: =0+0-0 -> 0 | O36: =ROUND(IF(K36*0.25-0.5<0,0,K36*0.25-0.5),0)-P36-R36 -> 50 | S36: =K36-(SUM(U36:AL36))+N36 -> 0 | T36: =IF(S36<0,"ATENÇÃO","OK") -> OK | V36: 200
C37: 34 | D37: Porta acústica em madeira 0,90 x 2,10, espessura 80mm com visor em vidro duplo de 25 x25 cm. Para parede drywall, instalada. | E37: JB | F37: 45-08 | G37: 00319-0-024 | H37: Peça | I37: 339030.24 | J37: 3800 | K37: 1 | L37: =IF(SUM(U37:AL37)>K37+N37,K37+N37,SUM(U37:AL37)) -> 1 | M37: =SUM(U37:AL37) -> 1 | N37: =0+0-0 -> 0 | O37: =ROUND(IF(K37*0.25-0.5<0,0,K37*0.25-0.5),0)-P37-R37 -> 0 | S37: =K37-(SUM(U37:AL37))+N37 -> 0 | T37: =IF(S37<0,"ATENÇÃO","OK") -> OK | V37: 1
C38: 35 | D38: Porta de madeira angelim tipo pedra, semi-oca, lisa, para ser instalada em divisória acústica drywall e alvenaria. Porta com revestimento interno em lã de rocha. Tamanho 90cm X 2,10m, espessura da porta de no mínimo 3,5cm. Inclui forra, maçaneta, duas chaves e todos os acessórios necessários para a sua instalação. Cor natural, pronta para pintura. Instalada. | E38: JB | F38: 45-08 | G38: 00319-0-024 | H38: peça | I38: 339030.24 | J38: 650 | K38: 10 | L38: =IF(SUM(U38:AL38)>K38+N38,K38+N38,SUM(U38:AL38)) -> 10 | M38: =SUM(U38:AL38) -> 10 | N38: =0+0-0 -> 0 | O38: =ROUND(IF(K38*0.25-0.5<0,0,K38*0.25-0.5),0)-P38-R38 -> 2 | S38: =K38-(SUM(U38:AL38))+N38 -> 0 | T38: =IF(S38<0,"ATENÇÃO","OK") -> OK | V38: 10
A39: 14 | B39: GEVAERD SERVICOS LTDA, CNPJ: 50.030.566/0001-34 | C39: 36 | D39: Forro modular de fibra mineral AMF micro perfurado, medindo 625x625x15mm, com borda tegolar (rebaixada), instalado em estrutura com perfis de aço galvanizado em "T" invertido, pintado com tinta epóxi na cor branca ou cinza, com pendurais de arame galvanizado BWG 18. Remover o forro anterior e instalar o novo. Inclui todos os acessórios necessários para a sua instalação. Modelo de referência: Forrovid Boreal Isover. Instalado. | E39: Própria | F39: 45-02 | G39: 03541-6-008 | H39: metro | I39: 339030.24 | J39: 131.42 | K39: 0 | L39: =IF(SUM(U39:AL39)>K39+N39,K39+N39,SUM(U39:AL39)) -> 0 | M39: =SUM(U39:AL39) -> 0 | N39: =0+0-0 -> 0 | O39: =ROUND(IF(K39*0.25-0.5<0,0,K39*0.25-0.5),0)-P39-R39 -> 0 | S39: =K39-(SUM(U39:AL39))+N39 -> 0 | T39: =IF(S39<0,"ATENÇÃO","OK") -> OK
C40: 37 | D40: Remoção de forro, com destinação final dos resíduos. | E40: Própria | F40: 44-36 | G40: 50163-0-011 | H40: m² | I40: 339030.16 | J40: 7.68 | K40: 0 | L40: =IF(SUM(U40:AL40)>K40+N40,K40+N40,SUM(U40:AL40)) -> 0 | M40: =SUM(U40:AL40) -> 0 | N40: =0+0-0 -> 0 | O40: =ROUND(IF(K40*0.25-0.5<0,0,K40*0.25-0.5),0)-P40-R40 -> 0 | S40: =K40-(SUM(U40:AL40))+N40 -> 0 | T40: =IF(S40<0,"ATENÇÃO","OK") -> OK
A41: 15 | B41: GABRIEL FAGUNDES ZAMPIRON LTDA, CNPJ: 25.136.411/0001-30 | C41: 38 | D41: Divisória de vidro 10mm, junta seca. | E41: Cebrace | F41: 45-03 | G41: 03027-9-067 | H41: m² | I41: 339030.24 | J41: 220 | K41: 0 | L41: =IF(SUM(U41:AL41)>K41+N41,K41+N41,SUM(U41:AL41)) -> 0 | M41: =SUM(U41:AL41) -> 0 | N41: =0+0-0 -> 0 | O41: =ROUND(IF(K41*0.25-0.5<0,0,K41*0.25-0.5),0)-P41-R41 -> 0 | S41: =K41-(SUM(U41:AL41))+N41 -> 0 | T41: =IF(S41<0,"ATENÇÃO","OK") -> OK
C42: 39 | D42: Porta de vidro temperado incolor com espessura de 10mm, completa. porta pivotante. deverá ser entregue devidamente instalada, incluindo acessórios necessários: dobradiças, fechadura, cantoneira, maçaneta, ferragem superior e inferior, parafusos. | E42: Cebrace | F42: 45-02 | G42: 2803-7-020 | H42: m² | I42: 339030.24 | J42: 530 | K42: 0 | L42: =IF(SUM(U42:AL42)>K42+N42,K42+N42,SUM(U42:AL42)) -> 0 | M42: =SUM(U42:AL42) -> 0 | N42: =0+0-0 -> 0 | O42: =ROUND(IF(K42*0.25-0.5<0,0,K42*0.25-0.5),0)-P42-R42 -> 0 | S42: =K42-(SUM(U42:AL42))+N42 -> 0 | T42: =IF(S42<0,"ATENÇÃO","OK") -> OK
C43: 40 | D43: Porta de vidro temperado incolor com espessura de 10mm, completa, com uma ou duas folhas de correr. deverá ser entregue devidamente instalada, incluindo acessórios necessários: roldana, trilho superior e inferior, fechadura, capa, limitador, batente central e perfil central em alumínio, parafusos. | E43: Cebrace | F43: 45-02 | G43: 02803-7-017 | H43: peça | I43: 339030.24 | J43: 530 | K43: 20 | L43: =IF(SUM(U43:AL43)>K43+N43,K43+N43,SUM(U43:AL43)) -> 0 | M43: =SUM(U43:AL43) -> 0 | N43: =0+0-0 -> 0 | O43: =ROUND(IF(K43*0.25-0.5<0,0,K43*0.25-0.5),0)-P43-R43 -> 5 | S43: =K43-(SUM(U43:AL43))+N43 -> 20 | T43: =IF(S43<0,"ATENÇÃO","OK") -> OK
C44: 41 | D44: Mola hidráulica de piso para porta de vidro temperado. Instalada. | E44: Cebrace | F44: 45-06 | G44: 02804-5-006 | H44: peça | I44: 339030.24 | J44: 700 | K44: 0 | L44: =IF(SUM(U44:AL44)>K44+N44,K44+N44,SUM(U44:AL44)) -> 0 | M44: =SUM(U44:AL44) -> 0 | N44: =0+0-0 -> 0 | O44: =ROUND(IF(K44*0.25-0.5<0,0,K44*0.25-0.5),0)-P44-R44 -> 0 | S44: =K44-(SUM(U44:AL44))+N44 -> 0 | T44: =IF(S44<0,"ATENÇÃO","OK") -> OK
C45: 42 | D45: Mola hidraulica aérea para porta de vidro, instalada. | E45: Cebrace | F45: 45-06 | G45: 02804-5-006 | H45: peça | I45: 339030.24 | J45: 200 | K45: 0 | L45: =IF(SUM(U45:AL45)>K45+N45,K45+N45,SUM(U45:AL45)) -> 0 | M45: =SUM(U45:AL45) -> 0 | N45: =0+0-0 -> 0 | O45: =ROUND(IF(K45*0.25-0.5<0,0,K45*0.25-0.5),0)-P45-R45 -> 0 | S45: =K45-(SUM(U45:AL45))+N45 -> 0 | T45: =IF(S45<0,"ATENÇÃO","OK") -> OK
A46: 16 | B46: GEVAERD SERVICOS LTDA, CNPJ: 50.030.566/0001-34 | C46: 43 | D46: Parede Drywall 120/90/600 -1ST12,5/1ST12,5: Com 120mm de espessura é composta 1 placa ST12,5mm de cada lado, parafusadas em perfilados aço zincadas 90mm espaçados – acabamento com fita e massa - INSTALADO | E46: Própria | F46: 45-08 | G46: 3960-8-060 | H46: m² | I46: 339030.24 | J46: 121.83 | K46: 0 | L46: =IF(SUM(U46:AL46)>K46+N46,K46+N46,SUM(U46:AL46)) -> 0 | M46: =SUM(U46:AL46) -> 0 | N46: =0+0-0 -> 0 | O46: =ROUND(IF(K46*0.25-0.5<0,0,K46*0.25-0.5),0)-P46-R46 -> 0 | S46: =K46-(SUM(U46:AL46))+N46 -> 0 | T46: =IF(S46<0,"ATENÇÃO","OK") -> OK
C47: 44 | D47: Porta para parede DRYWALL 0,80x2,10 - COR A DEFINIR - INSTALADO | E47: Própria | F47: 45-06 | G47: 12093-6-021 | H47: peça | I47: 339030.24 | J47: 590 | K47: 0 | L47: =IF(SUM(U47:AL47)>K47+N47,K47+N47,SUM(U47:AL47)) -> 0 | M47: =SUM(U47:AL47) -> 0 | N47: =0+0-0 -> 0 | O47: =ROUND(IF(K47*0.25-0.5<0,0,K47*0.25-0.5),0)-P47-R47 -> 0 | S47: =K47-(SUM(U47:AL47))+N47 -> 0 | T47: =IF(S47<0,"ATENÇÃO","OK") -> OK
A48: 17 | B48: GBS VIDRAÇARIA E INSTALAÇÕES LTDA, CNPJ: 27.035.730/0001-84 | C48: 45 | D48: Chapa de Policarbonato Alveolar. Cor: Fumê - Espessura: 6 mm - Largura: 1050 mm - Comprimento: 6000 mm | E48: Própria | F48: 52-02 | G48: 00475-8-004 | H48: m² | I48: 339030.33 | J48: 321 | K48: 0 | L48: =IF(SUM(U48:AL48)>K48+N48,K48+N48,SUM(U48:AL48)) -> 0 | M48: =SUM(U48:AL48) -> 0 | N48: =0+0-0 -> 0 | O48: =ROUND(IF(K48*0.25-0.5<0,0,K48*0.25-0.5),0)-P48-R48 -> 0 | S48: =K48-(SUM(U48:AL48))+N48 -> 0 | T48: =IF(S48<0,"ATENÇÃO","OK") -> OK
A49: 18 | B49: GABRIEL FAGUNDES ZAMPIRON LTDA, CNPJ: 25.136.411/0001-30 | C49: 46 | D49: Pintura para interiores, sobre paredes, com lixamento, aplicação de 01 demão de líquido selador acrílico, 02 demãos de massa acrílica e 02 demãos de tinta acrílica convencional - Rev 01 | E49: Própria | F49: 44-36 | G49: 50164-0-010 | H49: unidade | I49: 339030.16 | J49: 52.5 | K49: 0 | L49: =IF(SUM(U49:AL49)>K49+N49,K49+N49,SUM(U49:AL49)) -> 0 | M49: =SUM(U49:AL49) -> 0 | N49: =0+0-0 -> 0 | O49: =ROUND(IF(K49*0.25-0.5<0,0,K49*0.25-0.5),0)-P49-R49 -> 0 | S49: =K49-(SUM(U49:AL49))+N49 -> 0 | T49: =IF(S49<0,"ATENÇÃO","OK") -> OK
A50: 19 | B50: GEVAERD SERVICOS LTDA, CNPJ: 50.030.566/0001-34 | C50: 47 | D50: Fornecimento e instalação de placas de forro de fibra mineral, espessura de 15 mm, nas modulações 600x1200 mm e 600x600 mm, ref. hunter douglas, armstrong ou equivalente técnico | E50: Própria | F50: 45-01 | G50: 50422-3-389 | H50: m² | I50: 339030.24 | J50: 153.33 | K50: 0 | L50: =IF(SUM(U50:AL50)>K50+N50,K50+N50,SUM(U50:AL50)) -> 0 | M50: =SUM(U50:AL50) -> 0 | N50: =0+0-0 -> 0 | O50: =ROUND(IF(K50*0.25-0.5<0,0,K50*0.25-0.5),0)-P50-R50 -> 0 | S50: =K50-(SUM(U50:AL50))+N50 -> 0 | T50: =IF(S50<0,"ATENÇÃO","OK") -> OK
A51: 20 | B51: ESTRUTURAL OBRAS E SERVICOS LTDA, CNPJ: 64.170.650/0001-68 | C51: 48 | D51: Divisórias Piso-teto com 85mm de espessura sendo composta por painéis VIDRO ÚNICO. Vidros laminado de segurança 6mm cada face (3mm+PVB+3mm). Estrutura em alumínio PERFIL ANODIZADO COM PINTURA EPOXI GRAFITE. Guarnições de borracha para melhor atenuação acústica nas portas, painéis de vidros e perfis estrututais. Espaço interno de 50mm para instalação de cabeamentos. Painéis de saque frontal. Porta de giro, folha única, VIDRO DUPLO, com montantes em alumínio. Fechaduras e dobradiças em aço inox escovado. Instalado. | E51: Própria | F51: 45-08 | G51: 50422-3-180 | H51: m² | I51: 339030.24 | J51: 953.86 | K51: 0 | L51: =IF(SUM(U51:AL51)>K51+N51,K51+N51,SUM(U51:AL51)) -> 0 | M51: =SUM(U51:AL51) -> 0 | N51: =0+0-0 -> 0 | O51: =ROUND(IF(K51*0.25-0.5<0,0,K51*0.25-0.5),0)-P51-R51 -> 0 | S51: =K51-(SUM(U51:AL51))+N51 -> 0 | T51: =IF(S51<0,"ATENÇÃO","OK") -> OK
C52: 49 | D52: Divisórias Piso-teto com 85mm de espessura sendo composta por painéis VIDRO DUPLO. Vidros laminado de segurança 6mm cada face (3mm+PVB+3mm). Estrutura em alumínio PERFIL ANODIZADO COM PINTURA EPOXI GRAFITE. Guarnições de borracha para melhor atenuação acústica nas portas, painéis de vidros e perfis estrututais. Espaço interno de 50mm para instalação de cabeamentos. Painéis de saque frontal. Porta de giro, folha única, VIDRO DUPLO, com montantes em alumínio. Fechaduras e dobradiças em aço inox escovado. Instalado | E52: Própria | F52: 45-08 | G52: 50422-3-181 | H52: m² | I52: 33.90.30.24 | J52: 1290.84 | K52: 0 | L52: =IF(SUM(U52:AL52)>K52+N52,K52+N52,SUM(U52:AL52)) -> 0 | M52: =SUM(U52:AL52) -> 0 | N52: =0+0-0 -> 0 | O52: =ROUND(IF(K52*0.25-0.5<0,0,K52*0.25-0.5),0)-P52-R52 -> 0 | S52: =K52-(SUM(U52:AL52))+N52 -> 0 | T52: =IF(S52<0,"ATENÇÃO","OK") -> OK
K53: =SUM(K4:K52) -> 1891 | L53: =SUM(L4:L52) -> 1211 | M53: =SUM(M4:M52) -> 1211 | N53: =SUM(N4:N52) -> 90 | O53: =SUM(O4:O52) -> 470 | P53: =SUM(P4:P52) -> 0 | Q53: =SUM(Q4:Q52) -> 0 | R53: =SUM(R4:R52) -> 0 | S53: =SUM(S4:S52) -> 770 | U53: =SUMPRODUCT($J$4:$J$52,U4:U52) -> 30750 | V53: =SUMPRODUCT($J$4:$J$52,V4:V52) -> 51330 | W53: =SUMPRODUCT($J$4:$J$52,W4:W52) -> 5000 | X53: =SUMPRODUCT($J$4:$J$52,X4:X52) -> 7317 | Y53: =SUMPRODUCT($J$4:$J$52,Y4:Y52) -> 7200 | Z53: =SUMPRODUCT($J$4:$J$52,Z4:Z52) -> 0 | AA53: =SUMPRODUCT($J$4:$J$52,AA4:AA52) -> 0 | AB53: =SUMPRODUCT($J$4:$J$52,AB4:AB52) -> 0 | ... AL53: =SUMPRODUCT($J$4:$J$52,AL4:AL52) -> 0
K54: =SUMPRODUCT($J$4:$J$52,K4:K52) -> 229999.5 | L54: =SUMPRODUCT($J$4:$J$52,L4:L52) -> 101597 | M54: =SUMPRODUCT($J$4:$J$52,M4:M52) -> 101597 | N54: =SUMPRODUCT($J$4:$J$52,N4:N52) -> 7200 | O54: =SUMPRODUCT($J$4:$J$52,O4:O52) -> 56014.65 | P54: =SUMPRODUCT($J$4:$J$52,P4:P52) -> 0 | Q54: =SUMPRODUCT($J$4:$J$52,Q4:Q52) -> 0 | R54: =SUMPRODUCT($J$4:$J$52,R4:R52) -> 0
D55: OBS:
D56: Prazo de Entrega: 10 dias
D57: Prazo de Pagamento: 30 dias

Sheet REITORIA_MUSEU
A1: PE 0637/2026 SRP - (SGPE DE ORIGEM: 41139.2025) | D1: OBJETO: Aquisição de Divisórias, Vidros, Cortinas e Similares para o CAMPUS I, CERES, CESFI, CEAVI da Universidade do Estado de Santa Catarina (UDESC) | K1: VIGÊNCIA DA ATA: 28/04/2026 a 28/04/2027 | U1: AF nº 1709/2026 (Quantidade) | V1: AF/OS nº xxxx/2026 (Quantidade) | W1: AF/OS nº xxxx/2026 (Quantidade) | X1: AF/OS nº xxxx/2026 (Quantidade) | Y1: AF/OS nº xxxx/2026 (Quantidade) | Z1: AF/OS nº xxxx/2026 (Quantidade) | AA1: AF/OS nº xxxx/2026 (Quantidade) | AB1: AF/OS nº xxxx/2026 (Quantidade) | AC1: AF/OS nº xxxx/2026 (Quantidade) | AD1: AF/OS nº xxxx/2026 (Quantidade) | AE1: AF/OS nº xxxx/2026 (Quantidade) | AF1: AF/OS nº xxxx/2026 (Quantidade) | AG1: AF/OS nº xxxx/2026 (Quantidade) | AH1: AF/OS nº xxxx/2026 (Quantidade) | AI1: AF/OS nº xxxx/2026 (Quantidade) | AJ1: AF/OS nº xxxx/2026 (Quantidade) | AK1: AF/OS nº xxxx/2026 (Quantidade) | AL1: AF/OS nº xxxx/2026 (Quantidade)
A2: CENTRO PARTICIPANTE: REITORIA-MUSEU | U2: =B22 -> TOK DE GLAMOUR COSMÉTICOS LTDA, CNPJ: 23.318.560/0001-94 | V2: [EMPRESA] | W2: [EMPRESA] | X2: [EMPRESA] | Y2: [EMPRESA] | Z2: [EMPRESA] | AA2: [EMPRESA] | AB2: [EMPRESA] | AC2: [EMPRESA] | AD2: [EMPRESA] | AE2: [EMPRESA] | AF2: [EMPRESA] | AG2: [EMPRESA] | AH2: [EMPRESA] | AI2: [EMPRESA] | AJ2: [EMPRESA] | AK2: [EMPRESA] | AL2: [EMPRESA]
A3: Lote | B3: Empresa | C3: Item | D3: Descrição | E3: Marca/Modelo | F3: Grupo-Classe | G3: Código NUC | H3: Unidade | I3: Detalhamento | J3: Preço UNITÁRIO | K3: Qtde Registrada | L3: Quantidade UTILIZADA da Ata | M3: Quantidade UTILIZADA TOTAL | N3: Quantidade Recebida/ Cedida | O3: QUANTIDADE DISPONÍVEL PARA ADITIVAR | P3: Quantidade Aditivada Própria | Q3: Quantidade Aditivos Recebidos | R3: Quantidade Aditivos Cedidos | S3: Saldo / Automático | T3: ALERTA | U3: 46274 | V3: ...../...../2028 | W3: ...../...../2028 | X3: ...../...../2029 | Y3: ...../...../2030 | Z3: ...../...../2031 | AA3: ...../...../2032 | AB3: ...../...../2033 | AC3: ...../...../2034 | AD3: ...../...../2035 | AE3: ...../...../2036 | AF3: ...../...../2037 | AG3: ...../...../2038 | AH3: ...../...../2039 | AI3: ...../...../2040 | AJ3: ...../...../2041 | AK3: ...../...../2042 | AL3: ...../...../2043
A4: 1 | B4: GABRIEL FAGUNDES ZAMPIRON LTDA, CNPJ: 25.136.411/0001-30 | C4: 1 | D4: Espelho cristal 4mm. Instalado. Com moldura em alumínio e compensado 6mm plastificado colado. Considerar retirada do vidro existente se houver. | E4: Cebrace | F4: 45-03 | G4: 03027-9-065 | H4: m² | I4: 339030.24 | J4: 150 | K4: 0 | L4: =IF(SUM(U4:AL4)>K4+N4,K4+N4,SUM(U4:AL4)) -> 0 | M4: =SUM(U4:AL4) -> 0 | N4: =0+0-0 -> 0 | O4: =ROUND(IF(K4*0.25-0.5<0,0,K4*0.25-0.5),0)-P4-R4 -> 0 | S4: =K4-(SUM(U4:AL4))+N4 -> 0 | T4: =IF(S4<0,"ATENÇÃO","OK") -> OK
C5: 2 | D5: Vidro mini-boreal incolor, 3mm. Instalado. | E5: Cebrace | F5: 45-03 | G5: 03027-9-027 | H5: m² | I5: 339030.24 | J5: 70 | K5: 0 | L5: =IF(SUM(U5:AL5)>K5+N5,K5+N5,SUM(U5:AL5)) -> 0 | M5: =SUM(U5:AL5) -> 0 | N5: =0+0-0 -> 0 | O5: =ROUND(IF(K5*0.25-0.5<0,0,K5*0.25-0.5),0)-P5-R5 -> 0 | S5: =K5-(SUM(U5:AL5))+N5 -> 0 | T5: =IF(S5<0,"ATENÇÃO","OK") -> OK
C6: 3 | D6: Fornecimento e instalação de vidro liso 3mm, incolor, incluindo massa/filete de espuma em ambas as faces, acabamento e retirada do vidro e massa anterior se houver. | E6: Cebrace | F6: 45-03 | G6: 03027-9-027 | H6: m² | I6: 339030.24 | J6: 90 | K6: 0 | L6: =IF(SUM(U6:AL6)>K6+N6,K6+N6,SUM(U6:AL6)) -> 0 | M6: =SUM(U6:AL6) -> 0 | N6: =0+0-0 -> 0 | O6: =ROUND(IF(K6*0.25-0.5<0,0,K6*0.25-0.5),0)-P6-R6 -> 0 | S6: =K6-(SUM(U6:AL6))+N6 -> 0 | T6: =IF(S6<0,"ATENÇÃO","OK") -> OK
C7: 4 | D7: Fornecimento e instalação de vidro liso 4mm, incolor, incluindo massa/filete de espuma em ambas as faces, acabamento e retirada do vidro e massa anterior se houver. | E7: Cebrace | F7: 45-03 | G7: 03027-9-065 | H7: m² | I7: 339030.24 | J7: 125 | K7: 0 | L7: =IF(SUM(U7:AL7)>K7+N7,K7+N7,SUM(U7:AL7)) -> 0 | M7: =SUM(U7:AL7) -> 0 | N7: =0+0-0 -> 0 | O7: =ROUND(IF(K7*0.25-0.5<0,0,K7*0.25-0.5),0)-P7-R7 -> 0 | S7: =K7-(SUM(U7:AL7))+N7 -> 0 | T7: =IF(S7<0,"ATENÇÃO","OK") -> OK
C8: 5 | D8: Fornecimento e instalação de vidro liso 5mm, incolor, incluindo massa/filete de espuma em ambas as faces, acabamento e retirada do vidro e massa anterior se houver. | E8: Cebrace | F8: 45-03 | G8: 03027-9-028 | H8: m² | I8: 339030.24 | J8: 100 | K8: 0 | L8: =IF(SUM(U8:AL8)>K8+N8,K8+N8,SUM(U8:AL8)) -> 0 | M8: =SUM(U8:AL8) -> 0 | N8: =0+0-0 -> 0 | O8: =ROUND(IF(K8*0.25-0.5<0,0,K8*0.25-0.5),0)-P8-R8 -> 0 | S8: =K8-(SUM(U8:AL8))+N8 -> 0 | T8: =IF(S8<0,"ATENÇÃO","OK") -> OK
A9: 2 | B9: DELDUQUE COMERCIO E SERVIÇOS LTDA ME, CNPJ: 07.082.650/0001-72 | C9: 6 | D9: Fornecimento de divisórias em painéis com espessura de 35mm, com miolo em colméia em kraft de alta gramatura e estrutura em aço galvanizado com pintura em epóxi-poliester pó. Colocação programada e cor do painel a escolher. Instalada. | E9: Eucatex | F9: 45-08 | G9: 03960-8-012 | H9: m² | I9: 339030.24 | J9: 93.99 | K9: 0 | L9: =IF(SUM(U9:AL9)>K9+N9,K9+N9,SUM(U9:AL9)) -> 0 | M9: =SUM(U9:AL9) -> 0 | N9: =0+0-0 -> 0 | O9: =ROUND(IF(K9*0.25-0.5<0,0,K9*0.25-0.5),0)-P9-R9 -> 0 | S9: =K9-(SUM(U9:AL9))+N9 -> 0 | T9: =IF(S9<0,"ATENÇÃO","OK") -> OK
C10: 7 | D10: Fornecimento de divisórias em painéis com espessura de 35mm, com miolo em colméia em kraft de alta gramatura e estrutura em aço galvanizado com pintura em epóxi-poliester pó. Estrutura com Módulo de vidro de espessura mínima de 4mm (vidro incluido na cotação). Painel de divisórias e bandeira em vidro com altura a ser definido na AF, fazendo a estrutura ficar com "painel, vidro e painel" ou "painel e vidro". Colocação programada e cor a escolher. Instalado. | E10: Eucatex | F10: 45-08 | G10: 03960-8-012 | H10: m² | I10: 339030.24 | J10: 115 | K10: 0 | L10: =IF(SUM(U10:AL10)>K10+N10,K10+N10,SUM(U10:AL10)) -> 0 | M10: =SUM(U10:AL10) -> 0 | N10: =0+0-0 -> 0 | O10: =ROUND(IF(K10*0.25-0.5<0,0,K10*0.25-0.5),0)-P10-R10 -> 0 | S10: =K10-(SUM(U10:AL10))+N10 -> 0 | T10: =IF(S10<0,"ATENÇÃO","OK") -> OK
C11: 8 | D11: Porta de abrir eixo vertical, 90X210cm em painéis divisórias, cor a definir. Com miolo em colméia e estrutura em aço com pintura em epóxi na cor preta, bege ou branca, completa (com maçaneta tipo alavanca, chave e dobradiças). Compatíveis com as divisórias existentes. Instalada. | E11: Eucatex | F11: 45-08 | G11: 07626-0-001 | H11: peça | I11: 339030.24 | J11: 260 | K11: 0 | L11: =IF(SUM(U11:AL11)>K11+N11,K11+N11,SUM(U11:AL11)) -> 0 | M11: =SUM(U11:AL11) -> 0 | N11: =0+0-0 -> 0 | O11: =ROUND(IF(K11*0.25-0.5<0,0,K11*0.25-0.5),0)-P11-R11 -> 0 | S11: =K11-(SUM(U11:AL11))+N11 -> 0 | T11: =IF(S11<0,"ATENÇÃO","OK") -> OK
C12: 9 | D12: Porta para divisórias em painéis de espessura 35mm, com miolo tipo colméia em kraft de alta gramatura, estrutura em aço galvanizado, com pintura epóxi-poliester pó. Colocação programada e cor a definir. Medidas da porta: 0,80x2,10m. Instalada. | E12: Eucatex | F12: 45-08 | G12: 07626-0-001 | H12: peça | I12: 339030.24 | J12: 250 | K12: 0 | L12: =IF(SUM(U12:AL12)>K12+N12,K12+N12,SUM(U12:AL12)) -> 0 | M12: =SUM(U12:AL12) -> 0 | N12: =0+0-0 -> 0 | O12: =ROUND(IF(K12*0.25-0.5<0,0,K12*0.25-0.5),0)-P12-R12 -> 0 | S12: =K12-(SUM(U12:AL12))+N12 -> 0 | T12: =IF(S12<0,"ATENÇÃO","OK") -> OK
C13: 10 | D13: Serviço de desmontagem de divisórias em painéis com espessura de 35mm, miolo em colméia, estrutura em aço ou alumínio. | E13: Própria | F13: 02-30 | G13: 50056-0-015 | H13: m² | I13: 339039.16 | J13: 8 | K13: 0 | L13: =IF(SUM(U13:AL13)>K13+N13,K13+N13,SUM(U13:AL13)) -> 0 | M13: =SUM(U13:AL13) -> 0 | N13: =0+0-0 -> 0 | O13: =ROUND(IF(K13*0.25-0.5<0,0,K13*0.25-0.5),0)-P13-R13 -> 0 | S13: =K13-(SUM(U13:AL13))+N13 -> 0 | T13: =IF(S13<0,"ATENÇÃO","OK") -> OK
C14: 11 | D14: Serviço de montagem de divisórias em painéis com espessura de 35mm, miolo em colméia, estrutura em aço ou alumínio. | E14: Própria | F14: 02-30 | G14: 50056-0-016 | H14: m² | I14: 339039.16 | J14: 7 | K14: 0 | L14: =IF(SUM(U14:AL14)>K14+N14,K14+N14,SUM(U14:AL14)) -> 0 | M14: =SUM(U14:AL14) -> 0 | N14: =0+0-0 -> 0 | O14: =ROUND(IF(K14*0.25-0.5<0,0,K14*0.25-0.5),0)-P14-R14 -> 0 | S14: =K14-(SUM(U14:AL14))+N14 -> 0 | T14: =IF(S14<0,"ATENÇÃO","OK") -> OK
A15: 3 | B15: GEVAERD SERVICOS LTDA, CNPJ: 50.030.566/0001-34 | C15: 12 | D15: Película profissional refletiva para redução de temperatura e de incidência dos raios UV. Instalada. | E15: Própria | F15: 04-36 | G15: 50240-0-001 | H15: por serviço | I15: 449051.95 | J15: 48.78 | K15: 0 | L15: =IF(SUM(U15:AL15)>K15+N15,K15+N15,SUM(U15:AL15)) -> 0 | M15: =SUM(U15:AL15) -> 0 | N15: =0+0-0 -> 0 | O15: =ROUND(IF(K15*0.25-0.5<0,0,K15*0.25-0.5),0)-P15-R15 -> 0 | S15: =K15-(SUM(U15:AL15))+N15 -> 0 | T15: =IF(S15<0,"ATENÇÃO","OK") -> OK
A16: 4 | B16: LOFTY FLEX PERSIANAS / (M. GIROLDO DECORA LTDA) - ME, CNPJ: 18.900.026/0001-51 | C16: 13 | D16: Persiana em rolo. Acionamento manual, com opção de montagem bilateral.; tipo tela solar, produzida em fibra de vidro e PVC antichama; atóxica; translúcida; fator de abertura de 5%; espessura mínima 0,5mm; largura máxima 2,0m; bloqueio mínimo de 90% de raios UV; lavável; com estabilidade dimensional (não estica ou deforma com as variações de temperatura). Com tubo enrolador e perfil inferior em alumínio; acionamento por corrente tipo standard com cordão de poliéster; enrolamento padrão (tecido recolhido por trás do tubo enrolador); cores preferenciais branca ou bege/off-white, ou cinza claro. O produto deverá ser instalado pelo fornecedor, sendo admitidos vãos (frestas) de até 4cm entre cortinas instaladas lado a lado. Garantia mínima 1 ano da cortina, sobre defeitos de fabricação ou vicio oculto. | E16: Própria | F16: 16-02 | G16: 12254-8-005 | H16: m² | I16: 339030.24 | J16: 102.5 | K16: 0 | L16: =IF(SUM(U16:AL16)>K16+N16,K16+N16,SUM(U16:AL16)) -> 0 | M16: =SUM(U16:AL16) -> 0 | N16: =0+0-0 -> 0 | O16: =ROUND(IF(K16*0.25-0.5<0,0,K16*0.25-0.5),0)-P16-R16 -> 0 | S16: =K16-(SUM(U16:AL16))+N16 -> 0 | T16: =IF(S16<0,"ATENÇÃO","OK") -> OK
C17: 14 | D17: Cortina ROLO BlackOut, tecido vinílico, pode ser enrolada ou desenrolada num tubo superior e desta forma pode ser recolhida totalmente. Dimensões aproximadas em 2m (L) x 1,60m (A). Instalação contratada por metro quadrado. O valor da confecção compreende o valor global do metro quadrado, incluindo mão de obra de instalação e os acessórios necessários. | E17: Própria | F17: 16-02 | G17: 12337-4-003 | H17: m² | I17: 339030.24 | J17: 102.5 | K17: 0 | L17: =IF(SUM(U17:AL17)>K17+N17,K17+N17,SUM(U17:AL17)) -> 0 | M17: =SUM(U17:AL17) -> 0 | N17: =0+0-0 -> 0 | O17: =ROUND(IF(K17*0.25-0.5<0,0,K17*0.25-0.5),0)-P17-R17 -> 0 | S17: =K17-(SUM(U17:AL17))+N17 -> 0 | T17: =IF(S17<0,"ATENÇÃO","OK") -> OK
A18: 5 | B18: BELA CASA CORTINAS LTDA, CNPJ: 10.140.785/0001-51 | C18: 15 | D18: Persiana vertical em tecido resinado RAMI natural com blackout em faixas de no mínimo 9cm, guias para abrir e fechar e mudança de posição (controle de entrada de luz) cor a definir, instalada. (para cálculos da cotação utilizar altura média de 1,60m). | E18: Franper | F18: 16-02 | G18: 12254-8-009 | H18: m² | I18: 339030.24 | J18: 105 | K18: 0 | L18: =IF(SUM(U18:AL18)>K18+N18,K18+N18,SUM(U18:AL18)) -> 0 | M18: =SUM(U18:AL18) -> 0 | N18: =0+0-0 -> 0 | O18: =ROUND(IF(K18*0.25-0.5<0,0,K18*0.25-0.5),0)-P18-R18 -> 0 | S18: =K18-(SUM(U18:AL18))+N18 -> 0 | T18: =IF(S18<0,"ATENÇÃO","OK") -> OK
C19: 16 | D19: Persiana vertical em tecido resinado RAMI natural - em faixas de no mín. 9 cm, guias para abrir e fechar e mudança de posição (controle a entrada de luz). Cor a definir. Instalada. (para cálculos da cotação utilizar altura média de 1,60m). | E19: Franper | F19: 16-02 | G19: 12254-8-004 | H19: m² | I19: 339030.24 | J19: 80 | K19: 0 | L19: =IF(SUM(U19:AL19)>K19+N19,K19+N19,SUM(U19:AL19)) -> 0 | M19: =SUM(U19:AL19) -> 0 | N19: =0+0-0 -> 0 | O19: =ROUND(IF(K19*0.25-0.5<0,0,K19*0.25-0.5),0)-P19-R19 -> 0 | S19: =K19-(SUM(U19:AL19))+N19 -> 0 | T19: =IF(S19<0,"ATENÇÃO","OK") -> OK
C20: 17 | D20: Persiana horizontal de alumínio com lâminas de 50mm, não-perfurada, que permita ser utilizada por meio de um cordão e haste. Completa, inclui todos os acessórios necessários para a sua instalação e funcionamento. Modelo de referência: Haste e Cordão/Luxaflex. instalada. | E20: Franper | F20: 16-02 | G20: 12254-8-004 | H20: m² | I20: 339030.24 | J20: 185 | K20: 0 | L20: =IF(SUM(U20:AL20)>K20+N20,K20+N20,SUM(U20:AL20)) -> 0 | M20: =SUM(U20:AL20) -> 0 | N20: =0+0-0 -> 0 | O20: =ROUND(IF(K20*0.25-0.5<0,0,K20*0.25-0.5),0)-P20-R20 -> 0 | S20: =K20-(SUM(U20:AL20))+N20 -> 0 | T20: =IF(S20<0,"ATENÇÃO","OK") -> OK
C21: 18 | D21: Persiana horizontal de alumínio com lâminas de 50mm, modelo blackout, sem furos, que permita ser utilizada por meio de um cordão e haste. Completa, inclui todos os acessórios necessários para a sua instalação e funcionamento. Modelo de referência: Haste e Cordão/Luxaflex. instalada. | E21: Franper | F21: 16-02 | G21: 12254-8-004 | H21: m² | I21: 339030.24 | J21: 185 | K21: 0 | L21: =IF(SUM(U21:AL21)>K21+N21,K21+N21,SUM(U21:AL21)) -> 0 | M21: =SUM(U21:AL21) -> 0 | N21: =0+0-0 -> 0 | O21: =ROUND(IF(K21*0.25-0.5<0,0,K21*0.25-0.5),0)-P21-R21 -> 0 | S21: =K21-(SUM(U21:AL21))+N21 -> 0 | T21: =IF(S21<0,"ATENÇÃO","OK") -> OK
A22: 6 | B22: TOK DE GLAMOUR COSMÉTICOS LTDA, CNPJ: 23.318.560/0001-94 | C22: 19 | D22: Cortina manual em tecido blackout 100%, lavável, com cor a definir, fornecimento e fixação de varão trilho suíço deslizante na parede ou teto, rodízios deslizantes instalados, contendo franzimento de 2 vezes a metragem. (Para medida do m² será considerado a área a ser coberta e não a metragem de tecido utilizada, para cálculos da cotação utilizar altura média de 1,80m). Instaladas | E22: Própria | F22: 16-02 | G22: 12337-4-012 | H22: m² | I22: 339030.24 | J22: 64.65 | K22: 0 | L22: =IF(SUM(U22:AL22)>K22+N22,K22+N22,SUM(U22:AL22)) -> 0 | M22: =SUM(U22:AL22) -> 0 | N22: =0+0-0 -> 0 | O22: =ROUND(IF(K22*0.25-0.5<0,0,K22*0.25-0.5),0)-P22-R22 -> 0 | S22: =K22-(SUM(U22:AL22))+N22 -> 0 | T22: =IF(S22<0,"ATENÇÃO","OK") -> OK
C23: 20 | D23: Cortina em tecido poliéster corta luz/blackout, ilhós, com 01 varão, instalada, em dimensões aproximadas em 2m(L) x 1,60m (A). Instalação contratada por metro quadrado com mão-de-obra. O valor da confecção compreende o valor global do metro quadrado, incluindo mão de obra de instalação e os acessórios/peças necessários. | E23: Própria | F23: 16-02 | G23: 12337-4-007 | H23: m² | I23: 339030.24 | J23: 64.65 | K23: 3 | L23: =IF(SUM(U23:AL23)>K23+N23,K23+N23,SUM(U23:AL23)) -> 3 | M23: =SUM(U23:AL23) -> 3 | N23: =0+0-0 -> 0 | O23: =ROUND(IF(K23*0.25-0.5<0,0,K23*0.25-0.5),0)-P23-R23 -> 0 | S23: =K23-(SUM(U23:AL23))+N23 -> 0 | T23: =IF(S23<0,"ATENÇÃO","OK") -> OK | U23: 3
C24: 21 | D24: Cortina com tecido Corta Luz/ Blackout liso, composição 100% poliéster lavável. Sistema “trilho suíço branco uma via”, ou superior. Cor a ser definida, com possibilidade de troca de cor, em comum acordo das partes – desde que não altere o valor do metro proposto. Dimensões aproximadas em 2m (L) x 1,60m (A). Instalação contratada por metro quadrado. O valor da confecção compreende o valor global do metro quadrado, incluindo mão de obra de instalação e os acessórios necessários (tecidos, trilhos necessários, fixadores, deslizantes, terminal, entre outros). | E24: Própria | F24: 16-02 | G24: 12337-4-007 | H24: m² | I24: 339030.24 | J24: 64.65 | K24: 0 | L24: =IF(SUM(U24:AL24)>K24+N24,K24+N24,SUM(U24:AL24)) -> 0 | M24: =SUM(U24:AL24) -> 0 | N24: =0+0-0 -> 0 | O24: =ROUND(IF(K24*0.25-0.5<0,0,K24*0.25-0.5),0)-P24-R24 -> 0 | S24: =K24-(SUM(U24:AL24))+N24 -> 0 | T24: =IF(S24<0,"ATENÇÃO","OK") -> OK
A25: 7 | B25: ESTRUTURAL OBRAS E SERVICOS LTDA, CNPJ: 64.170.650/0001-68 | C25: 22 | D25: Toldo em chapa de policarbonato, curvo, para fixar em parede, cor cristal, em dimensões aproximadas de 70 cm x 120 cm, com no mínimo 4mm de espessura. Material de fixação em alumínio e plástico de engenharia. Composto por suportes e o toldo. Entrega em Florianópolis/SC, não necessita instalação. | E25: Própria | F25: 48-05 | G25: 3184-4-011 | H25: peça | I25: 449052.42 | J25: 526.31 | K25: 0 | L25: =IF(SUM(U25:AL25)>K25+N25,K25+N25,SUM(U25:AL25)) -> 0 | M25: =SUM(U25:AL25) -> 0 | N25: =0+0-0 -> 0 | O25: =ROUND(IF(K25*0.25-0.5<0,0,K25*0.25-0.5),0)-P25-R25 -> 0 | S25: =K25-(SUM(U25:AL25))+N25 -> 0 | T25: =IF(S25<0,"ATENÇÃO","OK") -> OK
A26: 8 | B26: ELFORT IMPORTAÇÃO E DISTRIBUICAO DE PRODUTOS LTDA EPP, CNPJ: 09.213.849/0001-18 | C26: 23 | D26: Piso laminado vinílico, placas decorativas com estampagem digital de madeira com capa de uso de 0,5mm (modelo a definir); placas de aproximadamente 228x1830mm; espessura de 3mm a 5mm; resistente a abrasão e químicos classe T; resistente a uso interno e a cadeiras com rodízio; alta durabilidade; certificado da norma brasileira NBR 8660-classe2A; garantia mínima de 15 anos; com acessórios e serviço de instalação; regularização de contrapiso e acabamento inclusos; densidade ótica de fumaça (toxidade em caso de incêndio) menor que 450dm (norma ASTME 662); absorção de som ao impacto norma ASTME 989-06 = 10 decibéis; identação residual igual ou menor a 0,1mm; estabilidade dimensional EN 434 igual ou menor que 0,13mm. INSTALADO. cor a escolher | E26: Eucaflor | F26: 45-04 | G26: 33367002 | H26: m² | I26: 3336733 | J26: 166.67 | K26: 0 | L26: =IF(SUM(U26:AL26)>K26+N26,K26+N26,SUM(U26:AL26)) -> 0 | M26: =SUM(U26:AL26) -> 0 | N26: =0+0-0 -> 0 | O26: =ROUND(IF(K26*0.25-0.5<0,0,K26*0.25-0.5),0)-P26-R26 -> 0 | S26: =K26-(SUM(U26:AL26))+N26 -> 0 | T26: =IF(S26<0,"ATENÇÃO","OK") -> OK
C27: 24 | D27: Rodapé De Poliestireno 10cm De Altura Liso, instalado cor a escolher | E27: Eucaflor | F27: 45-04 | G27: 50422-3-390 | H27: m² | I27: 339030.24 | J27: 19.83 | K27: 0 | L27: =IF(SUM(U27:AL27)>K27+N27,K27+N27,SUM(U27:AL27)) -> 0 | M27: =SUM(U27:AL27) -> 0 | N27: =0+0-0 -> 0 | O27: =ROUND(IF(K27*0.25-0.5<0,0,K27*0.25-0.5),0)-P27-R27 -> 0 | S27: =K27-(SUM(U27:AL27))+N27 -> 0 | T27: =IF(S27<0,"ATENÇÃO","OK") -> OK
A28: 9 | B28: GEVAERD SERVICOS LTDA, CNPJ: 50.030.566/0001-34 | C28: 25 | D28: Kit de porta de madeira para pintura, semi-oca (leve ou média), padrão popular, 90x210cm, espessura de 3,5cm, itens inclusos: dobradiças, montagem e instalação do batente, fechadura com execução do furo - fornecimento e instalação | E28: Própria | F28: 02-48 | G28: 50073-0-006 | H28: unidade | I28: 339036.21 | J28: 1150 | K28: 0 | L28: =IF(SUM(U28:AL28)>K28+N28,K28+N28,SUM(U28:AL28)) -> 0 | M28: =SUM(U28:AL28) -> 0 | N28: =0+0-0 -> 0 | O28: =ROUND(IF(K28*0.25-0.5<0,0,K28*0.25-0.5),0)-P28-R28 -> 0 | S28: =K28-(SUM(U28:AL28))+N28 -> 0 | T28: =IF(S28<0,"ATENÇÃO","OK") -> OK
A29: 10 | B29: ESTRUTURAL OBRAS E SERVICOS LTDA, CNPJ: 64.170.650/0001-68 | C29: 26 | D29: Porta em alumínio de abrir tipo veneziana com guarnição, fixação com parafusos fornecimento e instalação. | E29: Própria | F29: 02-48 | G29: 10684-4-003 | H29: m² | I29: 339030.24 | J29: 550 | K29: 0 | L29: =IF(SUM(U29:AL29)>K29+N29,K29+N29,SUM(U29:AL29)) -> 0 | M29: =SUM(U29:AL29) -> 0 | N29: =0+0-0 -> 0 | O29: =ROUND(IF(K29*0.25-0.5<0,0,K29*0.25-0.5),0)-P29-R29 -> 0 | S29: =K29-(SUM(U29:AL29))+N29 -> 0 | T29: =IF(S29<0,"ATENÇÃO","OK") -> OK
C30: 27 | D30: Janela em alumínio, cor N/P/B, tipo moldura-vidro, de correr, exclusive vidro. Instalado | E30: Própria | F30: 45-06 | G30: 00320-4-025 | H30: m² | I30: 339030.24 | J30: 376.66 | K30: 0 | L30: =IF(SUM(U30:AL30)>K30+N30,K30+N30,SUM(U30:AL30)) -> 0 | M30: =SUM(U30:AL30) -> 0 | N30: =0+0-0 -> 0 | O30: =ROUND(IF(K30*0.25-0.5<0,0,K30*0.25-0.5),0)-P30-R30 -> 0 | S30: =K30-(SUM(U30:AL30))+N30 -> 0 | T30: =IF(S30<0,"ATENÇÃO","OK") -> OK
C31: 28 | D31: Janela em alumínio, cor N/P/B, tipo moldura-vidro, max-ar, exclusive vidro. Instalado | E31: Própria | F31: 45-06 | G31: 00320-4-025 | H31: m² | I31: 339030.24 | J31: 320 | K31: 0 | L31: =IF(SUM(U31:AL31)>K31+N31,K31+N31,SUM(U31:AL31)) -> 0 | M31: =SUM(U31:AL31) -> 0 | N31: =0+0-0 -> 0 | O31: =ROUND(IF(K31*0.25-0.5<0,0,K31*0.25-0.5),0)-P31-R31 -> 0 | S31: =K31-(SUM(U31:AL31))+N31 -> 0 | T31: =IF(S31<0,"ATENÇÃO","OK") -> OK
A32: 11 | B32: SLOW COFFEE BRASIL E PFD LTDA, CNPJ: 08.639.849/0001-11 | C32: 29 | D32: Linóleo para uso no solo de apresentações artísticas. Espessura mínima de 1mm e largura mínima de 1,40m | E32: LINÓLEO ECOLÓGICO | F32: 45-04 | G32: 03336-7-061 | H32: metro linear | I32: 339030.24 | J32: 37.51 | K32: 0 | L32: =IF(SUM(U32:AL32)>K32+N32,K32+N32,SUM(U32:AL32)) -> 0 | M32: =SUM(U32:AL32) -> 0 | N32: =0+0-0 -> 0 | O32: =ROUND(IF(K32*0.25-0.5<0,0,K32*0.25-0.5),0)-P32-R32 -> 0 | S32: =K32-(SUM(U32:AL32))+N32 -> 0 | T32: =IF(S32<0,"ATENÇÃO","OK") -> OK
C33: 30 | D33: Fita para aplicação de Linóleo, PVC aderência e resistência, não deixa resíduo de cola na superfície. 50mm largura X 30 Mt. | E33: LINÓLEO ECOLÓGICO | F33: 45-04 | G33: 03336-7-061 | H33: peça | I33: 339030.24 | J33: 17.67 | K33: 0 | L33: =IF(SUM(U33:AL33)>K33+N33,K33+N33,SUM(U33:AL33)) -> 0 | M33: =SUM(U33:AL33) -> 0 | N33: =0+0-0 -> 0 | O33: =ROUND(IF(K33*0.25-0.5<0,0,K33*0.25-0.5),0)-P33-R33 -> 0 | S33: =K33-(SUM(U33:AL33))+N33 -> 0 | T33: =IF(S33<0,"ATENÇÃO","OK") -> OK
A34: 12 | B34: TROPICAL MOVEIS E FERRAGENS LTDA, CNPJ: 40.898.065/0001-10 | C34: 31 | D34: Tábua para deck em pinus tratado (autoclave) com nó de 3 X 9 X 300cm. Tratamento pelos métodos de Preservação determinados pela Norma NBR 7190, da ABNT, com classe de risco CR4, sob vácuo e pressão em Autoclave. | E34: Zenóbio | F34: 45-02 | G34: 03746-0-004 | H34: peça | I34: 339030.24 | J34: 25.9 | K34: 0 | L34: =IF(SUM(U34:AL34)>K34+N34,K34+N34,SUM(U34:AL34)) -> 0 | M34: =SUM(U34:AL34) -> 0 | N34: =0+0-0 -> 0 | O34: =ROUND(IF(K34*0.25-0.5<0,0,K34*0.25-0.5),0)-P34-R34 -> 0 | S34: =K34-(SUM(U34:AL34))+N34 -> 0 | T34: =IF(S34<0,"ATENÇÃO","OK") -> OK
A35: 13 | B35: DELDUQUE COMERCIO E SERVIÇOS LTDA ME, CNPJ: 07.082.650/0001-72 | C35: 32 | D35: Divisória acústica com paredes de gesso acartonado, drywall, em estrutura metálica e revestida internamente com fibra de lã de rocha para isolamento acústico, com rodapé e rodateto em perfil de alumínio revestido nas faces com vedante de espuma de PVC autocolante. Faces duplas de chapas ST de 12,5mm, estrutura dupla e montantes a cada 60cm. Espessura total da parede ente 100mm e 180mm (conforme necessidade). Remover a anterior e instalar a nova. Incluir todos os acessórios necessários a sua instalação e pintura. Marca de referência: Placocenter. Instalada. | E35: Knaulf | F35: 45-08 | G35: 03960-8-047 | H35: m² | I35: 339030.24 | J35: 127.5 | K35: 0 | L35: =IF(SUM(U35:AL35)>K35+N35,K35+N35,SUM(U35:AL35)) -> 0 | M35: =SUM(U35:AL35) -> 0 | N35: =0+0-0 -> 0 | O35: =ROUND(IF(K35*0.25-0.5<0,0,K35*0.25-0.5),0)-P35-R35 -> 0 | S35: =K35-(SUM(U35:AL35))+N35 -> 0 | T35: =IF(S35<0,"ATENÇÃO","OK") -> OK
C36: 33 | D36: Divisória acústica com paredes de gesso acartonado, drywall, em estrutura metálica e revestida internamente com fibra de lã de rocha para isolamento acústico, com rodapé e rodateto em perfil de alumínio revestido nas faces com vedante de espuma de PVC autocolante. Faces duplas de chapas ST de 12,5mm, estrutura dupla e montantes a cada 60cm. Espessura total da parede ente 100mm e 180mm (conforme necessidade). Com vidros duplos de 6mm, temperados, com estrutura periférica em alumínio que permita a montagem de persianas em seu interior. Os vidros deverão ser apoiados em batentes de PVC para evitar vibrações. Incluir todos os acessórios necessários a sua instalação e pintura. Marca de referência: Placocenter. Instalada. | E36: Knaulf | F36: 45-08 | G36: 03960-8-047 | H36: m² | I36: 339030.24 | J36: 131 | K36: 0 | L36: =IF(SUM(U36:AL36)>K36+N36,K36+N36,SUM(U36:AL36)) -> 0 | M36: =SUM(U36:AL36) -> 0 | N36: =0+0-0 -> 0 | O36: =ROUND(IF(K36*0.25-0.5<0,0,K36*0.25-0.5),0)-P36-R36 -> 0 | S36: =K36-(SUM(U36:AL36))+N36 -> 0 | T36: =IF(S36<0,"ATENÇÃO","OK") -> OK
C37: 34 | D37: Porta acústica em madeira 0,90 x 2,10, espessura 80mm com visor em vidro duplo de 25 x25 cm. Para parede drywall, instalada. | E37: JB | F37: 45-08 | G37: 00319-0-024 | H37: Peça | I37: 339030.24 | J37: 3800 | K37: 0 | L37: =IF(SUM(U37:AL37)>K37+N37,K37+N37,SUM(U37:AL37)) -> 0 | M37: =SUM(U37:AL37) -> 0 | N37: =0+0-0 -> 0 | O37: =ROUND(IF(K37*0.25-0.5<0,0,K37*0.25-0.5),0)-P37-R37 -> 0 | S37: =K37-(SUM(U37:AL37))+N37 -> 0 | T37: =IF(S37<0,"ATENÇÃO","OK") -> OK
C38: 35 | D38: Porta de madeira angelim tipo pedra, semi-oca, lisa, para ser instalada em divisória acústica drywall e alvenaria. Porta com revestimento interno em lã de rocha. Tamanho 90cm X 2,10m, espessura da porta de no mínimo 3,5cm. Inclui forra, maçaneta, duas chaves e todos os acessórios necessários para a sua instalação. Cor natural, pronta para pintura. Instalada. | E38: JB | F38: 45-08 | G38: 00319-0-024 | H38: peça | I38: 339030.24 | J38: 650 | K38: 0 | L38: =IF(SUM(U38:AL38)>K38+N38,K38+N38,SUM(U38:AL38)) -> 0 | M38: =SUM(U38:AL38) -> 0 | N38: =0+0-0 -> 0 | O38: =ROUND(IF(K38*0.25-0.5<0,0,K38*0.25-0.5),0)-P38-R38 -> 0 | S38: =K38-(SUM(U38:AL38))+N38 -> 0 | T38: =IF(S38<0,"ATENÇÃO","OK") -> OK
A39: 14 | B39: GEVAERD SERVICOS LTDA, CNPJ: 50.030.566/0001-34 | C39: 36 | D39: Forro modular de fibra mineral AMF micro perfurado, medindo 625x625x15mm, com borda tegolar (rebaixada), instalado em estrutura com perfis de aço galvanizado em "T" invertido, pintado com tinta epóxi na cor branca ou cinza, com pendurais de arame galvanizado BWG 18. Remover o forro anterior e instalar o novo. Inclui todos os acessórios necessários para a sua instalação. Modelo de referência: Forrovid Boreal Isover. Instalado. | E39: Própria | F39: 45-02 | G39: 03541-6-008 | H39: metro | I39: 339030.24 | J39: 131.42 | K39: 0 | L39: =IF(SUM(U39:AL39)>K39+N39,K39+N39,SUM(U39:AL39)) -> 0 | M39: =SUM(U39:AL39) -> 0 | N39: =0+0-0 -> 0 | O39: =ROUND(IF(K39*0.25-0.5<0,0,K39*0.25-0.5),0)-P39-R39 -> 0 | S39: =K39-(SUM(U39:AL39))+N39 -> 0 | T39: =IF(S39<0,"ATENÇÃO","OK") -> OK
C40: 37 | D40: Remoção de forro, com destinação final dos resíduos. | E40: Própria | F40: 44-36 | G40: 50163-0-011 | H40: m² | I40: 339030.16 | J40: 7.68 | K40: 0 | L40: =IF(SUM(U40:AL40)>K40+N40,K40+N40,SUM(U40:AL40)) -> 0 | M40: =SUM(U40:AL40) -> 0 | N40: =0+0-0 -> 0 | O40: =ROUND(IF(K40*0.25-0.5<0,0,K40*0.25-0.5),0)-P40-R40 -> 0 | S40: =K40-(SUM(U40:AL40))+N40 -> 0 | T40: =IF(S40<0,"ATENÇÃO","OK") -> OK
A41: 15 | B41: GABRIEL FAGUNDES ZAMPIRON LTDA, CNPJ: 25.136.411/0001-30 | C41: 38 | D41: Divisória de vidro 10mm, junta seca. | E41: Cebrace | F41: 45-03 | G41: 03027-9-067 | H41: m² | I41: 339030.24 | J41: 220 | K41: 0 | L41: =IF(SUM(U41:AL41)>K41+N41,K41+N41,SUM(U41:AL41)) -> 0 | M41: =SUM(U41:AL41) -> 0 | N41: =0+0-0 -> 0 | O41: =ROUND(IF(K41*0.25-0.5<0,0,K41*0.25-0.5),0)-P41-R41 -> 0 | S41: =K41-(SUM(U41:AL41))+N41 -> 0 | T41: =IF(S41<0,"ATENÇÃO","OK") -> OK
C42: 39 | D42: Porta de vidro temperado incolor com espessura de 10mm, completa. porta pivotante. deverá ser entregue devidamente instalada, incluindo acessórios necessários: dobradiças, fechadura, cantoneira, maçaneta, ferragem superior e inferior, parafusos. | E42: Cebrace | F42: 45-02 | G42: 2803-7-020 | H42: m² | I42: 339030.24 | J42: 530 | K42: 0 | L42: =IF(SUM(U42:AL42)>K42+N42,K42+N42,SUM(U42:AL42)) -> 0 | M42: =SUM(U42:AL42) -> 0 | N42: =0+0-0 -> 0 | O42: =ROUND(IF(K42*0.25-0.5<0,0,K42*0.25-0.5),0)-P42-R42 -> 0 | S42: =K42-(SUM(U42:AL42))+N42 -> 0 | T42: =IF(S42<0,"ATENÇÃO","OK") -> OK
C43: 40 | D43: Porta de vidro temperado incolor com espessura de 10mm, completa, com uma ou duas folhas de correr. deverá ser entregue devidamente instalada, incluindo acessórios necessários: roldana, trilho superior e inferior, fechadura, capa, limitador, batente central e perfil central em alumínio, parafusos. | E43: Cebrace | F43: 45-02 | G43: 02803-7-017 | H43: peça | I43: 339030.24 | J43: 530 | K43: 0 | L43: =IF(SUM(U43:AL43)>K43+N43,K43+N43,SUM(U43:AL43)) -> 0 | M43: =SUM(U43:AL43) -> 0 | N43: =0+0-0 -> 0 | O43: =ROUND(IF(K43*0.25-0.5<0,0,K43*0.25-0.5),0)-P43-R43 -> 0 | S43: =K43-(SUM(U43:AL43))+N43 -> 0 | T43: =IF(S43<0,"ATENÇÃO","OK") -> OK
C44: 41 | D44: Mola hidráulica de piso para porta de vidro temperado. Instalada. | E44: Cebrace | F44: 45-06 | G44: 02804-5-006 | H44: peça | I44: 339030.24 | J44: 700 | K44: 0 | L44: =IF(SUM(U44:AL44)>K44+N44,K44+N44,SUM(U44:AL44)) -> 0 | M44: =SUM(U44:AL44) -> 0 | N44: =0+0-0 -> 0 | O44: =ROUND(IF(K44*0.25-0.5<0,0,K44*0.25-0.5),0)-P44-R44 -> 0 | S44: =K44-(SUM(U44:AL44))+N44 -> 0 | T44: =IF(S44<0,"ATENÇÃO","OK") -> OK
C45: 42 | D45: Mola hidraulica aérea para porta de vidro, instalada. | E45: Cebrace | F45: 45-06 | G45: 02804-5-006 | H45: peça | I45: 339030.24 | J45: 200 | K45: 0 | L45: =IF(SUM(U45:AL45)>K45+N45,K45+N45,SUM(U45:AL45)) -> 0 | M45: =SUM(U45:AL45) -> 0 | N45: =0+0-0 -> 0 | O45: =ROUND(IF(K45*0.25-0.5<0,0,K45*0.25-0.5),0)-P45-R45 -> 0 | S45: =K45-(SUM(U45:AL45))+N45 -> 0 | T45: =IF(S45<0,"ATENÇÃO","OK") -> OK
A46: 16 | B46: GEVAERD SERVICOS LTDA, CNPJ: 50.030.566/0001-34 | C46: 43 | D46: Parede Drywall 120/90/600 -1ST12,5/1ST12,5: Com 120mm de espessura é composta 1 placa ST12,5mm de cada lado, parafusadas em perfilados aço zincadas 90mm espaçados – acabamento com fita e massa - INSTALADO | E46: Própria | F46: 45-08 | G46: 3960-8-060 | H46: m² | I46: 339030.24 | J46: 121.83 | K46: 0 | L46: =IF(SUM(U46:AL46)>K46+N46,K46+N46,SUM(U46:AL46)) -> 0 | M46: =SUM(U46:AL46) -> 0 | N46: =0+0-0 -> 0 | O46: =ROUND(IF(K46*0.25-0.5<0,0,K46*0.25-0.5),0)-P46-R46 -> 0 | S46: =K46-(SUM(U46:AL46))+N46 -> 0 | T46: =IF(S46<0,"ATENÇÃO","OK") -> OK
C47: 44 | D47: Porta para parede DRYWALL 0,80x2,10 - COR A DEFINIR - INSTALADO | E47: Própria | F47: 45-06 | G47: 12093-6-021 | H47: peça | I47: 339030.24 | J47: 590 | K47: 0 | L47: =IF(SUM(U47:AL47)>K47+N47,K47+N47,SUM(U47:AL47)) -> 0 | M47: =SUM(U47:AL47) -> 0 | N47: =0+0-0 -> 0 | O47: =ROUND(IF(K47*0.25-0.5<0,0,K47*0.25-0.5),0)-P47-R47 -> 0 | S47: =K47-(SUM(U47:AL47))+N47 -> 0 | T47: =IF(S47<0,"ATENÇÃO","OK") -> OK
A48: 17 | B48: GBS VIDRAÇARIA E INSTALAÇÕES LTDA, CNPJ: 27.035.730/0001-84 | C48: 45 | D48: Chapa de Policarbonato Alveolar. Cor: Fumê - Espessura: 6 mm - Largura: 1050 mm - Comprimento: 6000 mm | E48: Própria | F48: 52-02 | G48: 00475-8-004 | H48: m² | I48: 339030.33 | J48: 321 | K48: 0 | L48: =IF(SUM(U48:AL48)>K48+N48,K48+N48,SUM(U48:AL48)) -> 0 | M48: =SUM(U48:AL48) -> 0 | N48: =0+0-0 -> 0 | O48: =ROUND(IF(K48*0.25-0.5<0,0,K48*0.25-0.5),0)-P48-R48 -> 0 | S48: =K48-(SUM(U48:AL48))+N48 -> 0 | T48: =IF(S48<0,"ATENÇÃO","OK") -> OK
A49: 18 | B49: GABRIEL FAGUNDES ZAMPIRON LTDA, CNPJ: 25.136.411/0001-30 | C49: 46 | D49: Pintura para interiores, sobre paredes, com lixamento, aplicação de 01 demão de líquido selador acrílico, 02 demãos de massa acrílica e 02 demãos de tinta acrílica convencional - Rev 01 | E49: Própria | F49: 44-36 | G49: 50164-0-010 | H49: unidade | I49: 339030.16 | J49: 52.5 | K49: 0 | L49: =IF(SUM(U49:AL49)>K49+N49,K49+N49,SUM(U49:AL49)) -> 0 | M49: =SUM(U49:AL49) -> 0 | N49: =0+0-0 -> 0 | O49: =ROUND(IF(K49*0.25-0.5<0,0,K49*0.25-0.5),0)-P49-R49 -> 0 | S49: =K49-(SUM(U49:AL49))+N49 -> 0 | T49: =IF(S49<0,"ATENÇÃO","OK") -> OK
A50: 19 | B50: GEVAERD SERVICOS LTDA, CNPJ: 50.030.566/0001-34 | C50: 47 | D50: Fornecimento e instalação de placas de forro de fibra mineral, espessura de 15 mm, nas modulações 600x1200 mm e 600x600 mm, ref. hunter douglas, armstrong ou equivalente técnico | E50: Própria | F50: 45-01 | G50: 50422-3-389 | H50: m² | I50: 339030.24 | J50: 153.33 | K50: 0 | L50: =IF(SUM(U50:AL50)>K50+N50,K50+N50,SUM(U50:AL50)) -> 0 | M50: =SUM(U50:AL50) -> 0 | N50: =0+0-0 -> 0 | O50: =ROUND(IF(K50*0.25-0.5<0,0,K50*0.25-0.5),0)-P50-R50 -> 0 | S50: =K50-(SUM(U50:AL50))+N50 -> 0 | T50: =IF(S50<0,"ATENÇÃO","OK") -> OK
A51: 20 | B51: ESTRUTURAL OBRAS E SERVICOS LTDA, CNPJ: 64.170.650/0001-68 | C51: 48 | D51: Divisórias Piso-teto com 85mm de espessura sendo composta por painéis VIDRO ÚNICO. Vidros laminado de segurança 6mm cada face (3mm+PVB+3mm). Estrutura em alumínio PERFIL ANODIZADO COM PINTURA EPOXI GRAFITE. Guarnições de borracha para melhor atenuação acústica nas portas, painéis de vidros e perfis estrututais. Espaço interno de 50mm para instalação de cabeamentos. Painéis de saque frontal. Porta de giro, folha única, VIDRO DUPLO, com montantes em alumínio. Fechaduras e dobradiças em aço inox escovado. Instalado. | E51: Própria | F51: 45-08 | G51: 50422-3-180 | H51: m² | I51: 339030.24 | J51: 953.86 | K51: 0 | L51: =IF(SUM(U51:AL51)>K51+N51,K51+N51,SUM(U51:AL51)) -> 0 | M51: =SUM(U51:AL51) -> 0 | N51: =0+0-0 -> 0 | O51: =ROUND(IF(K51*0.25-0.5<0,0,K51*0.25-0.5),0)-P51-R51 -> 0 | S51: =K51-(SUM(U51:AL51))+N51 -> 0 | T51: =IF(S51<0,"ATENÇÃO","OK") -> OK
C52: 49 | D52: Divisórias Piso-teto com 85mm de espessura sendo composta por painéis VIDRO DUPLO. Vidros laminado de segurança 6mm cada face (3mm+PVB+3mm). Estrutura em alumínio PERFIL ANODIZADO COM PINTURA EPOXI GRAFITE. Guarnições de borracha para melhor atenuação acústica nas portas, painéis de vidros e perfis estrututais. Espaço interno de 50mm para instalação de cabeamentos. Painéis de saque frontal. Porta de giro, folha única, VIDRO DUPLO, com montantes em alumínio. Fechaduras e dobradiças em aço inox escovado. Instalado | E52: Própria | F52: 45-08 | G52: 50422-3-181 | H52: m² | I52: 33.90.30.24 | J52: 1290.84 | K52: 0 | L52: =IF(SUM(U52:AL52)>K52+N52,K52+N52,SUM(U52:AL52)) -> 0 | M52: =SUM(U52:AL52) -> 0 | N52: =0+0-0 -> 0 | O52: =ROUND(IF(K52*0.25-0.5<0,0,K52*0.25-0.5),0)-P52-R52 -> 0 | S52: =K52-(SUM(U52:AL52))+N52 -> 0 | T52: =IF(S52<0,"ATENÇÃO","OK") -> OK
K53: =SUM(K4:K52) -> 3 | L53: =SUM(L4:L52) -> 3 | M53: =SUM(M4:M52) -> 3 | N53: =SUM(N4:N52) -> 0 | O53: =SUM(O4:O52) -> 0 | P53: =SUM(P4:P52) -> 0 | Q53: =SUM(Q4:Q52) -> 0 | R53: =SUM(R4:R52) -> 0 | S53: =SUM(S4:S52) -> 0 | U53: =SUMPRODUCT($J$4:$J$52,U4:U52) -> 193.95 | V53: =SUMPRODUCT($J$4:$J$52,V4:V52) -> 0 | W53: =SUMPRODUCT($J$4:$J$52,W4:W52) -> 0 | X53: =SUMPRODUCT($J$4:$J$52,X4:X52) -> 0 | Y53: =SUMPRODUCT($J$4:$J$52,Y4:Y52) -> 0 | Z53: =SUMPRODUCT($J$4:$J$52,Z4:Z52) -> 0 | AA53: =SUMPRODUCT($J$4:$J$52,AA4:AA52) -> 0 | AB53: =SUMPRODUCT($J$4:$J$52,AB4:AB52) -> 0 | ... AL53: =SUMPRODUCT($J$4:$J$52,AL4:AL52) -> 0
K54: =SUMPRODUCT($J$4:$J$52,K4:K52) -> 193.95 | L54: =SUMPRODUCT($J$4:$J$52,L4:L52) -> 193.95 | M54: =SUMPRODUCT($J$4:$J$52,M4:M52) -> 193.95 | N54: =SUMPRODUCT($J$4:$J$52,N4:N52) -> 0 | O54: =SUMPRODUCT($J$4:$J$52,O4:O52) -> 0 | P54: =SUMPRODUCT($J$4:$J$52,P4:P52) -> 0 | Q54: =SUMPRODUCT($J$4:$J$52,Q4:Q52) -> 0 | R54: =SUMPRODUCT($J$4:$J$52,R4:R52) -> 0
D55: OBS:
D56: Prazo de Entrega: 10 dias
D57: Prazo de Pagamento: 30 dias

Sheet FAED
A1: PE 0637/2026 SRP - (SGPE DE ORIGEM: 41139.2025) | D1: OBJETO: Aquisição de Divisórias, Vidros, Cortinas e Similares para o CAMPUS I, CERES, CESFI, CEAVI da Universidade do Estado de Santa Catarina (UDESC) | K1: VIGÊNCIA DA ATA: 28/04/2026 a 28/04/2027 | U1: AF/OS nº 916/2026 (Quantidade) | V1: AF/OS nº 1100/2026 (Quantidade) | W1: AF/OS nº 1252/2026 - SGPE 25588/2026 | X1: AF/OS nº 1350/2026 (Quantidade) | Y1: AF/OS nº 1526/2026 (Quantidade) | Z1: AF/OS nº xxxx/2026 (Quantidade) | AA1: AF/OS nº xxxx/2026 (Quantidade) | AB1: AF/OS nº xxxx/2026 (Quantidade) | AC1: AF/OS nº xxxx/2026 (Quantidade) | AD1: AF/OS nº xxxx/2026 (Quantidade) | AE1: AF/OS nº xxxx/2026 (Quantidade) | AF1: AF/OS nº xxxx/2026 (Quantidade) | AG1: AF/OS nº xxxx/2026 (Quantidade) | AH1: AF/OS nº xxxx/2026 (Quantidade) | AI1: AF/OS nº xxxx/2026 (Quantidade) | AJ1: AF/OS nº xxxx/2026 (Quantidade) | AK1: AF/OS nº xxxx/2026 (Quantidade) | AL1: AF/OS nº xxxx/2026 (Quantidade)
A2: CENTRO PARTICIPANTE: FAED | U2: GABRIEL FAGUNDES ZAMPIRON LTDA | V2: TROPICAL MOVEIS E FERRAGENS LTDA | W2: ESTRUTURAL OBRAS E SERVICOS LTDA | X2: [EMPRESA] | Y2: [EMPRESA] | Z2: [EMPRESA] | AA2: [EMPRESA] | AB2: [EMPRESA] | AC2: [EMPRESA] | AD2: [EMPRESA] | AE2: [EMPRESA] | AF2: [EMPRESA] | AG2: [EMPRESA] | AH2: [EMPRESA] | AI2: [EMPRESA] | AJ2: [EMPRESA] | AK2: [EMPRESA] | AL2: [EMPRESA]
A3: Lote | B3: Empresa | C3: Item | D3: Descrição | E3: Marca/Modelo | F3: Grupo-Classe | G3: Código NUC | H3: Unidade | I3: Detalhamento | J3: Preço UNITÁRIO | K3: Qtde Registrada | L3: Quantidade UTILIZADA da Ata | M3: Quantidade UTILIZADA TOTAL | N3: Quantidade Recebida/ Cedida | O3: QUANTIDADE DISPONÍVEL PARA ADITIVAR | P3: Quantidade Aditivada Própria | Q3: Quantidade Aditivos Recebidos | R3: Quantidade Aditivos Cedidos | S3: Saldo / Automático | T3: ALERTA | U3: 46182 | V3: 46209 | W3: 46224 | X3: 46239 | Y3: 46258 | Z3: ...../...../2031 | AA3: ...../...../2032 | AB3: ...../...../2033 | AC3: ...../...../2034 | AD3: ...../...../2035 | AE3: ...../...../2036 | AF3: ...../...../2037 | AG3: ...../...../2038 | AH3: ...../...../2039 | AI3: ...../...../2040 | AJ3: ...../...../2041 | AK3: ...../...../2042 | AL3: ...../...../2043
A4: 1 | B4: GABRIEL FAGUNDES ZAMPIRON LTDA, CNPJ: 25.136.411/0001-30 | C4: 1 | D4: Espelho cristal 4mm. Instalado. Com moldura em alumínio e compensado 6mm plastificado colado. Considerar retirada do vidro existente se houver. | E4: Cebrace | F4: 45-03 | G4: 03027-9-065 | H4: m² | I4: 339030.24 | J4: 150 | K4: 82 | L4: =IF(SUM(U4:AL4)>K4+N4,K4+N4,SUM(U4:AL4)) -> 41 | M4: =SUM(U4:AL4) -> 41 | N4: =0+0-0 -> 0 | O4: =ROUND(IF(K4*0.25-0.5<0,0,K4*0.25-0.5),0)-P4-R4 -> 20 | S4: =K4-(SUM(U4:AL4))+N4 -> 41 | T4: =IF(S4<0,"ATENÇÃO","OK") -> OK | U4: 41
C5: 2 | D5: Vidro mini-boreal incolor, 3mm. Instalado. | E5: Cebrace | F5: 45-03 | G5: 03027-9-027 | H5: m² | I5: 339030.24 | J5: 70 | K5: 100 | L5: =IF(SUM(U5:AL5)>K5+N5,K5+N5,SUM(U5:AL5)) -> 2 | M5: =SUM(U5:AL5) -> 2 | N5: =0+0-0 -> 0 | O5: =ROUND(IF(K5*0.25-0.5<0,0,K5*0.25-0.5),0)-P5-R5 -> 25 | S5: =K5-(SUM(U5:AL5))+N5 -> 98 | T5: =IF(S5<0,"ATENÇÃO","OK") -> OK | U5: 2
C6: 3 | D6: Fornecimento e instalação de vidro liso 3mm, incolor, incluindo massa/filete de espuma em ambas as faces, acabamento e retirada do vidro e massa anterior se houver. | E6: Cebrace | F6: 45-03 | G6: 03027-9-027 | H6: m² | I6: 339030.24 | J6: 90 | K6: 0 | L6: =IF(SUM(U6:AL6)>K6+N6,K6+N6,SUM(U6:AL6)) -> 0 | M6: =SUM(U6:AL6) -> 0 | N6: =0+0-0 -> 0 | O6: =ROUND(IF(K6*0.25-0.5<0,0,K6*0.25-0.5),0)-P6-R6 -> 0 | S6: =K6-(SUM(U6:AL6))+N6 -> 0 | T6: =IF(S6<0,"ATENÇÃO","OK") -> OK
C7: 4 | D7: Fornecimento e instalação de vidro liso 4mm, incolor, incluindo massa/filete de espuma em ambas as faces, acabamento e retirada do vidro e massa anterior se houver. | E7: Cebrace | F7: 45-03 | G7: 03027-9-065 | H7: m² | I7: 339030.24 | J7: 125 | K7: 100 | L7: =IF(SUM(U7:AL7)>K7+N7,K7+N7,SUM(U7:AL7)) -> 17 | M7: =SUM(U7:AL7) -> 17 | N7: =0+0-0 -> 0 | O7: =ROUND(IF(K7*0.25-0.5<0,0,K7*0.25-0.5),0)-P7-R7 -> 25 | S7: =K7-(SUM(U7:AL7))+N7 -> 83 | T7: =IF(S7<0,"ATENÇÃO","OK") -> OK | U7: 5 | Y7: 12
C8: 5 | D8: Fornecimento e instalação de vidro liso 5mm, incolor, incluindo massa/filete de espuma em ambas as faces, acabamento e retirada do vidro e massa anterior se houver. | E8: Cebrace | F8: 45-03 | G8: 03027-9-028 | H8: m² | I8: 339030.24 | J8: 100 | K8: 250 | L8: =IF(SUM(U8:AL8)>K8+N8,K8+N8,SUM(U8:AL8)) -> 5 | M8: =SUM(U8:AL8) -> 5 | N8: =0+0-0 -> 0 | O8: =ROUND(IF(K8*0.25-0.5<0,0,K8*0.25-0.5),0)-P8-R8 -> 62 | S8: =K8-(SUM(U8:AL8))+N8 -> 245 | T8: =IF(S8<0,"ATENÇÃO","OK") -> OK | U8: 5
A9: 2 | B9: DELDUQUE COMERCIO E SERVIÇOS LTDA ME, CNPJ: 07.082.650/0001-72 | C9: 6 | D9: Fornecimento de divisórias em painéis com espessura de 35mm, com miolo em colméia em kraft de alta gramatura e estrutura em aço galvanizado com pintura em epóxi-poliester pó. Colocação programada e cor do painel a escolher. Instalada. | E9: Eucatex | F9: 45-08 | G9: 03960-8-012 | H9: m² | I9: 339030.24 | J9: 93.99 | K9: 400 | L9: =IF(SUM(U9:AL9)>K9+N9,K9+N9,SUM(U9:AL9)) -> 0 | M9: =SUM(U9:AL9) -> 0 | N9: =0+0-0 -> 0 | O9: =ROUND(IF(K9*0.25-0.5<0,0,K9*0.25-0.5),0)-P9-R9 -> 100 | S9: =K9-(SUM(U9:AL9))+N9 -> 400 | T9: =IF(S9<0,"ATENÇÃO","OK") -> OK
C10: 7 | D10: Fornecimento de divisórias em painéis com espessura de 35mm, com miolo em colméia em kraft de alta gramatura e estrutura em aço galvanizado com pintura em epóxi-poliester pó. Estrutura com Módulo de vidro de espessura mínima de 4mm (vidro incluido na cotação). Painel de divisórias e bandeira em vidro com altura a ser definido na AF, fazendo a estrutura ficar com "painel, vidro e painel" ou "painel e vidro". Colocação programada e cor a escolher. Instalado. | E10: Eucatex | F10: 45-08 | G10: 03960-8-012 | H10: m² | I10: 339030.24 | J10: 115 | K10: 50 | L10: =IF(SUM(U10:AL10)>K10+N10,K10+N10,SUM(U10:AL10)) -> 0 | M10: =SUM(U10:AL10) -> 0 | N10: =0+0-0 -> 0 | O10: =ROUND(IF(K10*0.25-0.5<0,0,K10*0.25-0.5),0)-P10-R10 -> 12 | S10: =K10-(SUM(U10:AL10))+N10 -> 50 | T10: =IF(S10<0,"ATENÇÃO","OK") -> OK
C11: 8 | D11: Porta de abrir eixo vertical, 90X210cm em painéis divisórias, cor a definir. Com miolo em colméia e estrutura em aço com pintura em epóxi na cor preta, bege ou branca, completa (com maçaneta tipo alavanca, chave e dobradiças). Compatíveis com as divisórias existentes. Instalada. | E11: Eucatex | F11: 45-08 | G11: 07626-0-001 | H11: peça | I11: 339030.24 | J11: 260 | K11: 20 | L11: =IF(SUM(U11:AL11)>K11+N11,K11+N11,SUM(U11:AL11)) -> 0 | M11: =SUM(U11:AL11) -> 0 | N11: =0+0-0 -> 0 | O11: =ROUND(IF(K11*0.25-0.5<0,0,K11*0.25-0.5),0)-P11-R11 -> 5 | S11: =K11-(SUM(U11:AL11))+N11 -> 20 | T11: =IF(S11<0,"ATENÇÃO","OK") -> OK
C12: 9 | D12: Porta para divisórias em painéis de espessura 35mm, com miolo tipo colméia em kraft de alta gramatura, estrutura em aço galvanizado, com pintura epóxi-poliester pó. Colocação programada e cor a definir. Medidas da porta: 0,80x2,10m. Instalada. | E12: Eucatex | F12: 45-08 | G12: 07626-0-001 | H12: peça | I12: 339030.24 | J12: 250 | K12: 20 | L12: =IF(SUM(U12:AL12)>K12+N12,K12+N12,SUM(U12:AL12)) -> 0 | M12: =SUM(U12:AL12) -> 0 | N12: =0+0-0 -> 0 | O12: =ROUND(IF(K12*0.25-0.5<0,0,K12*0.25-0.5),0)-P12-R12 -> 5 | S12: =K12-(SUM(U12:AL12))+N12 -> 20 | T12: =IF(S12<0,"ATENÇÃO","OK") -> OK
C13: 10 | D13: Serviço de desmontagem de divisórias em painéis com espessura de 35mm, miolo em colméia, estrutura em aço ou alumínio. | E13: Própria | F13: 02-30 | G13: 50056-0-015 | H13: m² | I13: 339039.16 | J13: 8 | K13: 300 | L13: =IF(SUM(U13:AL13)>K13+N13,K13+N13,SUM(U13:AL13)) -> 0 | M13: =SUM(U13:AL13) -> 0 | N13: =0+0-0 -> 0 | O13: =ROUND(IF(K13*0.25-0.5<0,0,K13*0.25-0.5),0)-P13-R13 -> 75 | S13: =K13-(SUM(U13:AL13))+N13 -> 300 | T13: =IF(S13<0,"ATENÇÃO","OK") -> OK
C14: 11 | D14: Serviço de montagem de divisórias em painéis com espessura de 35mm, miolo em colméia, estrutura em aço ou alumínio. | E14: Própria | F14: 02-30 | G14: 50056-0-016 | H14: m² | I14: 339039.16 | J14: 7 | K14: 450 | L14: =IF(SUM(U14:AL14)>K14+N14,K14+N14,SUM(U14:AL14)) -> 0 | M14: =SUM(U14:AL14) -> 0 | N14: =0+0-0 -> 0 | O14: =ROUND(IF(K14*0.25-0.5<0,0,K14*0.25-0.5),0)-P14-R14 -> 112 | S14: =K14-(SUM(U14:AL14))+N14 -> 450 | T14: =IF(S14<0,"ATENÇÃO","OK") -> OK
A15: 3 | B15: GEVAERD SERVICOS LTDA, CNPJ: 50.030.566/0001-34 | C15: 12 | D15: Película profissional refletiva para redução de temperatura e de incidência dos raios UV. Instalada. | E15: Própria | F15: 04-36 | G15: 50240-0-001 | H15: por serviço | I15: 449051.95 | J15: 48.78 | K15: 300 | L15: =IF(SUM(U15:AL15)>K15+N15,K15+N15,SUM(U15:AL15)) -> 0 | M15: =SUM(U15:AL15) -> 0 | N15: =0+0-0 -> 0 | O15: =ROUND(IF(K15*0.25-0.5<0,0,K15*0.25-0.5),0)-P15-R15 -> 75 | S15: =K15-(SUM(U15:AL15))+N15 -> 300 | T15: =IF(S15<0,"ATENÇÃO","OK") -> OK
A16: 4 | B16: LOFTY FLEX PERSIANAS / (M. GIROLDO DECORA LTDA) - ME, CNPJ: 18.900.026/0001-51 | C16: 13 | D16: Persiana em rolo. Acionamento manual, com opção de montagem bilateral.; tipo tela solar, produzida em fibra de vidro e PVC antichama; atóxica; translúcida; fator de abertura de 5%; espessura mínima 0,5mm; largura máxima 2,0m; bloqueio mínimo de 90% de raios UV; lavável; com estabilidade dimensional (não estica ou deforma com as variações de temperatura). Com tubo enrolador e perfil inferior em alumínio; acionamento por corrente tipo standard com cordão de poliéster; enrolamento padrão (tecido recolhido por trás do tubo enrolador); cores preferenciais branca ou bege/off-white, ou cinza claro. O produto deverá ser instalado pelo fornecedor, sendo admitidos vãos (frestas) de até 4cm entre cortinas instaladas lado a lado. Garantia mínima 1 ano da cortina, sobre defeitos de fabricação ou vicio oculto. | E16: Própria | F16: 16-02 | G16: 12254-8-005 | H16: m² | I16: 339030.24 | J16: 102.5 | K16: 120 | L16: =IF(SUM(U16:AL16)>K16+N16,K16+N16,SUM(U16:AL16)) -> 0 | M16: =SUM(U16:AL16) -> 0 | N16: =0+0-0 -> 0 | O16: =ROUND(IF(K16*0.25-0.5<0,0,K16*0.25-0.5),0)-P16-R16 -> 30 | S16: =K16-(SUM(U16:AL16))+N16 -> 120 | T16: =IF(S16<0,"ATENÇÃO","OK") -> OK
C17: 14 | D17: Cortina ROLO BlackOut, tecido vinílico, pode ser enrolada ou desenrolada num tubo superior e desta forma pode ser recolhida totalmente. Dimensões aproximadas em 2m (L) x 1,60m (A). Instalação contratada por metro quadrado. O valor da confecção compreende o valor global do metro quadrado, incluindo mão de obra de instalação e os acessórios necessários. | E17: Própria | F17: 16-02 | G17: 12337-4-003 | H17: m² | I17: 339030.24 | J17: 102.5 | K17: 150 | L17: =IF(SUM(U17:AL17)>K17+N17,K17+N17,SUM(U17:AL17)) -> 0 | M17: =SUM(U17:AL17) -> 0 | N17: =0+0-0 -> 0 | O17: =ROUND(IF(K17*0.25-0.5<0,0,K17*0.25-0.5),0)-P17-R17 -> 37 | S17: =K17-(SUM(U17:AL17))+N17 -> 150 | T17: =IF(S17<0,"ATENÇÃO","OK") -> OK
A18: 5 | B18: BELA CASA CORTINAS LTDA, CNPJ: 10.140.785/0001-51 | C18: 15 | D18: Persiana vertical em tecido resinado RAMI natural com blackout em faixas de no mínimo 9cm, guias para abrir e fechar e mudança de posição (controle de entrada de luz) cor a definir, instalada. (para cálculos da cotação utilizar altura média de 1,60m). | E18: Franper | F18: 16-02 | G18: 12254-8-009 | H18: m² | I18: 339030.24 | J18: 105 | K18: 60 | L18: =IF(SUM(U18:AL18)>K18+N18,K18+N18,SUM(U18:AL18)) -> 0 | M18: =SUM(U18:AL18) -> 0 | N18: =0+0-0 -> 0 | O18: =ROUND(IF(K18*0.25-0.5<0,0,K18*0.25-0.5),0)-P18-R18 -> 15 | S18: =K18-(SUM(U18:AL18))+N18 -> 60 | T18: =IF(S18<0,"ATENÇÃO","OK") -> OK
C19: 16 | D19: Persiana vertical em tecido resinado RAMI natural - em faixas de no mín. 9 cm, guias para abrir e fechar e mudança de posição (controle a entrada de luz). Cor a definir. Instalada. (para cálculos da cotação utilizar altura média de 1,60m). | E19: Franper | F19: 16-02 | G19: 12254-8-004 | H19: m² | I19: 339030.24 | J19: 80 | K19: 60 | L19: =IF(SUM(U19:AL19)>K19+N19,K19+N19,SUM(U19:AL19)) -> 0 | M19: =SUM(U19:AL19) -> 0 | N19: =0+0-0 -> 0 | O19: =ROUND(IF(K19*0.25-0.5<0,0,K19*0.25-0.5),0)-P19-R19 -> 15 | S19: =K19-(SUM(U19:AL19))+N19 -> 60 | T19: =IF(S19<0,"ATENÇÃO","OK") -> OK
C20: 17 | D20: Persiana horizontal de alumínio com lâminas de 50mm, não-perfurada, que permita ser utilizada por meio de um cordão e haste. Completa, inclui todos os acessórios necessários para a sua instalação e funcionamento. Modelo de referência: Haste e Cordão/Luxaflex. instalada. | E20: Franper | F20: 16-02 | G20: 12254-8-004 | H20: m² | I20: 339030.24 | J20: 185 | K20: 60 | L20: =IF(SUM(U20:AL20)>K20+N20,K20+N20,SUM(U20:AL20)) -> 0 | M20: =SUM(U20:AL20) -> 0 | N20: =0+0-0 -> 0 | O20: =ROUND(IF(K20*0.25-0.5<0,0,K20*0.25-0.5),0)-P20-R20 -> 15 | S20: =K20-(SUM(U20:AL20))+N20 -> 60 | T20: =IF(S20<0,"ATENÇÃO","OK") -> OK
C21: 18 | D21: Persiana horizontal de alumínio com lâminas de 50mm, modelo blackout, sem furos, que permita ser utilizada por meio de um cordão e haste. Completa, inclui todos os acessórios necessários para a sua instalação e funcionamento. Modelo de referência: Haste e Cordão/Luxaflex. instalada. | E21: Franper | F21: 16-02 | G21: 12254-8-004 | H21: m² | I21: 339030.24 | J21: 185 | K21: 120 | L21: =IF(SUM(U21:AL21)>K21+N21,K21+N21,SUM(U21:AL21)) -> 0 | M21: =SUM(U21:AL21) -> 0 | N21: =0+0-0 -> 0 | O21: =ROUND(IF(K21*0.25-0.5<0,0,K21*0.25-0.5),0)-P21-R21 -> 30 | S21: =K21-(SUM(U21:AL21))+N21 -> 120 | T21: =IF(S21<0,"ATENÇÃO","OK") -> OK
A22: 6 | B22: TOK DE GLAMOUR COSMÉTICOS LTDA, CNPJ: 23.318.560/0001-94 | C22: 19 | D22: Cortina manual em tecido blackout 100%, lavável, com cor a definir, fornecimento e fixação de varão trilho suíço deslizante na parede ou teto, rodízios deslizantes instalados, contendo franzimento de 2 vezes a metragem. (Para medida do m² será considerado a área a ser coberta e não a metragem de tecido utilizada, para cálculos da cotação utilizar altura média de 1,80m). Instaladas | E22: Própria | F22: 16-02 | G22: 12337-4-012 | H22: m² | I22: 339030.24 | J22: 64.65 | K22: 260 | L22: =IF(SUM(U22:AL22)>K22+N22,K22+N22,SUM(U22:AL22)) -> 0 | M22: =SUM(U22:AL22) -> 0 | N22: =0+0-0 -> 0 | O22: =ROUND(IF(K22*0.25-0.5<0,0,K22*0.25-0.5),0)-P22-R22 -> 65 | S22: =K22-(SUM(U22:AL22))+N22 -> 260 | T22: =IF(S22<0,"ATENÇÃO","OK") -> OK
C23: 20 | D23: Cortina em tecido poliéster corta luz/blackout, ilhós, com 01 varão, instalada, em dimensões aproximadas em 2m(L) x 1,60m (A). Instalação contratada por metro quadrado com mão-de-obra. O valor da confecção compreende o valor global do metro quadrado, incluindo mão de obra de instalação e os acessórios/peças necessários. | E23: Própria | F23: 16-02 | G23: 12337-4-007 | H23: m² | I23: 339030.24 | J23: 64.65 | K23: 120 | L23: =IF(SUM(U23:AL23)>K23+N23,K23+N23,SUM(U23:AL23)) -> 0 | M23: =SUM(U23:AL23) -> 0 | N23: =0+0-0 -> 0 | O23: =ROUND(IF(K23*0.25-0.5<0,0,K23*0.25-0.5),0)-P23-R23 -> 30 | S23: =K23-(SUM(U23:AL23))+N23 -> 120 | T23: =IF(S23<0,"ATENÇÃO","OK") -> OK
C24: 21 | D24: Cortina com tecido Corta Luz/ Blackout liso, composição 100% poliéster lavável. Sistema “trilho suíço branco uma via”, ou superior. Cor a ser definida, com possibilidade de troca de cor, em comum acordo das partes – desde que não altere o valor do metro proposto. Dimensões aproximadas em 2m (L) x 1,60m (A). Instalação contratada por metro quadrado. O valor da confecção compreende o valor global do metro quadrado, incluindo mão de obra de instalação e os acessórios necessários (tecidos, trilhos necessários, fixadores, deslizantes, terminal, entre outros). | E24: Própria | F24: 16-02 | G24: 12337-4-007 | H24: m² | I24: 339030.24 | J24: 64.65 | K24: 100 | L24: =IF(SUM(U24:AL24)>K24+N24,K24+N24,SUM(U24:AL24)) -> 0 | M24: =SUM(U24:AL24) -> 0 | N24: =0+0-0 -> 0 | O24: =ROUND(IF(K24*0.25-0.5<0,0,K24*0.25-0.5),0)-P24-R24 -> 25 | S24: =K24-(SUM(U24:AL24))+N24 -> 100 | T24: =IF(S24<0,"ATENÇÃO","OK") -> OK
A25: 7 | B25: ESTRUTURAL OBRAS E SERVICOS LTDA, CNPJ: 64.170.650/0001-68 | C25: 22 | D25: Toldo em chapa de policarbonato, curvo, para fixar em parede, cor cristal, em dimensões aproximadas de 70 cm x 120 cm, com no mínimo 4mm de espessura. Material de fixação em alumínio e plástico de engenharia. Composto por suportes e o toldo. Entrega em Florianópolis/SC, não necessita instalação. | E25: Própria | F25: 48-05 | G25: 3184-4-011 | H25: peça | I25: 449052.42 | J25: 526.31 | K25: 20 | L25: =IF(SUM(U25:AL25)>K25+N25,K25+N25,SUM(U25:AL25)) -> 8 | M25: =SUM(U25:AL25) -> 8 | N25: =0+0-0 -> 0 | O25: =ROUND(IF(K25*0.25-0.5<0,0,K25*0.25-0.5),0)-P25-R25 -> 5 | S25: =K25-(SUM(U25:AL25))+N25 -> 12 | T25: =IF(S25<0,"ATENÇÃO","OK") -> OK | W25: 8
A26: 8 | B26: ELFORT IMPORTAÇÃO E DISTRIBUICAO DE PRODUTOS LTDA EPP, CNPJ: 09.213.849/0001-18 | C26: 23 | D26: Piso laminado vinílico, placas decorativas com estampagem digital de madeira com capa de uso de 0,5mm (modelo a definir); placas de aproximadamente 228x1830mm; espessura de 3mm a 5mm; resistente a abrasão e químicos classe T; resistente a uso interno e a cadeiras com rodízio; alta durabilidade; certificado da norma brasileira NBR 8660-classe2A; garantia mínima de 15 anos; com acessórios e serviço de instalação; regularização de contrapiso e acabamento inclusos; densidade ótica de fumaça (toxidade em caso de incêndio) menor que 450dm (norma ASTME 662); absorção de som ao impacto norma ASTME 989-06 = 10 decibéis; identação residual igual ou menor a 0,1mm; estabilidade dimensional EN 434 igual ou menor que 0,13mm. INSTALADO. cor a escolher | E26: Eucaflor | F26: 45-04 | G26: 33367002 | H26: m² | I26: 3336733 | J26: 166.67 | K26: 0 | L26: =IF(SUM(U26:AL26)>K26+N26,K26+N26,SUM(U26:AL26)) -> 0 | M26: =SUM(U26:AL26) -> 0 | N26: =0+0-0 -> 0 | O26: =ROUND(IF(K26*0.25-0.5<0,0,K26*0.25-0.5),0)-P26-R26 -> 0 | S26: =K26-(SUM(U26:AL26))+N26 -> 0 | T26: =IF(S26<0,"ATENÇÃO","OK") -> OK
C27: 24 | D27: Rodapé De Poliestireno 10cm De Altura Liso, instalado cor a escolher | E27: Eucaflor | F27: 45-04 | G27: 50422-3-390 | H27: m² | I27: 339030.24 | J27: 19.83 | K27: 0 | L27: =IF(SUM(U27:AL27)>K27+N27,K27+N27,SUM(U27:AL27)) -> 0 | M27: =SUM(U27:AL27) -> 0 | N27: =0+0-0 -> 0 | O27: =ROUND(IF(K27*0.25-0.5<0,0,K27*0.25-0.5),0)-P27-R27 -> 0 | S27: =K27-(SUM(U27:AL27))+N27 -> 0 | T27: =IF(S27<0,"ATENÇÃO","OK") -> OK
A28: 9 | B28: GEVAERD SERVICOS LTDA, CNPJ: 50.030.566/0001-34 | C28: 25 | D28: Kit de porta de madeira para pintura, semi-oca (leve ou média), padrão popular, 90x210cm, espessura de 3,5cm, itens inclusos: dobradiças, montagem e instalação do batente, fechadura com execução do furo - fornecimento e instalação | E28: Própria | F28: 02-48 | G28: 50073-0-006 | H28: unidade | I28: 339036.21 | J28: 1150 | K28: 0 | L28: =IF(SUM(U28:AL28)>K28+N28,K28+N28,SUM(U28:AL28)) -> 0 | M28: =SUM(U28:AL28) -> 0 | N28: =0+0-0 -> 0 | O28: =ROUND(IF(K28*0.25-0.5<0,0,K28*0.25-0.5),0)-P28-R28 -> 0 | S28: =K28-(SUM(U28:AL28))+N28 -> 0 | T28: =IF(S28<0,"ATENÇÃO","OK") -> OK
A29: 10 | B29: ESTRUTURAL OBRAS E SERVICOS LTDA, CNPJ: 64.170.650/0001-68 | C29: 26 | D29: Porta em alumínio de abrir tipo veneziana com guarnição, fixação com parafusos fornecimento e instalação. | E29: Própria | F29: 02-48 | G29: 10684-4-003 | H29: m² | I29: 339030.24 | J29: 550 | K29: 0 | L29: =IF(SUM(U29:AL29)>K29+N29,K29+N29,SUM(U29:AL29)) -> 0 | M29: =SUM(U29:AL29) -> 0 | N29: =0+0-0 -> 0 | O29: =ROUND(IF(K29*0.25-0.5<0,0,K29*0.25-0.5),0)-P29-R29 -> 0 | S29: =K29-(SUM(U29:AL29))+N29 -> 0 | T29: =IF(S29<0,"ATENÇÃO","OK") -> OK
C30: 27 | D30: Janela em alumínio, cor N/P/B, tipo moldura-vidro, de correr, exclusive vidro. Instalado | E30: Própria | F30: 45-06 | G30: 00320-4-025 | H30: m² | I30: 339030.24 | J30: 376.66 | K30: 0 | L30: =IF(SUM(U30:AL30)>K30+N30,K30+N30,SUM(U30:AL30)) -> 0 | M30: =SUM(U30:AL30) -> 0 | N30: =0+0-0 -> 0 | O30: =ROUND(IF(K30*0.25-0.5<0,0,K30*0.25-0.5),0)-P30-R30 -> 0 | S30: =K30-(SUM(U30:AL30))+N30 -> 0 | T30: =IF(S30<0,"ATENÇÃO","OK") -> OK
C31: 28 | D31: Janela em alumínio, cor N/P/B, tipo moldura-vidro, max-ar, exclusive vidro. Instalado | E31: Própria | F31: 45-06 | G31: 00320-4-025 | H31: m² | I31: 339030.24 | J31: 320 | K31: 0 | L31: =IF(SUM(U31:AL31)>K31+N31,K31+N31,SUM(U31:AL31)) -> 0 | M31: =SUM(U31:AL31) -> 0 | N31: =0+0-0 -> 0 | O31: =ROUND(IF(K31*0.25-0.5<0,0,K31*0.25-0.5),0)-P31-R31 -> 0 | S31: =K31-(SUM(U31:AL31))+N31 -> 0 | T31: =IF(S31<0,"ATENÇÃO","OK") -> OK
A32: 11 | B32: SLOW COFFEE BRASIL E PFD LTDA, CNPJ: 08.639.849/0001-11 | C32: 29 | D32: Linóleo para uso no solo de apresentações artísticas. Espessura mínima de 1mm e largura mínima de 1,40m | E32: LINÓLEO ECOLÓGICO | F32: 45-04 | G32: 03336-7-061 | H32: metro linear | I32: 339030.24 | J32: 37.51 | K32: 0 | L32: =IF(SUM(U32:AL32)>K32+N32,K32+N32,SUM(U32:AL32)) -> 0 | M32: =SUM(U32:AL32) -> 0 | N32: =0+0-0 -> 0 | O32: =ROUND(IF(K32*0.25-0.5<0,0,K32*0.25-0.5),0)-P32-R32 -> 0 | S32: =K32-(SUM(U32:AL32))+N32 -> 0 | T32: =IF(S32<0,"ATENÇÃO","OK") -> OK
C33: 30 | D33: Fita para aplicação de Linóleo, PVC aderência e resistência, não deixa resíduo de cola na superfície. 50mm largura X 30 Mt. | E33: LINÓLEO ECOLÓGICO | F33: 45-04 | G33: 03336-7-061 | H33: peça | I33: 339030.24 | J33: 17.67 | K33: 0 | L33: =IF(SUM(U33:AL33)>K33+N33,K33+N33,SUM(U33:AL33)) -> 0 | M33: =SUM(U33:AL33) -> 0 | N33: =0+0-0 -> 0 | O33: =ROUND(IF(K33*0.25-0.5<0,0,K33*0.25-0.5),0)-P33-R33 -> 0 | S33: =K33-(SUM(U33:AL33))+N33 -> 0 | T33: =IF(S33<0,"ATENÇÃO","OK") -> OK
A34: 12 | B34: TROPICAL MOVEIS E FERRAGENS LTDA, CNPJ: 40.898.065/0001-10 | C34: 31 | D34: Tábua para deck em pinus tratado (autoclave) com nó de 3 X 9 X 300cm. Tratamento pelos métodos de Preservação determinados pela Norma NBR 7190, da ABNT, com classe de risco CR4, sob vácuo e pressão em Autoclave. | E34: Zenóbio | F34: 45-02 | G34: 03746-0-004 | H34: peça | I34: 339030.24 | J34: 25.9 | K34: 400 | L34: =IF(SUM(U34:AL34)>K34+N34,K34+N34,SUM(U34:AL34)) -> 100 | M34: =SUM(U34:AL34) -> 100 | N34: =0+0-0 -> 0 | O34: =ROUND(IF(K34*0.25-0.5<0,0,K34*0.25-0.5),0)-P34-R34 -> 100 | S34: =K34-(SUM(U34:AL34))+N34 -> 300 | T34: =IF(S34<0,"ATENÇÃO","OK") -> OK | V34: 100
A35: 13 | B35: DELDUQUE COMERCIO E SERVIÇOS LTDA ME, CNPJ: 07.082.650/0001-72 | C35: 32 | D35: Divisória acústica com paredes de gesso acartonado, drywall, em estrutura metálica e revestida internamente com fibra de lã de rocha para isolamento acústico, com rodapé e rodateto em perfil de alumínio revestido nas faces com vedante de espuma de PVC autocolante. Faces duplas de chapas ST de 12,5mm, estrutura dupla e montantes a cada 60cm. Espessura total da parede ente 100mm e 180mm (conforme necessidade). Remover a anterior e instalar a nova. Incluir todos os acessórios necessários a sua instalação e pintura. Marca de referência: Placocenter. Instalada. | E35: Knaulf | F35: 45-08 | G35: 03960-8-047 | H35: m² | I35: 339030.24 | J35: 127.5 | K35: 0 | L35: =IF(SUM(U35:AL35)>K35+N35,K35+N35,SUM(U35:AL35)) -> 150 | M35: =SUM(U35:AL35) -> 150 | N35: =150 -> 150 | O35: =ROUND(IF(K35*0.25-0.5<0,0,K35*0.25-0.5),0)-P35-R35 -> 0 | S35: =K35-(SUM(U35:AL35))+N35 -> 0 | T35: =IF(S35<0,"ATENÇÃO","OK") -> OK | X35: 150
C36: 33 | D36: Divisória acústica com paredes de gesso acartonado, drywall, em estrutura metálica e revestida internamente com fibra de lã de rocha para isolamento acústico, com rodapé e rodateto em perfil de alumínio revestido nas faces com vedante de espuma de PVC autocolante. Faces duplas de chapas ST de 12,5mm, estrutura dupla e montantes a cada 60cm. Espessura total da parede ente 100mm e 180mm (conforme necessidade). Com vidros duplos de 6mm, temperados, com estrutura periférica em alumínio que permita a montagem de persianas em seu interior. Os vidros deverão ser apoiados em batentes de PVC para evitar vibrações. Incluir todos os acessórios necessários a sua instalação e pintura. Marca de referência: Placocenter. Instalada. | E36: Knaulf | F36: 45-08 | G36: 03960-8-047 | H36: m² | I36: 339030.24 | J36: 131 | K36: 0 | L36: =IF(SUM(U36:AL36)>K36+N36,K36+N36,SUM(U36:AL36)) -> 0 | M36: =SUM(U36:AL36) -> 0 | N36: =0+0-0 -> 0 | O36: =ROUND(IF(K36*0.25-0.5<0,0,K36*0.25-0.5),0)-P36-R36 -> 0 | S36: =K36-(SUM(U36:AL36))+N36 -> 0 | T36: =IF(S36<0,"ATENÇÃO","OK") -> OK
C37: 34 | D37: Porta acústica em madeira 0,90 x 2,10, espessura 80mm com visor em vidro duplo de 25 x25 cm. Para parede drywall, instalada. | E37: JB | F37: 45-08 | G37: 00319-0-024 | H37: Peça | I37: 339030.24 | J37: 3800 | K37: 0 | L37: =IF(SUM(U37:AL37)>K37+N37,K37+N37,SUM(U37:AL37)) -> 0 | M37: =SUM(U37:AL37) -> 0 | N37: =0+0-0 -> 0 | O37: =ROUND(IF(K37*0.25-0.5<0,0,K37*0.25-0.5),0)-P37-R37 -> 0 | S37: =K37-(SUM(U37:AL37))+N37 -> 0 | T37: =IF(S37<0,"ATENÇÃO","OK") -> OK
C38: 35 | D38: Porta de madeira angelim tipo pedra, semi-oca, lisa, para ser instalada em divisória acústica drywall e alvenaria. Porta com revestimento interno em lã de rocha. Tamanho 90cm X 2,10m, espessura da porta de no mínimo 3,5cm. Inclui forra, maçaneta, duas chaves e todos os acessórios necessários para a sua instalação. Cor natural, pronta para pintura. Instalada. | E38: JB | F38: 45-08 | G38: 00319-0-024 | H38: peça | I38: 339030.24 | J38: 650 | K38: 0 | L38: =IF(SUM(U38:AL38)>K38+N38,K38+N38,SUM(U38:AL38)) -> 6 | M38: =SUM(U38:AL38) -> 6 | N38: =6 -> 6 | O38: =ROUND(IF(K38*0.25-0.5<0,0,K38*0.25-0.5),0)-P38-R38 -> 0 | S38: =K38-(SUM(U38:AL38))+N38 -> 0 | T38: =IF(S38<0,"ATENÇÃO","OK") -> OK | X38: 6
A39: 14 | B39: GEVAERD SERVICOS LTDA, CNPJ: 50.030.566/0001-34 | C39: 36 | D39: Forro modular de fibra mineral AMF micro perfurado, medindo 625x625x15mm, com borda tegolar (rebaixada), instalado em estrutura com perfis de aço galvanizado em "T" invertido, pintado com tinta epóxi na cor branca ou cinza, com pendurais de arame galvanizado BWG 18. Remover o forro anterior e instalar o novo. Inclui todos os acessórios necessários para a sua instalação. Modelo de referência: Forrovid Boreal Isover. Instalado. | E39: Própria | F39: 45-02 | G39: 03541-6-008 | H39: metro | I39: 339030.24 | J39: 131.42 | K39: 0 | L39: =IF(SUM(U39:AL39)>K39+N39,K39+N39,SUM(U39:AL39)) -> 0 | M39: =SUM(U39:AL39) -> 0 | N39: =0+0-0 -> 0 | O39: =ROUND(IF(K39*0.25-0.5<0,0,K39*0.25-0.5),0)-P39-R39 -> 0 | S39: =K39-(SUM(U39:AL39))+N39 -> 0 | T39: =IF(S39<0,"ATENÇÃO","OK") -> OK
C40: 37 | D40: Remoção de forro, com destinação final dos resíduos. | E40: Própria | F40: 44-36 | G40: 50163-0-011 | H40: m² | I40: 339030.16 | J40: 7.68 | K40: 0 | L40: =IF(SUM(U40:AL40)>K40+N40,K40+N40,SUM(U40:AL40)) -> 0 | M40: =SUM(U40:AL40) -> 0 | N40: =0+0-0 -> 0 | O40: =ROUND(IF(K40*0.25-0.5<0,0,K40*0.25-0.5),0)-P40-R40 -> 0 | S40: =K40-(SUM(U40:AL40))+N40 -> 0 | T40: =IF(S40<0,"ATENÇÃO","OK") -> OK
A41: 15 | B41: GABRIEL FAGUNDES ZAMPIRON LTDA, CNPJ: 25.136.411/0001-30 | C41: 38 | D41: Divisória de vidro 10mm, junta seca. | E41: Cebrace | F41: 45-03 | G41: 03027-9-067 | H41: m² | I41: 339030.24 | J41: 220 | K41: 0 | L41: =IF(SUM(U41:AL41)>K41+N41,K41+N41,SUM(U41:AL41)) -> 0 | M41: =SUM(U41:AL41) -> 0 | N41: =0+0-0 -> 0 | O41: =ROUND(IF(K41*0.25-0.5<0,0,K41*0.25-0.5),0)-P41-R41 -> 0 | S41: =K41-(SUM(U41:AL41))+N41 -> 0 | T41: =IF(S41<0,"ATENÇÃO","OK") -> OK
C42: 39 | D42: Porta de vidro temperado incolor com espessura de 10mm, completa. porta pivotante. deverá ser entregue devidamente instalada, incluindo acessórios necessários: dobradiças, fechadura, cantoneira, maçaneta, ferragem superior e inferior, parafusos. | E42: Cebrace | F42: 45-02 | G42: 2803-7-020 | H42: m² | I42: 339030.24 | J42: 530 | K42: 0 | L42: =IF(SUM(U42:AL42)>K42+N42,K42+N42,SUM(U42:AL42)) -> 0 | M42: =SUM(U42:AL42) -> 0 | N42: =0+0-0 -> 0 | O42: =ROUND(IF(K42*0.25-0.5<0,0,K42*0.25-0.5),0)-P42-R42 -> 0 | S42: =K42-(SUM(U42:AL42))+N42 -> 0 | T42: =IF(S42<0,"ATENÇÃO","OK") -> OK
C43: 40 | D43: Porta de vidro temperado incolor com espessura de 10mm, completa, com uma ou duas folhas de correr. deverá ser entregue devidamente instalada, incluindo acessórios necessários: roldana, trilho superior e inferior, fechadura, capa, limitador, batente central e perfil central em alumínio, parafusos. | E43: Cebrace | F43: 45-02 | G43: 02803-7-017 | H43: peça | I43: 339030.24 | J43: 530 | K43: 0 | L43: =IF(SUM(U43:AL43)>K43+N43,K43+N43,SUM(U43:AL43)) -> 0 | M43: =SUM(U43:AL43) -> 0 | N43: =0+0-0 -> 0 | O43: =ROUND(IF(K43*0.25-0.5<0,0,K43*0.25-0.5),0)-P43-R43 -> 0 | S43: =K43-(SUM(U43:AL43))+N43 -> 0 | T43: =IF(S43<0,"ATENÇÃO","OK") -> OK
C44: 41 | D44: Mola hidráulica de piso para porta de vidro temperado. Instalada. | E44: Cebrace | F44: 45-06 | G44: 02804-5-006 | H44: peça | I44: 339030.24 | J44: 700 | K44: 0 | L44: =IF(SUM(U44:AL44)>K44+N44,K44+N44,SUM(U44:AL44)) -> 0 | M44: =SUM(U44:AL44) -> 0 | N44: =0+0-0 -> 0 | O44: =ROUND(IF(K44*0.25-0.5<0,0,K44*0.25-0.5),0)-P44-R44 -> 0 | S44: =K44-(SUM(U44:AL44))+N44 -> 0 | T44: =IF(S44<0,"ATENÇÃO","OK") -> OK
C45: 42 | D45: Mola hidraulica aérea para porta de vidro, instalada. | E45: Cebrace | F45: 45-06 | G45: 02804-5-006 | H45: peça | I45: 339030.24 | J45: 200 | K45: 0 | L45: =IF(SUM(U45:AL45)>K45+N45,K45+N45,SUM(U45:AL45)) -> 0 | M45: =SUM(U45:AL45) -> 0 | N45: =0+0-0 -> 0 | O45: =ROUND(IF(K45*0.25-0.5<0,0,K45*0.25-0.5),0)-P45-R45 -> 0 | S45: =K45-(SUM(U45:AL45))+N45 -> 0 | T45: =IF(S45<0,"ATENÇÃO","OK") -> OK
A46: 16 | B46: GEVAERD SERVICOS LTDA, CNPJ: 50.030.566/0001-34 | C46: 43 | D46: Parede Drywall 120/90/600 -1ST12,5/1ST12,5: Com 120mm de espessura é composta 1 placa ST12,5mm de cada lado, parafusadas em perfilados aço zincadas 90mm espaçados – acabamento com fita e massa - INSTALADO | E46: Própria | F46: 45-08 | G46: 3960-8-060 | H46: m² | I46: 339030.24 | J46: 121.83 | K46: 0 | L46: =IF(SUM(U46:AL46)>K46+N46,K46+N46,SUM(U46:AL46)) -> 0 | M46: =SUM(U46:AL46) -> 0 | N46: =0+0-0 -> 0 | O46: =ROUND(IF(K46*0.25-0.5<0,0,K46*0.25-0.5),0)-P46-R46 -> 0 | S46: =K46-(SUM(U46:AL46))+N46 -> 0 | T46: =IF(S46<0,"ATENÇÃO","OK") -> OK
C47: 44 | D47: Porta para parede DRYWALL 0,80x2,10 - COR A DEFINIR - INSTALADO | E47: Própria | F47: 45-06 | G47: 12093-6-021 | H47: peça | I47: 339030.24 | J47: 590 | K47: 0 | L47: =IF(SUM(U47:AL47)>K47+N47,K47+N47,SUM(U47:AL47)) -> 0 | M47: =SUM(U47:AL47) -> 0 | N47: =0+0-0 -> 0 | O47: =ROUND(IF(K47*0.25-0.5<0,0,K47*0.25-0.5),0)-P47-R47 -> 0 | S47: =K47-(SUM(U47:AL47))+N47 -> 0 | T47: =IF(S47<0,"ATENÇÃO","OK") -> OK
A48: 17 | B48: GBS VIDRAÇARIA E INSTALAÇÕES LTDA, CNPJ: 27.035.730/0001-84 | C48: 45 | D48: Chapa de Policarbonato Alveolar. Cor: Fumê - Espessura: 6 mm - Largura: 1050 mm - Comprimento: 6000 mm | E48: Própria | F48: 52-02 | G48: 00475-8-004 | H48: m² | I48: 339030.33 | J48: 321 | K48: 0 | L48: =IF(SUM(U48:AL48)>K48+N48,K48+N48,SUM(U48:AL48)) -> 0 | M48: =SUM(U48:AL48) -> 0 | N48: =0+0-0 -> 0 | O48: =ROUND(IF(K48*0.25-0.5<0,0,K48*0.25-0.5),0)-P48-R48 -> 0 | S48: =K48-(SUM(U48:AL48))+N48 -> 0 | T48: =IF(S48<0,"ATENÇÃO","OK") -> OK
A49: 18 | B49: GABRIEL FAGUNDES ZAMPIRON LTDA, CNPJ: 25.136.411/0001-30 | C49: 46 | D49: Pintura para interiores, sobre paredes, com lixamento, aplicação de 01 demão de líquido selador acrílico, 02 demãos de massa acrílica e 02 demãos de tinta acrílica convencional - Rev 01 | E49: Própria | F49: 44-36 | G49: 50164-0-010 | H49: unidade | I49: 339030.16 | J49: 52.5 | K49: 0 | L49: =IF(SUM(U49:AL49)>K49+N49,K49+N49,SUM(U49:AL49)) -> 0 | M49: =SUM(U49:AL49) -> 0 | N49: =0+0-0 -> 0 | O49: =ROUND(IF(K49*0.25-0.5<0,0,K49*0.25-0.5),0)-P49-R49 -> 0 | S49: =K49-(SUM(U49:AL49))+N49 -> 0 | T49: =IF(S49<0,"ATENÇÃO","OK") -> OK
A50: 19 | B50: GEVAERD SERVICOS LTDA, CNPJ: 50.030.566/0001-34 | C50: 47 | D50: Fornecimento e instalação de placas de forro de fibra mineral, espessura de 15 mm, nas modulações 600x1200 mm e 600x600 mm, ref. hunter douglas, armstrong ou equivalente técnico | E50: Própria | F50: 45-01 | G50: 50422-3-389 | H50: m² | I50: 339030.24 | J50: 153.33 | K50: 0 | L50: =IF(SUM(U50:AL50)>K50+N50,K50+N50,SUM(U50:AL50)) -> 0 | M50: =SUM(U50:AL50) -> 0 | N50: =0+0-0 -> 0 | O50: =ROUND(IF(K50*0.25-0.5<0,0,K50*0.25-0.5),0)-P50-R50 -> 0 | S50: =K50-(SUM(U50:AL50))+N50 -> 0 | T50: =IF(S50<0,"ATENÇÃO","OK") -> OK
A51: 20 | B51: ESTRUTURAL OBRAS E SERVICOS LTDA, CNPJ: 64.170.650/0001-68 | C51: 48 | D51: Divisórias Piso-teto com 85mm de espessura sendo composta por painéis VIDRO ÚNICO. Vidros laminado de segurança 6mm cada face (3mm+PVB+3mm). Estrutura em alumínio PERFIL ANODIZADO COM PINTURA EPOXI GRAFITE. Guarnições de borracha para melhor atenuação acústica nas portas, painéis de vidros e perfis estrututais. Espaço interno de 50mm para instalação de cabeamentos. Painéis de saque frontal. Porta de giro, folha única, VIDRO DUPLO, com montantes em alumínio. Fechaduras e dobradiças em aço inox escovado. Instalado. | E51: Própria | F51: 45-08 | G51: 50422-3-180 | H51: m² | I51: 339030.24 | J51: 953.86 | K51: 0 | L51: =IF(SUM(U51:AL51)>K51+N51,K51+N51,SUM(U51:AL51)) -> 0 | M51: =SUM(U51:AL51) -> 0 | N51: =0+0-0 -> 0 | O51: =ROUND(IF(K51*0.25-0.5<0,0,K51*0.25-0.5),0)-P51-R51 -> 0 | S51: =K51-(SUM(U51:AL51))+N51 -> 0 | T51: =IF(S51<0,"ATENÇÃO","OK") -> OK
C52: 49 | D52: Divisórias Piso-teto com 85mm de espessura sendo composta por painéis VIDRO DUPLO. Vidros laminado de segurança 6mm cada face (3mm+PVB+3mm). Estrutura em alumínio PERFIL ANODIZADO COM PINTURA EPOXI GRAFITE. Guarnições de borracha para melhor atenuação acústica nas portas, painéis de vidros e perfis estrututais. Espaço interno de 50mm para instalação de cabeamentos. Painéis de saque frontal. Porta de giro, folha única, VIDRO DUPLO, com montantes em alumínio. Fechaduras e dobradiças em aço inox escovado. Instalado | E52: Própria | F52: 45-08 | G52: 50422-3-181 | H52: m² | I52: 33.90.30.24 | J52: 1290.84 | K52: 0 | L52: =IF(SUM(U52:AL52)>K52+N52,K52+N52,SUM(U52:AL52)) -> 0 | M52: =SUM(U52:AL52) -> 0 | N52: =0+0-0 -> 0 | O52: =ROUND(IF(K52*0.25-0.5<0,0,K52*0.25-0.5),0)-P52-R52 -> 0 | S52: =K52-(SUM(U52:AL52))+N52 -> 0 | T52: =IF(S52<0,"ATENÇÃO","OK") -> OK
K53: =SUM(K4:K52) -> 3542 | L53: =SUM(L4:L52) -> 329 | M53: =SUM(M4:M52) -> 329 | N53: =SUM(N4:N52) -> 156 | O53: =SUM(O4:O52) -> 883 | P53: =SUM(P4:P52) -> 0 | Q53: =SUM(Q4:Q52) -> 0 | R53: =SUM(R4:R52) -> 0 | S53: =SUM(S4:S52) -> 3369 | U53: =SUMPRODUCT($J$4:$J$52,U4:U52) -> 7415 | V53: =SUMPRODUCT($J$4:$J$52,V4:V52) -> 2590 | W53: =SUMPRODUCT($J$4:$J$52,W4:W52) -> 4210.48 | X53: =SUMPRODUCT($J$4:$J$52,X4:X52) -> 23025 | Y53: =SUMPRODUCT($J$4:$J$52,Y4:Y52) -> 1500 | Z53: =SUMPRODUCT($J$4:$J$52,Z4:Z52) -> 0 | AA53: =SUMPRODUCT($J$4:$J$52,AA4:AA52) -> 0 | AB53: =SUMPRODUCT($J$4:$J$52,AB4:AB52) -> 0 | ... AL53: =SUMPRODUCT($J$4:$J$52,AL4:AL52) -> 0
K54: =SUMPRODUCT($J$4:$J$52,K4:K52) -> 254523.2 | L54: =SUMPRODUCT($J$4:$J$52,L4:L52) -> 38740.48 | M54: =SUMPRODUCT($J$4:$J$52,M4:M52) -> 38740.48 | N54: =SUMPRODUCT($J$4:$J$52,N4:N52) -> 23025 | O54: =SUMPRODUCT($J$4:$J$52,O4:O52) -> 63393.55 | P54: =SUMPRODUCT($J$4:$J$52,P4:P52) -> 0 | Q54: =SUMPRODUCT($J$4:$J$52,Q4:Q52) -> 0 | R54: =SUMPRODUCT($J$4:$J$52,R4:R52) -> 0
D55: OBS:
D56: Prazo de Entrega: 10 dias
D57: Prazo de Pagamento: 30 dias

Sheet CEAD
A1: PE 0637/2026 SRP - (SGPE DE ORIGEM: 41139.2025) | D1: OBJETO: Aquisição de Divisórias, Vidros, Cortinas e Similares para o CAMPUS I, CERES, CESFI, CEAVI da Universidade do Estado de Santa Catarina (UDESC) | K1: VIGÊNCIA DA ATA: 28/04/2026 a 28/04/2027 | U1: AF/OS nº 1185/2026 (Quantidade) | V1: AF/OS nº xxxx/2026 (Quantidade) | W1: AF/OS nº xxxx/2026 (Quantidade) | X1: AF/OS nº xxxx/2026 (Quantidade) | Y1: AF/OS nº xxxx/2026 (Quantidade) | Z1: AF/OS nº xxxx/2026 (Quantidade) | AA1: AF/OS nº xxxx/2026 (Quantidade) | AB1: AF/OS nº xxxx/2026 (Quantidade) | AC1: AF/OS nº xxxx/2026 (Quantidade) | AD1: AF/OS nº xxxx/2026 (Quantidade) | AE1: AF/OS nº xxxx/2026 (Quantidade) | AF1: AF/OS nº xxxx/2026 (Quantidade) | AG1: AF/OS nº xxxx/2026 (Quantidade) | AH1: AF/OS nº xxxx/2026 (Quantidade) | AI1: AF/OS nº xxxx/2026 (Quantidade) | AJ1: AF/OS nº xxxx/2026 (Quantidade) | AK1: AF/OS nº xxxx/2026 (Quantidade) | AL1: AF/OS nº xxxx/2026 (Quantidade)
A2: CENTRO PARTICIPANTE: CEAD | U2: [EMPRESA] | V2: [EMPRESA] | W2: [EMPRESA] | X2: [EMPRESA] | Y2: [EMPRESA] | Z2: [EMPRESA] | AA2: [EMPRESA] | AB2: [EMPRESA] | AC2: [EMPRESA] | AD2: [EMPRESA] | AE2: [EMPRESA] | AF2: [EMPRESA] | AG2: [EMPRESA] | AH2: [EMPRESA] | AI2: [EMPRESA] | AJ2: [EMPRESA] | AK2: [EMPRESA] | AL2: [EMPRESA]
A3: Lote | B3: Empresa | C3: Item | D3: Descrição | E3: Marca/Modelo | F3: Grupo-Classe | G3: Código NUC | H3: Unidade | I3: Detalhamento | J3: Preço UNITÁRIO | K3: Qtde Registrada | L3: Quantidade UTILIZADA da Ata | M3: Quantidade UTILIZADA TOTAL | N3: Quantidade Recebida/ Cedida | O3: QUANTIDADE DISPONÍVEL PARA ADITIVAR | P3: Quantidade Aditivada Própria | Q3: Quantidade Aditivos Recebidos | R3: Quantidade Aditivos Cedidos | S3: Saldo / Automático | T3: ALERTA | U3: 46216 | V3: ...../...../2027 | W3: ...../...../2028 | X3: ...../...../2029 | Y3: ...../...../2030 | Z3: ...../...../2031 | AA3: ...../...../2032 | AB3: ...../...../2033 | AC3: ...../...../2034 | AD3: ...../...../2035 | AE3: ...../...../2036 | AF3: ...../...../2037 | AG3: ...../...../2038 | AH3: ...../...../2039 | AI3: ...../...../2040 | AJ3: ...../...../2041 | AK3: ...../...../2042 | AL3: ...../...../2043
A4: 1 | B4: GABRIEL FAGUNDES ZAMPIRON LTDA, CNPJ: 25.136.411/0001-30 | C4: 1 | D4: Espelho cristal 4mm. Instalado. Com moldura em alumínio e compensado 6mm plastificado colado. Considerar retirada do vidro existente se houver. | E4: Cebrace | F4: 45-03 | G4: 03027-9-065 | H4: m² | I4: 339030.24 | J4: 150 | K4: 4 | L4: =IF(SUM(U4:AL4)>K4+N4,K4+N4,SUM(U4:AL4)) -> 0 | M4: =SUM(U4:AL4) -> 0 | N4: =0+0-0 -> 0 | O4: =ROUND(IF(K4*0.25-0.5<0,0,K4*0.25-0.5),0)-P4-R4 -> 1 | S4: =K4-(SUM(U4:AL4))+N4 -> 4 | T4: =IF(S4<0,"ATENÇÃO","OK") -> OK
C5: 2 | D5: Vidro mini-boreal incolor, 3mm. Instalado. | E5: Cebrace | F5: 45-03 | G5: 03027-9-027 | H5: m² | I5: 339030.24 | J5: 70 | K5: 4 | L5: =IF(SUM(U5:AL5)>K5+N5,K5+N5,SUM(U5:AL5)) -> 0 | M5: =SUM(U5:AL5) -> 0 | N5: =0+0-0 -> 0 | O5: =ROUND(IF(K5*0.25-0.5<0,0,K5*0.25-0.5),0)-P5-R5 -> 1 | S5: =K5-(SUM(U5:AL5))+N5 -> 4 | T5: =IF(S5<0,"ATENÇÃO","OK") -> OK
C6: 3 | D6: Fornecimento e instalação de vidro liso 3mm, incolor, incluindo massa/filete de espuma em ambas as faces, acabamento e retirada do vidro e massa anterior se houver. | E6: Cebrace | F6: 45-03 | G6: 03027-9-027 | H6: m² | I6: 339030.24 | J6: 90 | K6: 3 | L6: =IF(SUM(U6:AL6)>K6+N6,K6+N6,SUM(U6:AL6)) -> 0 | M6: =SUM(U6:AL6) -> 0 | N6: =0+0-0 -> 0 | O6: =ROUND(IF(K6*0.25-0.5<0,0,K6*0.25-0.5),0)-P6-R6 -> 0 | S6: =K6-(SUM(U6:AL6))+N6 -> 3 | T6: =IF(S6<0,"ATENÇÃO","OK") -> OK
C7: 4 | D7: Fornecimento e instalação de vidro liso 4mm, incolor, incluindo massa/filete de espuma em ambas as faces, acabamento e retirada do vidro e massa anterior se houver. | E7: Cebrace | F7: 45-03 | G7: 03027-9-065 | H7: m² | I7: 339030.24 | J7: 125 | K7: 3 | L7: =IF(SUM(U7:AL7)>K7+N7,K7+N7,SUM(U7:AL7)) -> 0 | M7: =SUM(U7:AL7) -> 0 | N7: =0+0-0 -> 0 | O7: =ROUND(IF(K7*0.25-0.5<0,0,K7*0.25-0.5),0)-P7-R7 -> 0 | S7: =K7-(SUM(U7:AL7))+N7 -> 3 | T7: =IF(S7<0,"ATENÇÃO","OK") -> OK
C8: 5 | D8: Fornecimento e instalação de vidro liso 5mm, incolor, incluindo massa/filete de espuma em ambas as faces, acabamento e retirada do vidro e massa anterior se houver. | E8: Cebrace | F8: 45-03 | G8: 03027-9-028 | H8: m² | I8: 339030.24 | J8: 100 | K8: 3 | L8: =IF(SUM(U8:AL8)>K8+N8,K8+N8,SUM(U8:AL8)) -> 0 | M8: =SUM(U8:AL8) -> 0 | N8: =0+0-0 -> 0 | O8: =ROUND(IF(K8*0.25-0.5<0,0,K8*0.25-0.5),0)-P8-R8 -> 0 | S8: =K8-(SUM(U8:AL8))+N8 -> 3 | T8: =IF(S8<0,"ATENÇÃO","OK") -> OK
A9: 2 | B9: DELDUQUE COMERCIO E SERVIÇOS LTDA ME, CNPJ: 07.082.650/0001-72 | C9: 6 | D9: Fornecimento de divisórias em painéis com espessura de 35mm, com miolo em colméia em kraft de alta gramatura e estrutura em aço galvanizado com pintura em epóxi-poliester pó. Colocação programada e cor do painel a escolher. Instalada. | E9: Eucatex | F9: 45-08 | G9: 03960-8-012 | H9: m² | I9: 339030.24 | J9: 93.99 | K9: 30 | L9: =IF(SUM(U9:AL9)>K9+N9,K9+N9,SUM(U9:AL9)) -> 6 | M9: =SUM(U9:AL9) -> 6 | N9: =0+0-0 -> 0 | O9: =ROUND(IF(K9*0.25-0.5<0,0,K9*0.25-0.5),0)-P9-R9 -> 7 | S9: =K9-(SUM(U9:AL9))+N9 -> 24 | T9: =IF(S9<0,"ATENÇÃO","OK") -> OK | U9: 6
C10: 7 | D10: Fornecimento de divisórias em painéis com espessura de 35mm, com miolo em colméia em kraft de alta gramatura e estrutura em aço galvanizado com pintura em epóxi-poliester pó. Estrutura com Módulo de vidro de espessura mínima de 4mm (vidro incluido na cotação). Painel de divisórias e bandeira em vidro com altura a ser definido na AF, fazendo a estrutura ficar com "painel, vidro e painel" ou "painel e vidro". Colocação programada e cor a escolher. Instalado. | E10: Eucatex | F10: 45-08 | G10: 03960-8-012 | H10: m² | I10: 339030.24 | J10: 115 | K10: 30 | L10: =IF(SUM(U10:AL10)>K10+N10,K10+N10,SUM(U10:AL10)) -> 6 | M10: =SUM(U10:AL10) -> 6 | N10: =0+0-0 -> 0 | O10: =ROUND(IF(K10*0.25-0.5<0,0,K10*0.25-0.5),0)-P10-R10 -> 7 | S10: =K10-(SUM(U10:AL10))+N10 -> 24 | T10: =IF(S10<0,"ATENÇÃO","OK") -> OK | U10: 6
C11: 8 | D11: Porta de abrir eixo vertical, 90X210cm em painéis divisórias, cor a definir. Com miolo em colméia e estrutura em aço com pintura em epóxi na cor preta, bege ou branca, completa (com maçaneta tipo alavanca, chave e dobradiças). Compatíveis com as divisórias existentes. Instalada. | E11: Eucatex | F11: 45-08 | G11: 07626-0-001 | H11: peça | I11: 339030.24 | J11: 260 | K11: 2 | L11: =IF(SUM(U11:AL11)>K11+N11,K11+N11,SUM(U11:AL11)) -> 0 | M11: =SUM(U11:AL11) -> 0 | N11: =0+0-0 -> 0 | O11: =ROUND(IF(K11*0.25-0.5<0,0,K11*0.25-0.5),0)-P11-R11 -> 0 | S11: =K11-(SUM(U11:AL11))+N11 -> 2 | T11: =IF(S11<0,"ATENÇÃO","OK") -> OK
C12: 9 | D12: Porta para divisórias em painéis de espessura 35mm, com miolo tipo colméia em kraft de alta gramatura, estrutura em aço galvanizado, com pintura epóxi-poliester pó. Colocação programada e cor a definir. Medidas da porta: 0,80x2,10m. Instalada. | E12: Eucatex | F12: 45-08 | G12: 07626-0-001 | H12: peça | I12: 339030.24 | J12: 250 | K12: 4 | L12: =IF(SUM(U12:AL12)>K12+N12,K12+N12,SUM(U12:AL12)) -> 1 | M12: =SUM(U12:AL12) -> 1 | N12: =0+0-0 -> 0 | O12: =ROUND(IF(K12*0.25-0.5<0,0,K12*0.25-0.5),0)-P12-R12 -> 1 | S12: =K12-(SUM(U12:AL12))+N12 -> 3 | T12: =IF(S12<0,"ATENÇÃO","OK") -> OK | U12: 1
C13: 10 | D13: Serviço de desmontagem de divisórias em painéis com espessura de 35mm, miolo em colméia, estrutura em aço ou alumínio. | E13: Própria | F13: 02-30 | G13: 50056-0-015 | H13: m² | I13: 339039.16 | J13: 8 | K13: 30 | L13: =IF(SUM(U13:AL13)>K13+N13,K13+N13,SUM(U13:AL13)) -> 8 | M13: =SUM(U13:AL13) -> 8 | N13: =0+0-0 -> 0 | O13: =ROUND(IF(K13*0.25-0.5<0,0,K13*0.25-0.5),0)-P13-R13 -> 7 | S13: =K13-(SUM(U13:AL13))+N13 -> 22 | T13: =IF(S13<0,"ATENÇÃO","OK") -> OK | U13: 8
C14: 11 | D14: Serviço de montagem de divisórias em painéis com espessura de 35mm, miolo em colméia, estrutura em aço ou alumínio. | E14: Própria | F14: 02-30 | G14: 50056-0-016 | H14: m² | I14: 339039.16 | J14: 7 | K14: 30 | L14: =IF(SUM(U14:AL14)>K14+N14,K14+N14,SUM(U14:AL14)) -> 8 | M14: =SUM(U14:AL14) -> 8 | N14: =0+0-0 -> 0 | O14: =ROUND(IF(K14*0.25-0.5<0,0,K14*0.25-0.5),0)-P14-R14 -> 7 | S14: =K14-(SUM(U14:AL14))+N14 -> 22 | T14: =IF(S14<0,"ATENÇÃO","OK") -> OK | U14: 8
A15: 3 | B15: GEVAERD SERVICOS LTDA, CNPJ: 50.030.566/0001-34 | C15: 12 | D15: Película profissional refletiva para redução de temperatura e de incidência dos raios UV. Instalada. | E15: Própria | F15: 04-36 | G15: 50240-0-001 | H15: por serviço | I15: 449051.95 | J15: 48.78 | K15: 15 | L15: =IF(SUM(U15:AL15)>K15+N15,K15+N15,SUM(U15:AL15)) -> 0 | M15: =SUM(U15:AL15) -> 0 | N15: =0+0-0 -> 0 | O15: =ROUND(IF(K15*0.25-0.5<0,0,K15*0.25-0.5),0)-P15-R15 -> 3 | S15: =K15-(SUM(U15:AL15))+N15 -> 15 | T15: =IF(S15<0,"ATENÇÃO","OK") -> OK
A16: 4 | B16: LOFTY FLEX PERSIANAS / (M. GIROLDO DECORA LTDA) - ME, CNPJ: 18.900.026/0001-51 | C16: 13 | D16: Persiana em rolo. Acionamento manual, com opção de montagem bilateral.; tipo tela solar, produzida em fibra de vidro e PVC antichama; atóxica; translúcida; fator de abertura de 5%; espessura mínima 0,5mm; largura máxima 2,0m; bloqueio mínimo de 90% de raios UV; lavável; com estabilidade dimensional (não estica ou deforma com as variações de temperatura). Com tubo enrolador e perfil inferior em alumínio; acionamento por corrente tipo standard com cordão de poliéster; enrolamento padrão (tecido recolhido por trás do tubo enrolador); cores preferenciais branca ou bege/off-white, ou cinza claro. O produto deverá ser instalado pelo fornecedor, sendo admitidos vãos (frestas) de até 4cm entre cortinas instaladas lado a lado. Garantia mínima 1 ano da cortina, sobre defeitos de fabricação ou vicio oculto. | E16: Própria | F16: 16-02 | G16: 12254-8-005 | H16: m² | I16: 339030.24 | J16: 102.5 | K16: 0 | L16: =IF(SUM(U16:AL16)>K16+N16,K16+N16,SUM(U16:AL16)) -> 0 | M16: =SUM(U16:AL16) -> 0 | N16: =0+0-0 -> 0 | O16: =ROUND(IF(K16*0.25-0.5<0,0,K16*0.25-0.5),0)-P16-R16 -> 0 | S16: =K16-(SUM(U16:AL16))+N16 -> 0 | T16: =IF(S16<0,"ATENÇÃO","OK") -> OK
C17: 14 | D17: Cortina ROLO BlackOut, tecido vinílico, pode ser enrolada ou desenrolada num tubo superior e desta forma pode ser recolhida totalmente. Dimensões aproximadas em 2m (L) x 1,60m (A). Instalação contratada por metro quadrado. O valor da confecção compreende o valor global do metro quadrado, incluindo mão de obra de instalação e os acessórios necessários. | E17: Própria | F17: 16-02 | G17: 12337-4-003 | H17: m² | I17: 339030.24 | J17: 102.5 | K17: 0 | L17: =IF(SUM(U17:AL17)>K17+N17,K17+N17,SUM(U17:AL17)) -> 0 | M17: =SUM(U17:AL17) -> 0 | N17: =0+0-0 -> 0 | O17: =ROUND(IF(K17*0.25-0.5<0,0,K17*0.25-0.5),0)-P17-R17 -> 0 | S17: =K17-(SUM(U17:AL17))+N17 -> 0 | T17: =IF(S17<0,"ATENÇÃO","OK") -> OK
A18: 5 | B18: BELA CASA CORTINAS LTDA, CNPJ: 10.140.785/0001-51 | C18: 15 | D18: Persiana vertical em tecido resinado RAMI natural com blackout em faixas de no mínimo 9cm, guias para abrir e fechar e mudança de posição (controle de entrada de luz) cor a definir, instalada. (para cálculos da cotação utilizar altura média de 1,60m). | E18: Franper | F18: 16-02 | G18: 12254-8-009 | H18: m² | I18: 339030.24 | J18: 105 | K18: 30 | L18: =IF(SUM(U18:AL18)>K18+N18,K18+N18,SUM(U18:AL18)) -> 0 | M18: =SUM(U18:AL18) -> 0 | N18: =0+0-0 -> 0 | O18: =ROUND(IF(K18*0.25-0.5<0,0,K18*0.25-0.5),0)-P18-R18 -> 7 | S18: =K18-(SUM(U18:AL18))+N18 -> 30 | T18: =IF(S18<0,"ATENÇÃO","OK") -> OK
C19: 16 | D19: Persiana vertical em tecido resinado RAMI natural - em faixas de no mín. 9 cm, guias para abrir e fechar e mudança de posição (controle a entrada de luz). Cor a definir. Instalada. (para cálculos da cotação utilizar altura média de 1,60m). | E19: Franper | F19: 16-02 | G19: 12254-8-004 | H19: m² | I19: 339030.24 | J19: 80 | K19: 0 | L19: =IF(SUM(U19:AL19)>K19+N19,K19+N19,SUM(U19:AL19)) -> 0 | M19: =SUM(U19:AL19) -> 0 | N19: =0+0-0 -> 0 | O19: =ROUND(IF(K19*0.25-0.5<0,0,K19*0.25-0.5),0)-P19-R19 -> 0 | S19: =K19-(SUM(U19:AL19))+N19 -> 0 | T19: =IF(S19<0,"ATENÇÃO","OK") -> OK
C20: 17 | D20: Persiana horizontal de alumínio com lâminas de 50mm, não-perfurada, que permita ser utilizada por meio de um cordão e haste. Completa, inclui todos os acessórios necessários para a sua instalação e funcionamento. Modelo de referência: Haste e Cordão/Luxaflex. instalada. | E20: Franper | F20: 16-02 | G20: 12254-8-004 | H20: m² | I20: 339030.24 | J20: 185 | K20: 30 | L20: =IF(SUM(U20:AL20)>K20+N20,K20+N20,SUM(U20:AL20)) -> 0 | M20: =SUM(U20:AL20) -> 0 | N20: =0+0-0 -> 0 | O20: =ROUND(IF(K20*0.25-0.5<0,0,K20*0.25-0.5),0)-P20-R20 -> 7 | S20: =K20-(SUM(U20:AL20))+N20 -> 30 | T20: =IF(S20<0,"ATENÇÃO","OK") -> OK
C21: 18 | D21: Persiana horizontal de alumínio com lâminas de 50mm, modelo blackout, sem furos, que permita ser utilizada por meio de um cordão e haste. Completa, inclui todos os acessórios necessários para a sua instalação e funcionamento. Modelo de referência: Haste e Cordão/Luxaflex. instalada. | E21: Franper | F21: 16-02 | G21: 12254-8-004 | H21: m² | I21: 339030.24 | J21: 185 | K21: 30 | L21: =IF(SUM(U21:AL21)>K21+N21,K21+N21,SUM(U21:AL21)) -> 0 | M21: =SUM(U21:AL21) -> 0 | N21: =0+0-0 -> 0 | O21: =ROUND(IF(K21*0.25-0.5<0,0,K21*0.25-0.5),0)-P21-R21 -> 7 | S21: =K21-(SUM(U21:AL21))+N21 -> 30 | T21: =IF(S21<0,"ATENÇÃO","OK") -> OK
A22: 6 | B22: TOK DE GLAMOUR COSMÉTICOS LTDA, CNPJ: 23.318.560/0001-94 | C22: 19 | D22: Cortina manual em tecido blackout 100%, lavável, com cor a definir, fornecimento e fixação de varão trilho suíço deslizante na parede ou teto, rodízios deslizantes instalados, contendo franzimento de 2 vezes a metragem. (Para medida do m² será considerado a área a ser coberta e não a metragem de tecido utilizada, para cálculos da cotação utilizar altura média de 1,80m). Instaladas | E22: Própria | F22: 16-02 | G22: 12337-4-012 | H22: m² | I22: 339030.24 | J22: 64.65 | K22: 0 | L22: =IF(SUM(U22:AL22)>K22+N22,K22+N22,SUM(U22:AL22)) -> 0 | M22: =SUM(U22:AL22) -> 0 | N22: =0+0-0 -> 0 | O22: =ROUND(IF(K22*0.25-0.5<0,0,K22*0.25-0.5),0)-P22-R22 -> 0 | S22: =K22-(SUM(U22:AL22))+N22 -> 0 | T22: =IF(S22<0,"ATENÇÃO","OK") -> OK
C23: 20 | D23: Cortina em tecido poliéster corta luz/blackout, ilhós, com 01 varão, instalada, em dimensões aproximadas em 2m(L) x 1,60m (A). Instalação contratada por metro quadrado com mão-de-obra. O valor da confecção compreende o valor global do metro quadrado, incluindo mão de obra de instalação e os acessórios/peças necessários. | E23: Própria | F23: 16-02 | G23: 12337-4-007 | H23: m² | I23: 339030.24 | J23: 64.65 | K23: 0 | L23: =IF(SUM(U23:AL23)>K23+N23,K23+N23,SUM(U23:AL23)) -> 0 | M23: =SUM(U23:AL23) -> 0 | N23: =0+0-0 -> 0 | O23: =ROUND(IF(K23*0.25-0.5<0,0,K23*0.25-0.5),0)-P23-R23 -> 0 | S23: =K23-(SUM(U23:AL23))+N23 -> 0 | T23: =IF(S23<0,"ATENÇÃO","OK") -> OK
C24: 21 | D24: Cortina com tecido Corta Luz/ Blackout liso, composição 100% poliéster lavável. Sistema “trilho suíço branco uma via”, ou superior. Cor a ser definida, com possibilidade de troca de cor, em comum acordo das partes – desde que não altere o valor do metro proposto. Dimensões aproximadas em 2m (L) x 1,60m (A). Instalação contratada por metro quadrado. O valor da confecção compreende o valor global do metro quadrado, incluindo mão de obra de instalação e os acessórios necessários (tecidos, trilhos necessários, fixadores, deslizantes, terminal, entre outros). | E24: Própria | F24: 16-02 | G24: 12337-4-007 | H24: m² | I24: 339030.24 | J24: 64.65 | K24: 0 | L24: =IF(SUM(U24:AL24)>K24+N24,K24+N24,SUM(U24:AL24)) -> 0 | M24: =SUM(U24:AL24) -> 0 | N24: =0+0-0 -> 0 | O24: =ROUND(IF(K24*0.25-0.5<0,0,K24*0.25-0.5),0)-P24-R24 -> 0 | S24: =K24-(SUM(U24:AL24))+N24 -> 0 | T24: =IF(S24<0,"ATENÇÃO","OK") -> OK
A25: 7 | B25: ESTRUTURAL OBRAS E SERVICOS LTDA, CNPJ: 64.170.650/0001-68 | C25: 22 | D25: Toldo em chapa de policarbonato, curvo, para fixar em parede, cor cristal, em dimensões aproximadas de 70 cm x 120 cm, com no mínimo 4mm de espessura. Material de fixação em alumínio e plástico de engenharia. Composto por suportes e o toldo. Entrega em Florianópolis/SC, não necessita instalação. | E25: Própria | F25: 48-05 | G25: 3184-4-011 | H25: peça | I25: 449052.42 | J25: 526.31 | K25: 0 | L25: =IF(SUM(U25:AL25)>K25+N25,K25+N25,SUM(U25:AL25)) -> 0 | M25: =SUM(U25:AL25) -> 0 | N25: =0+0-0 -> 0 | O25: =ROUND(IF(K25*0.25-0.5<0,0,K25*0.25-0.5),0)-P25-R25 -> 0 | S25: =K25-(SUM(U25:AL25))+N25 -> 0 | T25: =IF(S25<0,"ATENÇÃO","OK") -> OK
A26: 8 | B26: ELFORT IMPORTAÇÃO E DISTRIBUICAO DE PRODUTOS LTDA EPP, CNPJ: 09.213.849/0001-18 | C26: 23 | D26: Piso laminado vinílico, placas decorativas com estampagem digital de madeira com capa de uso de 0,5mm (modelo a definir); placas de aproximadamente 228x1830mm; espessura de 3mm a 5mm; resistente a abrasão e químicos classe T; resistente a uso interno e a cadeiras com rodízio; alta durabilidade; certificado da norma brasileira NBR 8660-classe2A; garantia mínima de 15 anos; com acessórios e serviço de instalação; regularização de contrapiso e acabamento inclusos; densidade ótica de fumaça (toxidade em caso de incêndio) menor que 450dm (norma ASTME 662); absorção de som ao impacto norma ASTME 989-06 = 10 decibéis; identação residual igual ou menor a 0,1mm; estabilidade dimensional EN 434 igual ou menor que 0,13mm. INSTALADO. cor a escolher | E26: Eucaflor | F26: 45-04 | G26: 33367002 | H26: m² | I26: 3336733 | J26: 166.67 | K26: 0 | L26: =IF(SUM(U26:AL26)>K26+N26,K26+N26,SUM(U26:AL26)) -> 0 | M26: =SUM(U26:AL26) -> 0 | N26: =0+0-0 -> 0 | O26: =ROUND(IF(K26*0.25-0.5<0,0,K26*0.25-0.5),0)-P26-R26 -> 0 | S26: =K26-(SUM(U26:AL26))+N26 -> 0 | T26: =IF(S26<0,"ATENÇÃO","OK") -> OK
C27: 24 | D27: Rodapé De Poliestireno 10cm De Altura Liso, instalado cor a escolher | E27: Eucaflor | F27: 45-04 | G27: 50422-3-390 | H27: m² | I27: 339030.24 | J27: 19.83 | K27: 0 | L27: =IF(SUM(U27:AL27)>K27+N27,K27+N27,SUM(U27:AL27)) -> 0 | M27: =SUM(U27:AL27) -> 0 | N27: =0+0-0 -> 0 | O27: =ROUND(IF(K27*0.25-0.5<0,0,K27*0.25-0.5),0)-P27-R27 -> 0 | S27: =K27-(SUM(U27:AL27))+N27 -> 0 | T27: =IF(S27<0,"ATENÇÃO","OK") -> OK
A28: 9 | B28: GEVAERD SERVICOS LTDA, CNPJ: 50.030.566/0001-34 | C28: 25 | D28: Kit de porta de madeira para pintura, semi-oca (leve ou média), padrão popular, 90x210cm, espessura de 3,5cm, itens inclusos: dobradiças, montagem e instalação do batente, fechadura com execução do furo - fornecimento e instalação | E28: Própria | F28: 02-48 | G28: 50073-0-006 | H28: unidade | I28: 339036.21 | J28: 1150 | K28: 0 | L28: =IF(SUM(U28:AL28)>K28+N28,K28+N28,SUM(U28:AL28)) -> 0 | M28: =SUM(U28:AL28) -> 0 | N28: =0+0-0 -> 0 | O28: =ROUND(IF(K28*0.25-0.5<0,0,K28*0.25-0.5),0)-P28-R28 -> 0 | S28: =K28-(SUM(U28:AL28))+N28 -> 0 | T28: =IF(S28<0,"ATENÇÃO","OK") -> OK
A29: 10 | B29: ESTRUTURAL OBRAS E SERVICOS LTDA, CNPJ: 64.170.650/0001-68 | C29: 26 | D29: Porta em alumínio de abrir tipo veneziana com guarnição, fixação com parafusos fornecimento e instalação. | E29: Própria | F29: 02-48 | G29: 10684-4-003 | H29: m² | I29: 339030.24 | J29: 550 | K29: 0 | L29: =IF(SUM(U29:AL29)>K29+N29,K29+N29,SUM(U29:AL29)) -> 0 | M29: =SUM(U29:AL29) -> 0 | N29: =0+0-0 -> 0 | O29: =ROUND(IF(K29*0.25-0.5<0,0,K29*0.25-0.5),0)-P29-R29 -> 0 | S29: =K29-(SUM(U29:AL29))+N29 -> 0 | T29: =IF(S29<0,"ATENÇÃO","OK") -> OK
C30: 27 | D30: Janela em alumínio, cor N/P/B, tipo moldura-vidro, de correr, exclusive vidro. Instalado | E30: Própria | F30: 45-06 | G30: 00320-4-025 | H30: m² | I30: 339030.24 | J30: 376.66 | K30: 0 | L30: =IF(SUM(U30:AL30)>K30+N30,K30+N30,SUM(U30:AL30)) -> 0 | M30: =SUM(U30:AL30) -> 0 | N30: =0+0-0 -> 0 | O30: =ROUND(IF(K30*0.25-0.5<0,0,K30*0.25-0.5),0)-P30-R30 -> 0 | S30: =K30-(SUM(U30:AL30))+N30 -> 0 | T30: =IF(S30<0,"ATENÇÃO","OK") -> OK
C31: 28 | D31: Janela em alumínio, cor N/P/B, tipo moldura-vidro, max-ar, exclusive vidro. Instalado | E31: Própria | F31: 45-06 | G31: 00320-4-025 | H31: m² | I31: 339030.24 | J31: 320 | K31: 0 | L31: =IF(SUM(U31:AL31)>K31+N31,K31+N31,SUM(U31:AL31)) -> 0 | M31: =SUM(U31:AL31) -> 0 | N31: =0+0-0 -> 0 | O31: =ROUND(IF(K31*0.25-0.5<0,0,K31*0.25-0.5),0)-P31-R31 -> 0 | S31: =K31-(SUM(U31:AL31))+N31 -> 0 | T31: =IF(S31<0,"ATENÇÃO","OK") -> OK
A32: 11 | B32: SLOW COFFEE BRASIL E PFD LTDA, CNPJ: 08.639.849/0001-11 | C32: 29 | D32: Linóleo para uso no solo de apresentações artísticas. Espessura mínima de 1mm e largura mínima de 1,40m | E32: LINÓLEO ECOLÓGICO | F32: 45-04 | G32: 03336-7-061 | H32: metro linear | I32: 339030.24 | J32: 37.51 | K32: 0 | L32: =IF(SUM(U32:AL32)>K32+N32,K32+N32,SUM(U32:AL32)) -> 0 | M32: =SUM(U32:AL32) -> 0 | N32: =0+0-0 -> 0 | O32: =ROUND(IF(K32*0.25-0.5<0,0,K32*0.25-0.5),0)-P32-R32 -> 0 | S32: =K32-(SUM(U32:AL32))+N32 -> 0 | T32: =IF(S32<0,"ATENÇÃO","OK") -> OK
C33: 30 | D33: Fita para aplicação de Linóleo, PVC aderência e resistência, não deixa resíduo de cola na superfície. 50mm largura X 30 Mt. | E33: LINÓLEO ECOLÓGICO | F33: 45-04 | G33: 03336-7-061 | H33: peça | I33: 339030.24 | J33: 17.67 | K33: 0 | L33: =IF(SUM(U33:AL33)>K33+N33,K33+N33,SUM(U33:AL33)) -> 0 | M33: =SUM(U33:AL33) -> 0 | N33: =0+0-0 -> 0 | O33: =ROUND(IF(K33*0.25-0.5<0,0,K33*0.25-0.5),0)-P33-R33 -> 0 | S33: =K33-(SUM(U33:AL33))+N33 -> 0 | T33: =IF(S33<0,"ATENÇÃO","OK") -> OK
A34: 12 | B34: TROPICAL MOVEIS E FERRAGENS LTDA, CNPJ: 40.898.065/0001-10 | C34: 31 | D34: Tábua para deck em pinus tratado (autoclave) com nó de 3 X 9 X 300cm. Tratamento pelos métodos de Preservação determinados pela Norma NBR 7190, da ABNT, com classe de risco CR4, sob vácuo e pressão em Autoclave. | E34: Zenóbio | F34: 45-02 | G34: 03746-0-004 | H34: peça | I34: 339030.24 | J34: 25.9 | K34: 0 | L34: =IF(SUM(U34:AL34)>K34+N34,K34+N34,SUM(U34:AL34)) -> 0 | M34: =SUM(U34:AL34) -> 0 | N34: =0+0-0 -> 0 | O34: =ROUND(IF(K34*0.25-0.5<0,0,K34*0.25-0.5),0)-P34-R34 -> 0 | S34: =K34-(SUM(U34:AL34))+N34 -> 0 | T34: =IF(S34<0,"ATENÇÃO","OK") -> OK
A35: 13 | B35: DELDUQUE COMERCIO E SERVIÇOS LTDA ME, CNPJ: 07.082.650/0001-72 | C35: 32 | D35: Divisória acústica com paredes de gesso acartonado, drywall, em estrutura metálica e revestida internamente com fibra de lã de rocha para isolamento acústico, com rodapé e rodateto em perfil de alumínio revestido nas faces com vedante de espuma de PVC autocolante. Faces duplas de chapas ST de 12,5mm, estrutura dupla e montantes a cada 60cm. Espessura total da parede ente 100mm e 180mm (conforme necessidade). Remover a anterior e instalar a nova. Incluir todos os acessórios necessários a sua instalação e pintura. Marca de referência: Placocenter. Instalada. | E35: Knaulf | F35: 45-08 | G35: 03960-8-047 | H35: m² | I35: 339030.24 | J35: 127.5 | K35: 0 | L35: =IF(SUM(U35:AL35)>K35+N35,K35+N35,SUM(U35:AL35)) -> 0 | M35: =SUM(U35:AL35) -> 0 | N35: =0+0-0 -> 0 | O35: =ROUND(IF(K35*0.25-0.5<0,0,K35*0.25-0.5),0)-P35-R35 -> 0 | S35: =K35-(SUM(U35:AL35))+N35 -> 0 | T35: =IF(S35<0,"ATENÇÃO","OK") -> OK
C36: 33 | D36: Divisória acústica com paredes de gesso acartonado, drywall, em estrutura metálica e revestida internamente com fibra de lã de rocha para isolamento acústico, com rodapé e rodateto em perfil de alumínio revestido nas faces com vedante de espuma de PVC autocolante. Faces duplas de chapas ST de 12,5mm, estrutura dupla e montantes a cada 60cm. Espessura total da parede ente 100mm e 180mm (conforme necessidade). Com vidros duplos de 6mm, temperados, com estrutura periférica em alumínio que permita a montagem de persianas em seu interior. Os vidros deverão ser apoiados em batentes de PVC para evitar vibrações. Incluir todos os acessórios necessários a sua instalação e pintura. Marca de referência: Placocenter. Instalada. | E36: Knaulf | F36: 45-08 | G36: 03960-8-047 | H36: m² | I36: 339030.24 | J36: 131 | K36: 0 | L36: =IF(SUM(U36:AL36)>K36+N36,K36+N36,SUM(U36:AL36)) -> 0 | M36: =SUM(U36:AL36) -> 0 | N36: =0+0-0 -> 0 | O36: =ROUND(IF(K36*0.25-0.5<0,0,K36*0.25-0.5),0)-P36-R36 -> 0 | S36: =K36-(SUM(U36:AL36))+N36 -> 0 | T36: =IF(S36<0,"ATENÇÃO","OK") -> OK
C37: 34 | D37: Porta acústica em madeira 0,90 x 2,10, espessura 80mm com visor em vidro duplo de 25 x25 cm. Para parede drywall, instalada. | E37: JB | F37: 45-08 | G37: 00319-0-024 | H37: Peça | I37: 339030.24 | J37: 3800 | K37: 0 | L37: =IF(SUM(U37:AL37)>K37+N37,K37+N37,SUM(U37:AL37)) -> 0 | M37: =SUM(U37:AL37) -> 0 | N37: =0+0-0 -> 0 | O37: =ROUND(IF(K37*0.25-0.5<0,0,K37*0.25-0.5),0)-P37-R37 -> 0 | S37: =K37-(SUM(U37:AL37))+N37 -> 0 | T37: =IF(S37<0,"ATENÇÃO","OK") -> OK
C38: 35 | D38: Porta de madeira angelim tipo pedra, semi-oca, lisa, para ser instalada em divisória acústica drywall e alvenaria. Porta com revestimento interno em lã de rocha. Tamanho 90cm X 2,10m, espessura da porta de no mínimo 3,5cm. Inclui forra, maçaneta, duas chaves e todos os acessórios necessários para a sua instalação. Cor natural, pronta para pintura. Instalada. | E38: JB | F38: 45-08 | G38: 00319-0-024 | H38: peça | I38: 339030.24 | J38: 650 | K38: 0 | L38: =IF(SUM(U38:AL38)>K38+N38,K38+N38,SUM(U38:AL38)) -> 0 | M38: =SUM(U38:AL38) -> 0 | N38: =0+0-0 -> 0 | O38: =ROUND(IF(K38*0.25-0.5<0,0,K38*0.25-0.5),0)-P38-R38 -> 0 | S38: =K38-(SUM(U38:AL38))+N38 -> 0 | T38: =IF(S38<0,"ATENÇÃO","OK") -> OK
A39: 14 | B39: GEVAERD SERVICOS LTDA, CNPJ: 50.030.566/0001-34 | C39: 36 | D39: Forro modular de fibra mineral AMF micro perfurado, medindo 625x625x15mm, com borda tegolar (rebaixada), instalado em estrutura com perfis de aço galvanizado em "T" invertido, pintado com tinta epóxi na cor branca ou cinza, com pendurais de arame galvanizado BWG 18. Remover o forro anterior e instalar o novo. Inclui todos os acessórios necessários para a sua instalação. Modelo de referência: Forrovid Boreal Isover. Instalado. | E39: Própria | F39: 45-02 | G39: 03541-6-008 | H39: metro | I39: 339030.24 | J39: 131.42 | K39: 0 | L39: =IF(SUM(U39:AL39)>K39+N39,K39+N39,SUM(U39:AL39)) -> 0 | M39: =SUM(U39:AL39) -> 0 | N39: =0+0-0 -> 0 | O39: =ROUND(IF(K39*0.25-0.5<0,0,K39*0.25-0.5),0)-P39-R39 -> 0 | S39: =K39-(SUM(U39:AL39))+N39 -> 0 | T39: =IF(S39<0,"ATENÇÃO","OK") -> OK
C40: 37 | D40: Remoção de forro, com destinação final dos resíduos. | E40: Própria | F40: 44-36 | G40: 50163-0-011 | H40: m² | I40: 339030.16 | J40: 7.68 | K40: 0 | L40: =IF(SUM(U40:AL40)>K40+N40,K40+N40,SUM(U40:AL40)) -> 0 | M40: =SUM(U40:AL40) -> 0 | N40: =0+0-0 -> 0 | O40: =ROUND(IF(K40*0.25-0.5<0,0,K40*0.25-0.5),0)-P40-R40 -> 0 | S40: =K40-(SUM(U40:AL40))+N40 -> 0 | T40: =IF(S40<0,"ATENÇÃO","OK") -> OK
A41: 15 | B41: GABRIEL FAGUNDES ZAMPIRON LTDA, CNPJ: 25.136.411/0001-30 | C41: 38 | D41: Divisória de vidro 10mm, junta seca. | E41: Cebrace | F41: 45-03 | G41: 03027-9-067 | H41: m² | I41: 339030.24 | J41: 220 | K41: 0 | L41: =IF(SUM(U41:AL41)>K41+N41,K41+N41,SUM(U41:AL41)) -> 0 | M41: =SUM(U41:AL41) -> 0 | N41: =0+0-0 -> 0 | O41: =ROUND(IF(K41*0.25-0.5<0,0,K41*0.25-0.5),0)-P41-R41 -> 0 | S41: =K41-(SUM(U41:AL41))+N41 -> 0 | T41: =IF(S41<0,"ATENÇÃO","OK") -> OK
C42: 39 | D42: Porta de vidro temperado incolor com espessura de 10mm, completa. porta pivotante. deverá ser entregue devidamente instalada, incluindo acessórios necessários: dobradiças, fechadura, cantoneira, maçaneta, ferragem superior e inferior, parafusos. | E42: Cebrace | F42: 45-02 | G42: 2803-7-020 | H42: m² | I42: 339030.24 | J42: 530 | K42: 0 | L42: =IF(SUM(U42:AL42)>K42+N42,K42+N42,SUM(U42:AL42)) -> 0 | M42: =SUM(U42:AL42) -> 0 | N42: =0+0-0 -> 0 | O42: =ROUND(IF(K42*0.25-0.5<0,0,K42*0.25-0.5),0)-P42-R42 -> 0 | S42: =K42-(SUM(U42:AL42))+N42 -> 0 | T42: =IF(S42<0,"ATENÇÃO","OK") -> OK
C43: 40 | D43: Porta de vidro temperado incolor com espessura de 10mm, completa, com uma ou duas folhas de correr. deverá ser entregue devidamente instalada, incluindo acessórios necessários: roldana, trilho superior e inferior, fechadura, capa, limitador, batente central e perfil central em alumínio, parafusos. | E43: Cebrace | F43: 45-02 | G43: 02803-7-017 | H43: peça | I43: 339030.24 | J43: 530 | K43: 0 | L43: =IF(SUM(U43:AL43)>K43+N43,K43+N43,SUM(U43:AL43)) -> 0 | M43: =SUM(U43:AL43) -> 0 | N43: =0+0-0 -> 0 | O43: =ROUND(IF(K43*0.25-0.5<0,0,K43*0.25-0.5),0)-P43-R43 -> 0 | S43: =K43-(SUM(U43:AL43))+N43 -> 0 | T43: =IF(S43<0,"ATENÇÃO","OK") -> OK
C44: 41 | D44: Mola hidráulica de piso para porta de vidro temperado. Instalada. | E44: Cebrace | F44: 45-06 | G44: 02804-5-006 | H44: peça | I44: 339030.24 | J44: 700 | K44: 0 | L44: =IF(SUM(U44:AL44)>K44+N44,K44+N44,SUM(U44:AL44)) -> 0 | M44: =SUM(U44:AL44) -> 0 | N44: =0+0-0 -> 0 | O44: =ROUND(IF(K44*0.25-0.5<0,0,K44*0.25-0.5),0)-P44-R44 -> 0 | S44: =K44-(SUM(U44:AL44))+N44 -> 0 | T44: =IF(S44<0,"ATENÇÃO","OK") -> OK
C45: 42 | D45: Mola hidraulica aérea para porta de vidro, instalada. | E45: Cebrace | F45: 45-06 | G45: 02804-5-006 | H45: peça | I45: 339030.24 | J45: 200 | K45: 0 | L45: =IF(SUM(U45:AL45)>K45+N45,K45+N45,SUM(U45:AL45)) -> 0 | M45: =SUM(U45:AL45) -> 0 | N45: =0+0-0 -> 0 | O45: =ROUND(IF(K45*0.25-0.5<0,0,K45*0.25-0.5),0)-P45-R45 -> 0 | S45: =K45-(SUM(U45:AL45))+N45 -> 0 | T45: =IF(S45<0,"ATENÇÃO","OK") -> OK
A46: 16 | B46: GEVAERD SERVICOS LTDA, CNPJ: 50.030.566/0001-34 | C46: 43 | D46: Parede Drywall 120/90/600 -1ST12,5/1ST12,5: Com 120mm de espessura é composta 1 placa ST12,5mm de cada lado, parafusadas em perfilados aço zincadas 90mm espaçados – acabamento com fita e massa - INSTALADO | E46: Própria | F46: 45-08 | G46: 3960-8-060 | H46: m² | I46: 339030.24 | J46: 121.83 | K46: 0 | L46: =IF(SUM(U46:AL46)>K46+N46,K46+N46,SUM(U46:AL46)) -> 0 | M46: =SUM(U46:AL46) -> 0 | N46: =0+0-0 -> 0 | O46: =ROUND(IF(K46*0.25-0.5<0,0,K46*0.25-0.5),0)-P46-R46 -> 0 | S46: =K46-(SUM(U46:AL46))+N46 -> 0 | T46: =IF(S46<0,"ATENÇÃO","OK") -> OK
C47: 44 | D47: Porta para parede DRYWALL 0,80x2,10 - COR A DEFINIR - INSTALADO | E47: Própria | F47: 45-06 | G47: 12093-6-021 | H47: peça | I47: 339030.24 | J47: 590 | K47: 0 | L47: =IF(SUM(U47:AL47)>K47+N47,K47+N47,SUM(U47:AL47)) -> 0 | M47: =SUM(U47:AL47) -> 0 | N47: =0+0-0 -> 0 | O47: =ROUND(IF(K47*0.25-0.5<0,0,K47*0.25-0.5),0)-P47-R47 -> 0 | S47: =K47-(SUM(U47:AL47))+N47 -> 0 | T47: =IF(S47<0,"ATENÇÃO","OK") -> OK
A48: 17 | B48: GBS VIDRAÇARIA E INSTALAÇÕES LTDA, CNPJ: 27.035.730/0001-84 | C48: 45 | D48: Chapa de Policarbonato Alveolar. Cor: Fumê - Espessura: 6 mm - Largura: 1050 mm - Comprimento: 6000 mm | E48: Própria | F48: 52-02 | G48: 00475-8-004 | H48: m² | I48: 339030.33 | J48: 321 | K48: 0 | L48: =IF(SUM(U48:AL48)>K48+N48,K48+N48,SUM(U48:AL48)) -> 0 | M48: =SUM(U48:AL48) -> 0 | N48: =0+0-0 -> 0 | O48: =ROUND(IF(K48*0.25-0.5<0,0,K48*0.25-0.5),0)-P48-R48 -> 0 | S48: =K48-(SUM(U48:AL48))+N48 -> 0 | T48: =IF(S48<0,"ATENÇÃO","OK") -> OK
A49: 18 | B49: GABRIEL FAGUNDES ZAMPIRON LTDA, CNPJ: 25.136.411/0001-30 | C49: 46 | D49: Pintura para interiores, sobre paredes, com lixamento, aplicação de 01 demão de líquido selador acrílico, 02 demãos de massa acrílica e 02 demãos de tinta acrílica convencional - Rev 01 | E49: Própria | F49: 44-36 | G49: 50164-0-010 | H49: unidade | I49: 339030.16 | J49: 52.5 | K49: 0 | L49: =IF(SUM(U49:AL49)>K49+N49,K49+N49,SUM(U49:AL49)) -> 0 | M49: =SUM(U49:AL49) -> 0 | N49: =0+0-0 -> 0 | O49: =ROUND(IF(K49*0.25-0.5<0,0,K49*0.25-0.5),0)-P49-R49 -> 0 | S49: =K49-(SUM(U49:AL49))+N49 -> 0 | T49: =IF(S49<0,"ATENÇÃO","OK") -> OK
A50: 19 | B50: GEVAERD SERVICOS LTDA, CNPJ: 50.030.566/0001-34 | C50: 47 | D50: Fornecimento e instalação de placas de forro de fibra mineral, espessura de 15 mm, nas modulações 600x1200 mm e 600x600 mm, ref. hunter douglas, armstrong ou equivalente técnico | E50: Própria | F50: 45-01 | G50: 50422-3-389 | H50: m² | I50: 339030.24 | J50: 153.33 | K50: 0 | L50: =IF(SUM(U50:AL50)>K50+N50,K50+N50,SUM(U50:AL50)) -> 0 | M50: =SUM(U50:AL50) -> 0 | N50: =0+0-0 -> 0 | O50: =ROUND(IF(K50*0.25-0.5<0,0,K50*0.25-0.5),0)-P50-R50 -> 0 | S50: =K50-(SUM(U50:AL50))+N50 -> 0 | T50: =IF(S50<0,"ATENÇÃO","OK") -> OK
A51: 20 | B51: ESTRUTURAL OBRAS E SERVICOS LTDA, CNPJ: 64.170.650/0001-68 | C51: 48 | D51: Divisórias Piso-teto com 85mm de espessura sendo composta por painéis VIDRO ÚNICO. Vidros laminado de segurança 6mm cada face (3mm+PVB+3mm). Estrutura em alumínio PERFIL ANODIZADO COM PINTURA EPOXI GRAFITE. Guarnições de borracha para melhor atenuação acústica nas portas, painéis de vidros e perfis estrututais. Espaço interno de 50mm para instalação de cabeamentos. Painéis de saque frontal. Porta de giro, folha única, VIDRO DUPLO, com montantes em alumínio. Fechaduras e dobradiças em aço inox escovado. Instalado. | E51: Própria | F51: 45-08 | G51: 50422-3-180 | H51: m² | I51: 339030.24 | J51: 953.86 | K51: 0 | L51: =IF(SUM(U51:AL51)>K51+N51,K51+N51,SUM(U51:AL51)) -> 0 | M51: =SUM(U51:AL51) -> 0 | N51: =0+0-0 -> 0 | O51: =ROUND(IF(K51*0.25-0.5<0,0,K51*0.25-0.5),0)-P51-R51 -> 0 | S51: =K51-(SUM(U51:AL51))+N51 -> 0 | T51: =IF(S51<0,"ATENÇÃO","OK") -> OK
C52: 49 | D52: Divisórias Piso-teto com 85mm de espessura sendo composta por painéis VIDRO DUPLO. Vidros laminado de segurança 6mm cada face (3mm+PVB+3mm). Estrutura em alumínio PERFIL ANODIZADO COM PINTURA EPOXI GRAFITE. Guarnições de borracha para melhor atenuação acústica nas portas, painéis de vidros e perfis estrututais. Espaço interno de 50mm para instalação de cabeamentos. Painéis de saque frontal. Porta de giro, folha única, VIDRO DUPLO, com montantes em alumínio. Fechaduras e dobradiças em aço inox escovado. Instalado | E52: Própria | F52: 45-08 | G52: 50422-3-181 | H52: m² | I52: 33.90.30.24 | J52: 1290.84 | K52: 0 | L52: =IF(SUM(U52:AL52)>K52+N52,K52+N52,SUM(U52:AL52)) -> 0 | M52: =SUM(U52:AL52) -> 0 | N52: =0+0-0 -> 0 | O52: =ROUND(IF(K52*0.25-0.5<0,0,K52*0.25-0.5),0)-P52-R52 -> 0 | S52: =K52-(SUM(U52:AL52))+N52 -> 0 | T52: =IF(S52<0,"ATENÇÃO","OK") -> OK
K53: =SUM(K4:K52) -> 248 | L53: =SUM(L4:L52) -> 29 | M53: =SUM(M4:M52) -> 29 | N53: =SUM(N4:N52) -> 0 | O53: =SUM(O4:O52) -> 55 | P53: =SUM(P4:P52) -> 0 | Q53: =SUM(Q4:Q52) -> 0 | R53: =SUM(R4:R52) -> 0 | S53: =SUM(S4:S52) -> 219 | U53: =SUMPRODUCT($J$4:$J$52,U4:U52) -> 1623.94 | V53: =SUMPRODUCT($J$4:$J$52,V4:V52) -> 0 | W53: =SUMPRODUCT($J$4:$J$52,W4:W52) -> 0 | X53: =SUMPRODUCT($J$4:$J$52,X4:X52) -> 0 | Y53: =SUMPRODUCT($J$4:$J$52,Y4:Y52) -> 0 | Z53: =SUMPRODUCT($J$4:$J$52,Z4:Z52) -> 0 | AA53: =SUMPRODUCT($J$4:$J$52,AA4:AA52) -> 0 | AB53: =SUMPRODUCT($J$4:$J$52,AB4:AB52) -> 0 | ... AL53: =SUMPRODUCT($J$4:$J$52,AL4:AL52) -> 0
K54: =SUMPRODUCT($J$4:$J$52,K4:K52) -> 25046.4 | L54: =SUMPRODUCT($J$4:$J$52,L4:L52) -> 1623.94 | M54: =SUMPRODUCT($J$4:$J$52,M4:M52) -> 1623.94 | N54: =SUMPRODUCT($J$4:$J$52,N4:N52) -> 0 | O54: =SUMPRODUCT($J$4:$J$52,O4:O52) -> 5509.27 | P54: =SUMPRODUCT($J$4:$J$52,P4:P52) -> 0 | Q54: =SUMPRODUCT($J$4:$J$52,Q4:Q52) -> 0 | R54: =SUMPRODUCT($J$4:$J$52,R4:R52) -> 0
D55: OBS:
D56: Prazo de Entrega: 10 dias
D57: Prazo de Pagamento: 30 dias

Sheet CEART
A1: PE 0637/2026 SRP - (SGPE DE ORIGEM: 41139.2025) | D1: OBJETO: Aquisição de Divisórias, Vidros, Cortinas e Similares para o CAMPUS I, CERES, CESFI, CEAVI da Universidade do Estado de Santa Catarina (UDESC) | K1: VIGÊNCIA DA ATA: 28/04/2026 a 28/04/2027 | U1: AF/OS nº 931/2026 SGPe 20503/2026 | V1: AF/OS nº xxxx/2026 (Quantidade) | W1: AF/OS nº xxxx/2026 (Quantidade) | X1: AF/OS nº xxxx/2026 (Quantidade) | Y1: AF/OS nº xxxx/2026 (Quantidade) | Z1: AF/OS nº xxxx/2026 (Quantidade) | AA1: AF/OS nº xxxx/2026 (Quantidade) | AB1: AF/OS nº xxxx/2026 (Quantidade) | AC1: AF/OS nº xxxx/2026 (Quantidade) | AD1: AF/OS nº xxxx/2026 (Quantidade) | AE1: AF/OS nº xxxx/2026 (Quantidade) | AF1: AF/OS nº xxxx/2026 (Quantidade) | AG1: AF/OS nº xxxx/2026 (Quantidade) | AH1: AF/OS nº xxxx/2026 (Quantidade) | AI1: AF/OS nº xxxx/2026 (Quantidade) | AJ1: AF/OS nº xxxx/2026 (Quantidade) | AK1: AF/OS nº xxxx/2026 (Quantidade) | AL1: AF/OS nº xxxx/2026 (Quantidade)
A2: CENTRO PARTICIPANTE: CEART | U2: GBS Vidraçaria | V2: [EMPRESA] | W2: [EMPRESA] | X2: [EMPRESA] | Y2: [EMPRESA] | Z2: [EMPRESA] | AA2: [EMPRESA] | AB2: [EMPRESA] | AC2: [EMPRESA] | AD2: [EMPRESA] | AE2: [EMPRESA] | AF2: [EMPRESA] | AG2: [EMPRESA] | AH2: [EMPRESA] | AI2: [EMPRESA] | AJ2: [EMPRESA] | AK2: [EMPRESA] | AL2: [EMPRESA]
A3: Lote | B3: Empresa | C3: Item | D3: Descrição | E3: Marca/Modelo | F3: Grupo-Classe | G3: Código NUC | H3: Unidade | I3: Detalhamento | J3: Preço UNITÁRIO | K3: Qtde Registrada | L3: Quantidade UTILIZADA da Ata | M3: Quantidade UTILIZADA TOTAL | N3: Quantidade Recebida/ Cedida | O3: QUANTIDADE DISPONÍVEL PARA ADITIVAR | P3: Quantidade Aditivada Própria | Q3: Quantidade Aditivos Recebidos | R3: Quantidade Aditivos Cedidos | S3: Saldo / Automático | T3: ALERTA | U3: 46183 | V3: ...../...../2027 | W3: ...../...../2028 | X3: ...../...../2029 | Y3: ...../...../2030 | Z3: ...../...../2031 | AA3: ...../...../2032 | AB3: ...../...../2033 | AC3: ...../...../2034 | AD3: ...../...../2035 | AE3: ...../...../2036 | AF3: ...../...../2037 | AG3: ...../...../2038 | AH3: ...../...../2039 | AI3: ...../...../2040 | AJ3: ...../...../2041 | AK3: ...../...../2042 | AL3: ...../...../2043
A4: 1 | B4: GABRIEL FAGUNDES ZAMPIRON LTDA, CNPJ: 25.136.411/0001-30 | C4: 1 | D4: Espelho cristal 4mm. Instalado. Com moldura em alumínio e compensado 6mm plastificado colado. Considerar retirada do vidro existente se houver. | E4: Cebrace | F4: 45-03 | G4: 03027-9-065 | H4: m² | I4: 339030.24 | J4: 150 | K4: 30 | L4: =IF(SUM(U4:AL4)>K4+N4,K4+N4,SUM(U4:AL4)) -> 0 | M4: =SUM(U4:AL4) -> 0 | N4: =0+0-0 -> 0 | O4: =ROUND(IF(K4*0.25-0.5<0,0,K4*0.25-0.5),0)-P4-R4 -> 7 | S4: =K4-(SUM(U4:AL4))+N4 -> 30 | T4: =IF(S4<0,"ATENÇÃO","OK") -> OK
C5: 2 | D5: Vidro mini-boreal incolor, 3mm. Instalado. | E5: Cebrace | F5: 45-03 | G5: 03027-9-027 | H5: m² | I5: 339030.24 | J5: 70 | K5: 0 | L5: =IF(SUM(U5:AL5)>K5+N5,K5+N5,SUM(U5:AL5)) -> 0 | M5: =SUM(U5:AL5) -> 0 | N5: =0+0-0 -> 0 | O5: =ROUND(IF(K5*0.25-0.5<0,0,K5*0.25-0.5),0)-P5-R5 -> 0 | S5: =K5-(SUM(U5:AL5))+N5 -> 0 | T5: =IF(S5<0,"ATENÇÃO","OK") -> OK
C6: 3 | D6: Fornecimento e instalação de vidro liso 3mm, incolor, incluindo massa/filete de espuma em ambas as faces, acabamento e retirada do vidro e massa anterior se houver. | E6: Cebrace | F6: 45-03 | G6: 03027-9-027 | H6: m² | I6: 339030.24 | J6: 90 | K6: 0 | L6: =IF(SUM(U6:AL6)>K6+N6,K6+N6,SUM(U6:AL6)) -> 0 | M6: =SUM(U6:AL6) -> 0 | N6: =0+0-0 -> 0 | O6: =ROUND(IF(K6*0.25-0.5<0,0,K6*0.25-0.5),0)-P6-R6 -> 0 | S6: =K6-(SUM(U6:AL6))+N6 -> 0 | T6: =IF(S6<0,"ATENÇÃO","OK") -> OK
C7: 4 | D7: Fornecimento e instalação de vidro liso 4mm, incolor, incluindo massa/filete de espuma em ambas as faces, acabamento e retirada do vidro e massa anterior se houver. | E7: Cebrace | F7: 45-03 | G7: 03027-9-065 | H7: m² | I7: 339030.24 | J7: 125 | K7: 150 | L7: =IF(SUM(U7:AL7)>K7+N7,K7+N7,SUM(U7:AL7)) -> 0 | M7: =SUM(U7:AL7) -> 0 | N7: =0+0-0 -> 0 | O7: =ROUND(IF(K7*0.25-0.5<0,0,K7*0.25-0.5),0)-P7-R7 -> 37 | S7: =K7-(SUM(U7:AL7))+N7 -> 150 | T7: =IF(S7<0,"ATENÇÃO","OK") -> OK
C8: 5 | D8: Fornecimento e instalação de vidro liso 5mm, incolor, incluindo massa/filete de espuma em ambas as faces, acabamento e retirada do vidro e massa anterior se houver. | E8: Cebrace | F8: 45-03 | G8: 03027-9-028 | H8: m² | I8: 339030.24 | J8: 100 | K8: 50 | L8: =IF(SUM(U8:AL8)>K8+N8,K8+N8,SUM(U8:AL8)) -> 0 | M8: =SUM(U8:AL8) -> 0 | N8: =0+0-0 -> 0 | O8: =ROUND(IF(K8*0.25-0.5<0,0,K8*0.25-0.5),0)-P8-R8 -> 12 | S8: =K8-(SUM(U8:AL8))+N8 -> 50 | T8: =IF(S8<0,"ATENÇÃO","OK") -> OK
A9: 2 | B9: DELDUQUE COMERCIO E SERVIÇOS LTDA ME, CNPJ: 07.082.650/0001-72 | C9: 6 | D9: Fornecimento de divisórias em painéis com espessura de 35mm, com miolo em colméia em kraft de alta gramatura e estrutura em aço galvanizado com pintura em epóxi-poliester pó. Colocação programada e cor do painel a escolher. Instalada. | E9: Eucatex | F9: 45-08 | G9: 03960-8-012 | H9: m² | I9: 339030.24 | J9: 93.99 | K9: 500 | L9: =IF(SUM(U9:AL9)>K9+N9,K9+N9,SUM(U9:AL9)) -> 0 | M9: =SUM(U9:AL9) -> 0 | N9: =0+0-0 -> 0 | O9: =ROUND(IF(K9*0.25-0.5<0,0,K9*0.25-0.5),0)-P9-R9 -> 125 | S9: =K9-(SUM(U9:AL9))+N9 -> 500 | T9: =IF(S9<0,"ATENÇÃO","OK") -> OK
C10: 7 | D10: Fornecimento de divisórias em painéis com espessura de 35mm, com miolo em colméia em kraft de alta gramatura e estrutura em aço galvanizado com pintura em epóxi-poliester pó. Estrutura com Módulo de vidro de espessura mínima de 4mm (vidro incluido na cotação). Painel de divisórias e bandeira em vidro com altura a ser definido na AF, fazendo a estrutura ficar com "painel, vidro e painel" ou "painel e vidro". Colocação programada e cor a escolher. Instalado. | E10: Eucatex | F10: 45-08 | G10: 03960-8-012 | H10: m² | I10: 339030.24 | J10: 115 | K10: 300 | L10: =IF(SUM(U10:AL10)>K10+N10,K10+N10,SUM(U10:AL10)) -> 0 | M10: =SUM(U10:AL10) -> 0 | N10: =0+0-0 -> 0 | O10: =ROUND(IF(K10*0.25-0.5<0,0,K10*0.25-0.5),0)-P10-R10 -> 75 | S10: =K10-(SUM(U10:AL10))+N10 -> 300 | T10: =IF(S10<0,"ATENÇÃO","OK") -> OK
C11: 8 | D11: Porta de abrir eixo vertical, 90X210cm em painéis divisórias, cor a definir. Com miolo em colméia e estrutura em aço com pintura em epóxi na cor preta, bege ou branca, completa (com maçaneta tipo alavanca, chave e dobradiças). Compatíveis com as divisórias existentes. Instalada. | E11: Eucatex | F11: 45-08 | G11: 07626-0-001 | H11: peça | I11: 339030.24 | J11: 260 | K11: 10 | L11: =IF(SUM(U11:AL11)>K11+N11,K11+N11,SUM(U11:AL11)) -> 0 | M11: =SUM(U11:AL11) -> 0 | N11: =0+0-0 -> 0 | O11: =ROUND(IF(K11*0.25-0.5<0,0,K11*0.25-0.5),0)-P11-R11 -> 2 | S11: =K11-(SUM(U11:AL11))+N11 -> 10 | T11: =IF(S11<0,"ATENÇÃO","OK") -> OK
C12: 9 | D12: Porta para divisórias em painéis de espessura 35mm, com miolo tipo colméia em kraft de alta gramatura, estrutura em aço galvanizado, com pintura epóxi-poliester pó. Colocação programada e cor a definir. Medidas da porta: 0,80x2,10m. Instalada. | E12: Eucatex | F12: 45-08 | G12: 07626-0-001 | H12: peça | I12: 339030.24 | J12: 250 | K12: 10 | L12: =IF(SUM(U12:AL12)>K12+N12,K12+N12,SUM(U12:AL12)) -> 0 | M12: =SUM(U12:AL12) -> 0 | N12: =0+0-0 -> 0 | O12: =ROUND(IF(K12*0.25-0.5<0,0,K12*0.25-0.5),0)-P12-R12 -> 2 | S12: =K12-(SUM(U12:AL12))+N12 -> 10 | T12: =IF(S12<0,"ATENÇÃO","OK") -> OK
C13: 10 | D13: Serviço de desmontagem de divisórias em painéis com espessura de 35mm, miolo em colméia, estrutura em aço ou alumínio. | E13: Própria | F13: 02-30 | G13: 50056-0-015 | H13: m² | I13: 339039.16 | J13: 8 | K13: 300 | L13: =IF(SUM(U13:AL13)>K13+N13,K13+N13,SUM(U13:AL13)) -> 0 | M13: =SUM(U13:AL13) -> 0 | N13: =0+0-0 -> 0 | O13: =ROUND(IF(K13*0.25-0.5<0,0,K13*0.25-0.5),0)-P13-R13 -> 75 | S13: =K13-(SUM(U13:AL13))+N13 -> 300 | T13: =IF(S13<0,"ATENÇÃO","OK") -> OK
C14: 11 | D14: Serviço de montagem de divisórias em painéis com espessura de 35mm, miolo em colméia, estrutura em aço ou alumínio. | E14: Própria | F14: 02-30 | G14: 50056-0-016 | H14: m² | I14: 339039.16 | J14: 7 | K14: 300 | L14: =IF(SUM(U14:AL14)>K14+N14,K14+N14,SUM(U14:AL14)) -> 0 | M14: =SUM(U14:AL14) -> 0 | N14: =0+0-0 -> 0 | O14: =ROUND(IF(K14*0.25-0.5<0,0,K14*0.25-0.5),0)-P14-R14 -> 75 | S14: =K14-(SUM(U14:AL14))+N14 -> 300 | T14: =IF(S14<0,"ATENÇÃO","OK") -> OK
A15: 3 | B15: GEVAERD SERVICOS LTDA, CNPJ: 50.030.566/0001-34 | C15: 12 | D15: Película profissional refletiva para redução de temperatura e de incidência dos raios UV. Instalada. | E15: Própria | F15: 04-36 | G15: 50240-0-001 | H15: por serviço | I15: 449051.95 | J15: 48.78 | K15: 300 | L15: =IF(SUM(U15:AL15)>K15+N15,K15+N15,SUM(U15:AL15)) -> 0 | M15: =SUM(U15:AL15) -> 0 | N15: =0+0-0 -> 0 | O15: =ROUND(IF(K15*0.25-0.5<0,0,K15*0.25-0.5),0)-P15-R15 -> 75 | S15: =K15-(SUM(U15:AL15))+N15 -> 300 | T15: =IF(S15<0,"ATENÇÃO","OK") -> OK
A16: 4 | B16: LOFTY FLEX PERSIANAS / (M. GIROLDO DECORA LTDA) - ME, CNPJ: 18.900.026/0001-51 | C16: 13 | D16: Persiana em rolo. Acionamento manual, com opção de montagem bilateral.; tipo tela solar, produzida em fibra de vidro e PVC antichama; atóxica; translúcida; fator de abertura de 5%; espessura mínima 0,5mm; largura máxima 2,0m; bloqueio mínimo de 90% de raios UV; lavável; com estabilidade dimensional (não estica ou deforma com as variações de temperatura). Com tubo enrolador e perfil inferior em alumínio; acionamento por corrente tipo standard com cordão de poliéster; enrolamento padrão (tecido recolhido por trás do tubo enrolador); cores preferenciais branca ou bege/off-white, ou cinza claro. O produto deverá ser instalado pelo fornecedor, sendo admitidos vãos (frestas) de até 4cm entre cortinas instaladas lado a lado. Garantia mínima 1 ano da cortina, sobre defeitos de fabricação ou vicio oculto. | E16: Própria | F16: 16-02 | G16: 12254-8-005 | H16: m² | I16: 339030.24 | J16: 102.5 | K16: 200 | L16: =IF(SUM(U16:AL16)>K16+N16,K16+N16,SUM(U16:AL16)) -> 0 | M16: =SUM(U16:AL16) -> 0 | N16: =0+0-0 -> 0 | O16: =ROUND(IF(K16*0.25-0.5<0,0,K16*0.25-0.5),0)-P16-R16 -> 50 | S16: =K16-(SUM(U16:AL16))+N16 -> 200 | T16: =IF(S16<0,"ATENÇÃO","OK") -> OK
C17: 14 | D17: Cortina ROLO BlackOut, tecido vinílico, pode ser enrolada ou desenrolada num tubo superior e desta forma pode ser recolhida totalmente. Dimensões aproximadas em 2m (L) x 1,60m (A). Instalação contratada por metro quadrado. O valor da confecção compreende o valor global do metro quadrado, incluindo mão de obra de instalação e os acessórios necessários. | E17: Própria | F17: 16-02 | G17: 12337-4-003 | H17: m² | I17: 339030.24 | J17: 102.5 | K17: 50 | L17: =IF(SUM(U17:AL17)>K17+N17,K17+N17,SUM(U17:AL17)) -> 0 | M17: =SUM(U17:AL17) -> 0 | N17: =0+0-0 -> 0 | O17: =ROUND(IF(K17*0.25-0.5<0,0,K17*0.25-0.5),0)-P17-R17 -> 12 | S17: =K17-(SUM(U17:AL17))+N17 -> 50 | T17: =IF(S17<0,"ATENÇÃO","OK") -> OK
A18: 5 | B18: BELA CASA CORTINAS LTDA, CNPJ: 10.140.785/0001-51 | C18: 15 | D18: Persiana vertical em tecido resinado RAMI natural com blackout em faixas de no mínimo 9cm, guias para abrir e fechar e mudança de posição (controle de entrada de luz) cor a definir, instalada. (para cálculos da cotação utilizar altura média de 1,60m). | E18: Franper | F18: 16-02 | G18: 12254-8-009 | H18: m² | I18: 339030.24 | J18: 105 | K18: 200 | L18: =IF(SUM(U18:AL18)>K18+N18,K18+N18,SUM(U18:AL18)) -> 0 | M18: =SUM(U18:AL18) -> 0 | N18: =0+0-0 -> 0 | O18: =ROUND(IF(K18*0.25-0.5<0,0,K18*0.25-0.5),0)-P18-R18 -> 50 | S18: =K18-(SUM(U18:AL18))+N18 -> 200 | T18: =IF(S18<0,"ATENÇÃO","OK") -> OK
C19: 16 | D19: Persiana vertical em tecido resinado RAMI natural - em faixas de no mín. 9 cm, guias para abrir e fechar e mudança de posição (controle a entrada de luz). Cor a definir. Instalada. (para cálculos da cotação utilizar altura média de 1,60m). | E19: Franper | F19: 16-02 | G19: 12254-8-004 | H19: m² | I19: 339030.24 | J19: 80 | K19: 50 | L19: =IF(SUM(U19:AL19)>K19+N19,K19+N19,SUM(U19:AL19)) -> 0 | M19: =SUM(U19:AL19) -> 0 | N19: =0+0-0 -> 0 | O19: =ROUND(IF(K19*0.25-0.5<0,0,K19*0.25-0.5),0)-P19-R19 -> 12 | S19: =K19-(SUM(U19:AL19))+N19 -> 50 | T19: =IF(S19<0,"ATENÇÃO","OK") -> OK
C20: 17 | D20: Persiana horizontal de alumínio com lâminas de 50mm, não-perfurada, que permita ser utilizada por meio de um cordão e haste. Completa, inclui todos os acessórios necessários para a sua instalação e funcionamento. Modelo de referência: Haste e Cordão/Luxaflex. instalada. | E20: Franper | F20: 16-02 | G20: 12254-8-004 | H20: m² | I20: 339030.24 | J20: 185 | K20: 0 | L20: =IF(SUM(U20:AL20)>K20+N20,K20+N20,SUM(U20:AL20)) -> 0 | M20: =SUM(U20:AL20) -> 0 | N20: =0+0-0 -> 0 | O20: =ROUND(IF(K20*0.25-0.5<0,0,K20*0.25-0.5),0)-P20-R20 -> 0 | S20: =K20-(SUM(U20:AL20))+N20 -> 0 | T20: =IF(S20<0,"ATENÇÃO","OK") -> OK
C21: 18 | D21: Persiana horizontal de alumínio com lâminas de 50mm, modelo blackout, sem furos, que permita ser utilizada por meio de um cordão e haste. Completa, inclui todos os acessórios necessários para a sua instalação e funcionamento. Modelo de referência: Haste e Cordão/Luxaflex. instalada. | E21: Franper | F21: 16-02 | G21: 12254-8-004 | H21: m² | I21: 339030.24 | J21: 185 | K21: 0 | L21: =IF(SUM(U21:AL21)>K21+N21,K21+N21,SUM(U21:AL21)) -> 0 | M21: =SUM(U21:AL21) -> 0 | N21: =0+0-0 -> 0 | O21: =ROUND(IF(K21*0.25-0.5<0,0,K21*0.25-0.5),0)-P21-R21 -> 0 | S21: =K21-(SUM(U21:AL21))+N21 -> 0 | T21: =IF(S21<0,"ATENÇÃO","OK") -> OK
A22: 6 | B22: TOK DE GLAMOUR COSMÉTICOS LTDA, CNPJ: 23.318.560/0001-94 | C22: 19 | D22: Cortina manual em tecido blackout 100%, lavável, com cor a definir, fornecimento e fixação de varão trilho suíço deslizante na parede ou teto, rodízios deslizantes instalados, contendo franzimento de 2 vezes a metragem. (Para medida do m² será considerado a área a ser coberta e não a metragem de tecido utilizada, para cálculos da cotação utilizar altura média de 1,80m). Instaladas | E22: Própria | F22: 16-02 | G22: 12337-4-012 | H22: m² | I22: 339030.24 | J22: 64.65 | K22: 100 | L22: =IF(SUM(U22:AL22)>K22+N22,K22+N22,SUM(U22:AL22)) -> 0 | M22: =SUM(U22:AL22) -> 0 | N22: =0+0-0 -> 0 | O22: =ROUND(IF(K22*0.25-0.5<0,0,K22*0.25-0.5),0)-P22-R22 -> 25 | S22: =K22-(SUM(U22:AL22))+N22 -> 100 | T22: =IF(S22<0,"ATENÇÃO","OK") -> OK
C23: 20 | D23: Cortina em tecido poliéster corta luz/blackout, ilhós, com 01 varão, instalada, em dimensões aproximadas em 2m(L) x 1,60m (A). Instalação contratada por metro quadrado com mão-de-obra. O valor da confecção compreende o valor global do metro quadrado, incluindo mão de obra de instalação e os acessórios/peças necessários. | E23: Própria | F23: 16-02 | G23: 12337-4-007 | H23: m² | I23: 339030.24 | J23: 64.65 | K23: 250 | L23: =IF(SUM(U23:AL23)>K23+N23,K23+N23,SUM(U23:AL23)) -> 0 | M23: =SUM(U23:AL23) -> 0 | N23: =0+0-0 -> 0 | O23: =ROUND(IF(K23*0.25-0.5<0,0,K23*0.25-0.5),0)-P23-R23 -> 62 | S23: =K23-(SUM(U23:AL23))+N23 -> 250 | T23: =IF(S23<0,"ATENÇÃO","OK") -> OK
C24: 21 | D24: Cortina com tecido Corta Luz/ Blackout liso, composição 100% poliéster lavável. Sistema “trilho suíço branco uma via”, ou superior. Cor a ser definida, com possibilidade de troca de cor, em comum acordo das partes – desde que não altere o valor do metro proposto. Dimensões aproximadas em 2m (L) x 1,60m (A). Instalação contratada por metro quadrado. O valor da confecção compreende o valor global do metro quadrado, incluindo mão de obra de instalação e os acessórios necessários (tecidos, trilhos necessários, fixadores, deslizantes, terminal, entre outros). | E24: Própria | F24: 16-02 | G24: 12337-4-007 | H24: m² | I24: 339030.24 | J24: 64.65 | K24: 200 | L24: =IF(SUM(U24:AL24)>K24+N24,K24+N24,SUM(U24:AL24)) -> 0 | M24: =SUM(U24:AL24) -> 0 | N24: =0+0-0 -> 0 | O24: =ROUND(IF(K24*0.25-0.5<0,0,K24*0.25-0.5),0)-P24-R24 -> 50 | S24: =K24-(SUM(U24:AL24))+N24 -> 200 | T24: =IF(S24<0,"ATENÇÃO","OK") -> OK
A25: 7 | B25: ESTRUTURAL OBRAS E SERVICOS LTDA, CNPJ: 64.170.650/0001-68 | C25: 22 | D25: Toldo em chapa de policarbonato, curvo, para fixar em parede, cor cristal, em dimensões aproximadas de 70 cm x 120 cm, com no mínimo 4mm de espessura. Material de fixação em alumínio e plástico de engenharia. Composto por suportes e o toldo. Entrega em Florianópolis/SC, não necessita instalação. | E25: Própria | F25: 48-05 | G25: 3184-4-011 | H25: peça | I25: 449052.42 | J25: 526.31 | K25: 25 | L25: =IF(SUM(U25:AL25)>K25+N25,K25+N25,SUM(U25:AL25)) -> 0 | M25: =SUM(U25:AL25) -> 0 | N25: =0+0-0 -> 0 | O25: =ROUND(IF(K25*0.25-0.5<0,0,K25*0.25-0.5),0)-P25-R25 -> 6 | S25: =K25-(SUM(U25:AL25))+N25 -> 25 | T25: =IF(S25<0,"ATENÇÃO","OK") -> OK
A26: 8 | B26: ELFORT IMPORTAÇÃO E DISTRIBUICAO DE PRODUTOS LTDA EPP, CNPJ: 09.213.849/0001-18 | C26: 23 | D26: Piso laminado vinílico, placas decorativas com estampagem digital de madeira com capa de uso de 0,5mm (modelo a definir); placas de aproximadamente 228x1830mm; espessura de 3mm a 5mm; resistente a abrasão e químicos classe T; resistente a uso interno e a cadeiras com rodízio; alta durabilidade; certificado da norma brasileira NBR 8660-classe2A; garantia mínima de 15 anos; com acessórios e serviço de instalação; regularização de contrapiso e acabamento inclusos; densidade ótica de fumaça (toxidade em caso de incêndio) menor que 450dm (norma ASTME 662); absorção de som ao impacto norma ASTME 989-06 = 10 decibéis; identação residual igual ou menor a 0,1mm; estabilidade dimensional EN 434 igual ou menor que 0,13mm. INSTALADO. cor a escolher | E26: Eucaflor | F26: 45-04 | G26: 33367002 | H26: m² | I26: 3336733 | J26: 166.67 | K26: 0 | L26: =IF(SUM(U26:AL26)>K26+N26,K26+N26,SUM(U26:AL26)) -> 0 | M26: =SUM(U26:AL26) -> 0 | N26: =15+15 -> 30 | O26: =ROUND(IF(K26*0.25-0.5<0,0,K26*0.25-0.5),0)-P26-R26 -> 0 | S26: =K26-(SUM(U26:AL26))+N26 -> 30 | T26: =IF(S26<0,"ATENÇÃO","OK") -> OK
C27: 24 | D27: Rodapé De Poliestireno 10cm De Altura Liso, instalado cor a escolher | E27: Eucaflor | F27: 45-04 | G27: 50422-3-390 | H27: m² | I27: 339030.24 | J27: 19.83 | K27: 0 | L27: =IF(SUM(U27:AL27)>K27+N27,K27+N27,SUM(U27:AL27)) -> 0 | M27: =SUM(U27:AL27) -> 0 | N27: =25 -> 25 | O27: =ROUND(IF(K27*0.25-0.5<0,0,K27*0.25-0.5),0)-P27-R27 -> 0 | S27: =K27-(SUM(U27:AL27))+N27 -> 25 | T27: =IF(S27<0,"ATENÇÃO","OK") -> OK
A28: 9 | B28: GEVAERD SERVICOS LTDA, CNPJ: 50.030.566/0001-34 | C28: 25 | D28: Kit de porta de madeira para pintura, semi-oca (leve ou média), padrão popular, 90x210cm, espessura de 3,5cm, itens inclusos: dobradiças, montagem e instalação do batente, fechadura com execução do furo - fornecimento e instalação | E28: Própria | F28: 02-48 | G28: 50073-0-006 | H28: unidade | I28: 339036.21 | J28: 1150 | K28: 0 | L28: =IF(SUM(U28:AL28)>K28+N28,K28+N28,SUM(U28:AL28)) -> 0 | M28: =SUM(U28:AL28) -> 0 | N28: =0+0-0 -> 0 | O28: =ROUND(IF(K28*0.25-0.5<0,0,K28*0.25-0.5),0)-P28-R28 -> 0 | S28: =K28-(SUM(U28:AL28))+N28 -> 0 | T28: =IF(S28<0,"ATENÇÃO","OK") -> OK
A29: 10 | B29: ESTRUTURAL OBRAS E SERVICOS LTDA, CNPJ: 64.170.650/0001-68 | C29: 26 | D29: Porta em alumínio de abrir tipo veneziana com guarnição, fixação com parafusos fornecimento e instalação. | E29: Própria | F29: 02-48 | G29: 10684-4-003 | H29: m² | I29: 339030.24 | J29: 550 | K29: 0 | L29: =IF(SUM(U29:AL29)>K29+N29,K29+N29,SUM(U29:AL29)) -> 0 | M29: =SUM(U29:AL29) -> 0 | N29: =0+0-0 -> 0 | O29: =ROUND(IF(K29*0.25-0.5<0,0,K29*0.25-0.5),0)-P29-R29 -> 0 | S29: =K29-(SUM(U29:AL29))+N29 -> 0 | T29: =IF(S29<0,"ATENÇÃO","OK") -> OK
C30: 27 | D30: Janela em alumínio, cor N/P/B, tipo moldura-vidro, de correr, exclusive vidro. Instalado | E30: Própria | F30: 45-06 | G30: 00320-4-025 | H30: m² | I30: 339030.24 | J30: 376.66 | K30: 0 | L30: =IF(SUM(U30:AL30)>K30+N30,K30+N30,SUM(U30:AL30)) -> 0 | M30: =SUM(U30:AL30) -> 0 | N30: =0+0-0 -> 0 | O30: =ROUND(IF(K30*0.25-0.5<0,0,K30*0.25-0.5),0)-P30-R30 -> 0 | S30: =K30-(SUM(U30:AL30))+N30 -> 0 | T30: =IF(S30<0,"ATENÇÃO","OK") -> OK
C31: 28 | D31: Janela em alumínio, cor N/P/B, tipo moldura-vidro, max-ar, exclusive vidro. Instalado | E31: Própria | F31: 45-06 | G31: 00320-4-025 | H31: m² | I31: 339030.24 | J31: 320 | K31: 0 | L31: =IF(SUM(U31:AL31)>K31+N31,K31+N31,SUM(U31:AL31)) -> 0 | M31: =SUM(U31:AL31) -> 0 | N31: =0+0-0 -> 0 | O31: =ROUND(IF(K31*0.25-0.5<0,0,K31*0.25-0.5),0)-P31-R31 -> 0 | S31: =K31-(SUM(U31:AL31))+N31 -> 0 | T31: =IF(S31<0,"ATENÇÃO","OK") -> OK
A32: 11 | B32: SLOW COFFEE BRASIL E PFD LTDA, CNPJ: 08.639.849/0001-11 | C32: 29 | D32: Linóleo para uso no solo de apresentações artísticas. Espessura mínima de 1mm e largura mínima de 1,40m | E32: LINÓLEO ECOLÓGICO | F32: 45-04 | G32: 03336-7-061 | H32: metro linear | I32: 339030.24 | J32: 37.51 | K32: 0 | L32: =IF(SUM(U32:AL32)>K32+N32,K32+N32,SUM(U32:AL32)) -> 0 | M32: =SUM(U32:AL32) -> 0 | N32: =0+0-0 -> 0 | O32: =ROUND(IF(K32*0.25-0.5<0,0,K32*0.25-0.5),0)-P32-R32 -> 0 | S32: =K32-(SUM(U32:AL32))+N32 -> 0 | T32: =IF(S32<0,"ATENÇÃO","OK") -> OK
C33: 30 | D33: Fita para aplicação de Linóleo, PVC aderência e resistência, não deixa resíduo de cola na superfície. 50mm largura X 30 Mt. | E33: LINÓLEO ECOLÓGICO | F33: 45-04 | G33: 03336-7-061 | H33: peça | I33: 339030.24 | J33: 17.67 | K33: 0 | L33: =IF(SUM(U33:AL33)>K33+N33,K33+N33,SUM(U33:AL33)) -> 0 | M33: =SUM(U33:AL33) -> 0 | N33: =0+0-0 -> 0 | O33: =ROUND(IF(K33*0.25-0.5<0,0,K33*0.25-0.5),0)-P33-R33 -> 0 | S33: =K33-(SUM(U33:AL33))+N33 -> 0 | T33: =IF(S33<0,"ATENÇÃO","OK") -> OK
A34: 12 | B34: TROPICAL MOVEIS E FERRAGENS LTDA, CNPJ: 40.898.065/0001-10 | C34: 31 | D34: Tábua para deck em pinus tratado (autoclave) com nó de 3 X 9 X 300cm. Tratamento pelos métodos de Preservação determinados pela Norma NBR 7190, da ABNT, com classe de risco CR4, sob vácuo e pressão em Autoclave. | E34: Zenóbio | F34: 45-02 | G34: 03746-0-004 | H34: peça | I34: 339030.24 | J34: 25.9 | K34: 1000 | L34: =IF(SUM(U34:AL34)>K34+N34,K34+N34,SUM(U34:AL34)) -> 0 | M34: =SUM(U34:AL34) -> 0 | N34: =0+0-0 -> 0 | O34: =ROUND(IF(K34*0.25-0.5<0,0,K34*0.25-0.5),0)-P34-R34 -> 250 | S34: =K34-(SUM(U34:AL34))+N34 -> 1000 | T34: =IF(S34<0,"ATENÇÃO","OK") -> OK
A35: 13 | B35: DELDUQUE COMERCIO E SERVIÇOS LTDA ME, CNPJ: 07.082.650/0001-72 | C35: 32 | D35: Divisória acústica com paredes de gesso acartonado, drywall, em estrutura metálica e revestida internamente com fibra de lã de rocha para isolamento acústico, com rodapé e rodateto em perfil de alumínio revestido nas faces com vedante de espuma de PVC autocolante. Faces duplas de chapas ST de 12,5mm, estrutura dupla e montantes a cada 60cm. Espessura total da parede ente 100mm e 180mm (conforme necessidade). Remover a anterior e instalar a nova. Incluir todos os acessórios necessários a sua instalação e pintura. Marca de referência: Placocenter. Instalada. | E35: Knaulf | F35: 45-08 | G35: 03960-8-047 | H35: m² | I35: 339030.24 | J35: 127.5 | K35: 0 | L35: =IF(SUM(U35:AL35)>K35+N35,K35+N35,SUM(U35:AL35)) -> 0 | M35: =SUM(U35:AL35) -> 0 | N35: =0+0-0 -> 0 | O35: =ROUND(IF(K35*0.25-0.5<0,0,K35*0.25-0.5),0)-P35-R35 -> 0 | S35: =K35-(SUM(U35:AL35))+N35 -> 0 | T35: =IF(S35<0,"ATENÇÃO","OK") -> OK
C36: 33 | D36: Divisória acústica com paredes de gesso acartonado, drywall, em estrutura metálica e revestida internamente com fibra de lã de rocha para isolamento acústico, com rodapé e rodateto em perfil de alumínio revestido nas faces com vedante de espuma de PVC autocolante. Faces duplas de chapas ST de 12,5mm, estrutura dupla e montantes a cada 60cm. Espessura total da parede ente 100mm e 180mm (conforme necessidade). Com vidros duplos de 6mm, temperados, com estrutura periférica em alumínio que permita a montagem de persianas em seu interior. Os vidros deverão ser apoiados em batentes de PVC para evitar vibrações. Incluir todos os acessórios necessários a sua instalação e pintura. Marca de referência: Placocenter. Instalada. | E36: Knaulf | F36: 45-08 | G36: 03960-8-047 | H36: m² | I36: 339030.24 | J36: 131 | K36: 0 | L36: =IF(SUM(U36:AL36)>K36+N36,K36+N36,SUM(U36:AL36)) -> 0 | M36: =SUM(U36:AL36) -> 0 | N36: =0+0-0 -> 0 | O36: =ROUND(IF(K36*0.25-0.5<0,0,K36*0.25-0.5),0)-P36-R36 -> 0 | S36: =K36-(SUM(U36:AL36))+N36 -> 0 | T36: =IF(S36<0,"ATENÇÃO","OK") -> OK
C37: 34 | D37: Porta acústica em madeira 0,90 x 2,10, espessura 80mm com visor em vidro duplo de 25 x25 cm. Para parede drywall, instalada. | E37: JB | F37: 45-08 | G37: 00319-0-024 | H37: Peça | I37: 339030.24 | J37: 3800 | K37: 0 | L37: =IF(SUM(U37:AL37)>K37+N37,K37+N37,SUM(U37:AL37)) -> 0 | M37: =SUM(U37:AL37) -> 0 | N37: =0+0-0 -> 0 | O37: =ROUND(IF(K37*0.25-0.5<0,0,K37*0.25-0.5),0)-P37-R37 -> 0 | S37: =K37-(SUM(U37:AL37))+N37 -> 0 | T37: =IF(S37<0,"ATENÇÃO","OK") -> OK
C38: 35 | D38: Porta de madeira angelim tipo pedra, semi-oca, lisa, para ser instalada em divisória acústica drywall e alvenaria. Porta com revestimento interno em lã de rocha. Tamanho 90cm X 2,10m, espessura da porta de no mínimo 3,5cm. Inclui forra, maçaneta, duas chaves e todos os acessórios necessários para a sua instalação. Cor natural, pronta para pintura. Instalada. | E38: JB | F38: 45-08 | G38: 00319-0-024 | H38: peça | I38: 339030.24 | J38: 650 | K38: 0 | L38: =IF(SUM(U38:AL38)>K38+N38,K38+N38,SUM(U38:AL38)) -> 0 | M38: =SUM(U38:AL38) -> 0 | N38: =0+0-0 -> 0 | O38: =ROUND(IF(K38*0.25-0.5<0,0,K38*0.25-0.5),0)-P38-R38 -> 0 | S38: =K38-(SUM(U38:AL38))+N38 -> 0 | T38: =IF(S38<0,"ATENÇÃO","OK") -> OK
